Workbook
Name Arial: #REF!
Name Arial: #REF!
Name ARM01_02: #REF!
Name ARM01_02: #REF!
Name ARM1_COMP: #REF!
Name ARM1_COMP: #REF!
Name ARM2_COMP: #REF!
Name ARM2_COMP: #REF!
Name bdi: #REF!
Name bdi: #REF!
Name capt01: #REF!
Name capt01: #REF!
Name carros: #REF!
Name carros: #REF!
Name catmat: #REF!
Name catmat: #REF!
Name cob01_: #REF!
Name cob01_: #REF!
Name cob02_: #REF!
Name cob02_: #REF!
Name COB03_: #REF!
Name COB03_: #REF!
Name COB04_: #REF!
Name COB04_: #REF!
Name COB05_: #REF!
Name COB05_: #REF!
Name COB06_: #REF!
Name COB06_: #REF!
Name COB07_: #REF!
Name COB07_: #REF!
Name COB08_: #REF!
Name COB08_: #REF!
Name COB09_: #REF!
Name COB09_: #REF!
Name COB09_C: #REF!
Name COB09_C: #REF!
Name CPT01_: #REF!
Name CPT01_: #REF!
Name CPT01_COMP: #REF!
Name CPT01_COMP: #REF!
Name CT01_: #REF!
Name CT01_: #REF!
Name ct01__: #REF!
Name ct01__: #REF!
Name CT01_COMP: #REF!
Name CT01_COMP: #REF!
Name CT02_: #REF!
Name CT02_: #REF!
Name CT02__: #REF!
Name CT02__: #REF!
Name CT02_COMP: #REF!
Name CT02_COMP: #REF!
Name custodireto: #REF!
Name custodireto: #REF!
Name custototal: #REF!
Name custototal: #REF!
Name discriminacao: #REF!
Name discriminacao: #REF!
Name DIV01_: #REF!
Name DIV01_: #REF!

Sheet Resumo Ofício
A2: ESTIMATIVA DESONERADA - PROCESSO 00200.024206/2025-35
A4: subitem | B4: Categoria profissional | C4: Qtde | D4: Estimativa Unitária | E4: Preço mensal | F4: Preço 12 meses
A5: ='subitem 1'!$A$1 -> 1.1 | B5: ='subitem 1'!$B$2 -> Almoxarife | C5: =VLOOKUP($A5,Bdados!$A:$C,3,0) -> 5 | D5: =ROUND('subitem 1'!$D$93,2) -> 9272.66 | E5: =ROUND(D5*C5,2) -> 46363.3 | F5: =ROUND(E5*12,2) -> 556359.6
A6: ='subitem 2'!$A$1 -> 1.2 | B6: ='subitem 2'!$B$2 -> Auxiliar de Impressão Offset | C6: =VLOOKUP($A6,Bdados!$A:$C,3,0) -> 6 | D6: =ROUND('subitem 2'!$D$93,2) -> 8150.86 | E6: =ROUND(D6*C6,2) -> 48905.16 | F6: =ROUND(E6*12,2) -> 586861.92
A7: ='subitem 3'!$A$1 -> 1.3 | B7: ='subitem 3'!$B$2 -> Auxiliar Gráfico | C7: =VLOOKUP($A7,Bdados!$A:$C,3,0) -> 26 | D7: =ROUND('subitem 3'!$D$93,2) -> 8150.86 | E7: =ROUND(D7*C7,2) -> 211922.36 | F7: =ROUND(E7*12,2) -> 2543068.3
A8: ='subitem 4'!$A$1 -> 1.4 | B8: ='subitem 4'!$B$2 -> Auxiliar Logístico | C8: =VLOOKUP($A8,Bdados!$A:$C,3,0) -> 10 | D8: =ROUND('subitem 4'!$D$93,2) -> 8296.98 | E8: =ROUND(D8*C8,2) -> 82969.8 | F8: =ROUND(E8*12,2) -> 995637.6
A9: ='subitem 5'!$A$1 -> 1.5 | B9: ='subitem 5'!$B$2 -> Encarregado | C9: =VLOOKUP($A9,Bdados!$A:$C,3,0) -> 2 | D9: =ROUND('subitem 5'!$D$93,2) -> 13946.18 | E9: =ROUND(D9*C9,2) -> 27892.36 | F9: =ROUND(E9*12,2) -> 334708.32
A10: ='subitem 6'!$A$1 -> 1.6 | B10: ='subitem 6'!$B$2 -> Especialista - Acabamento | C10: =VLOOKUP($A10,Bdados!$A:$C,3,0) -> 1 | D10: =ROUND('subitem 6'!$D$93,2) -> 15551.99 | E10: =ROUND(D10*C10,2) -> 15551.99 | F10: =ROUND(E10*12,2) -> 186623.88
A11: ='subitem 7'!$A$1 -> 1.7 | B11: ='subitem 7'!$B$2 -> Especialista - Impressão Digital | C11: =VLOOKUP($A11,Bdados!$A:$C,3,0) -> 1 | D11: =ROUND('subitem 7'!$D$93,2) -> 14920.33 | E11: =ROUND(D11*C11,2) -> 14920.33 | F11: =ROUND(E11*12,2) -> 179043.96
A12: ='subitem 8'!$A$1 -> 1.8 | B12: ='subitem 8'!$B$2 -> Especialista - Impressão Offset | C12: =VLOOKUP($A12,Bdados!$A:$C,3,0) -> 1 | D12: =ROUND('subitem 8'!$D$93,2) -> 15551.99 | E12: =ROUND(D12*C12,2) -> 15551.99 | F12: =ROUND(E12*12,2) -> 186623.88
A13: ='subitem 9'!$A$1 -> 1.9 | B13: ='subitem 9'!$B$2 -> Especialista em Editorial Técnico Científico | C13: =VLOOKUP($A13,Bdados!$A:$C,3,0) -> 1 | D13: =ROUND('subitem 9'!$D$93,2) -> 14920.33 | E13: =ROUND(D13*C13,2) -> 14920.33 | F13: =ROUND(E13*12,2) -> 179043.96
A14: ='subitem 10'!$A$1 -> 1.10 | B14: ='subitem 10'!$B$2 -> Especialista em Programação Visual Gráfica | C14: =VLOOKUP($A14,Bdados!$A:$C,3,0) -> 4 | D14: =ROUND('subitem 10'!$D$93,2) -> 14920.33 | E14: =ROUND(D14*C14,2) -> 59681.32 | F14: =ROUND(E14*12,2) -> 716175.84
A15: ='subitem 11'!$A$1 -> 1.11 | B15: ='subitem 11'!$B$2 -> Estoquista | C15: =VLOOKUP($A15,Bdados!$A:$C,3,0) -> 6 | D15: =ROUND('subitem 11'!$D$93,2) -> 8296.98 | E15: =ROUND(D15*C15,2) -> 49781.88 | F15: =ROUND(E15*12,2) -> 597382.56
A16: ='subitem 12'!$A$1 -> 1.12 | B16: ='subitem 12'!$B$2 -> Ilustrador | C16: =VLOOKUP($A16,Bdados!$A:$C,3,0) -> 2 | D16: =ROUND('subitem 12'!$D$93,2) -> 10385.77 | E16: =ROUND(D16*C16,2) -> 20771.54 | F16: =ROUND(E16*12,2) -> 249258.48
A17: ='subitem 13'!$A$1 -> 1.13 | B17: ='subitem 13'!$B$2 -> Impressor Offset em máquinas monocolores e bicolores | C17: =VLOOKUP($A17,Bdados!$A:$C,3,0) -> 5 | D17: =ROUND('subitem 13'!$D$93,2) -> 10373.18 | E17: =ROUND(D17*C17,2) -> 51865.9 | F17: =ROUND(E17*12,2) -> 622390.8
A18: ='subitem 14'!$A$1 -> 1.14 | B18: ='subitem 14'!$B$2 -> Impressor Offset em máquinas Policrômicas com reversão | C18: =VLOOKUP($A18,Bdados!$A:$C,3,0) -> 5 | D18: =ROUND('subitem 14'!$D$93,2) -> 14665.09 | E18: =ROUND(D18*C18,2) -> 73325.45 | F18: =ROUND(E18*12,2) -> 879905.4
A19: ='subitem 15'!$A$1 -> 1.15 | B19: ='subitem 15'!$B$2 -> Impressor Offset em máquinas Policrômicas sem reversão | C19: =VLOOKUP($A19,Bdados!$A:$C,3,0) -> 4 | D19: =ROUND('subitem 15'!$D$93,2) -> 12797.4 | E19: =ROUND(D19*C19,2) -> 51189.6 | F19: =ROUND(E19*12,2) -> 614275.2
A20: ='subitem 16'!$A$1 -> 1.16 | B20: ='subitem 16'!$B$2 -> Mecânico de Máquinas Gráficas | C20: =VLOOKUP($A20,Bdados!$A:$C,3,0) -> 6 | D20: =ROUND('subitem 16'!$D$93,2) -> 15518.52 | E20: =ROUND(D20*C20,2) -> 93111.12 | F20: =ROUND(E20*12,2) -> 1117333.4
A21: ='subitem 17'!$A$1 -> 1.17 | B21: ='subitem 17'!$B$2 -> Operador de Acabamento | C21: =VLOOKUP($A21,Bdados!$A:$C,3,0) -> 38 | D21: =ROUND('subitem 17'!$D$93,2) -> 10932.64 | E21: =ROUND(D21*C21,2) -> 415440.32 | F21: =ROUND(E21*12,2) -> 4985283.8
A22: ='subitem 18'!$A$1 -> 1.18 | B22: ='subitem 18'!$B$2 -> Operador de Pré-Impressão | C22: =VLOOKUP($A22,Bdados!$A:$C,3,0) -> 7 | D22: =ROUND('subitem 18'!$D$93,2) -> 10488.92 | E22: =ROUND(D22*C22,2) -> 73422.44 | F22: =ROUND(E22*12,2) -> 881069.28
A23: ='subitem 19'!$A$1 -> 1.19 | B23: ='subitem 19'!$B$2 -> Oçamentista Gráfico | C23: =VLOOKUP($A23,Bdados!$A:$C,3,0) -> 8 | D23: =ROUND('subitem 19'!$D$93,2) -> 10488.92 | E23: =ROUND(D23*C23,2) -> 83911.36 | F23: =ROUND(E23*12,2) -> 1006936.3
A24: ='subitem 20'!$A$1 -> 1.20 | B24: ='subitem 20'!$B$2 -> Preparador de Texto | C24: =VLOOKUP($A24,Bdados!$A:$C,3,0) -> 5 | D24: =ROUND('subitem 20'!$D$93,2) -> 12167.24 | E24: =ROUND(D24*C24,2) -> 60836.2 | F24: =ROUND(E24*12,2) -> 730034.4
A25: ='subitem 21'!$A$1 -> 1.21 | B25: ='subitem 21'!$B$2 -> Programador Industrial | C25: =VLOOKUP($A25,Bdados!$A:$C,3,0) -> 12 | D25: =ROUND('subitem 21'!$D$93,2) -> 10302.47 | E25: =ROUND(D25*C25,2) -> 123629.64 | F25: =ROUND(E25*12,2) -> 1483555.7
A26: ='subitem 22'!$A$1 -> 1.22 | B26: ='subitem 22'!$B$2 -> Técnico em Programação Visual Gráfica | C26: =VLOOKUP($A26,Bdados!$A:$C,3,0) -> 13 | D26: =ROUND('subitem 22'!$D$93,2) -> 12167.24 | E26: =ROUND(D26*C26,2) -> 158174.12 | F26: =ROUND(E26*12,2) -> 1898089.4
A27: ='subitem 23'!$A$1 -> 1.23 | B27: ='subitem 23'!$B$2 -> Vendedor Gráfico | C27: =VLOOKUP($A27,Bdados!$A:$C,3,0) -> 4 | D27: =ROUND('subitem 23'!$D$93,2) -> 9743.02 | E27: =ROUND(D27*C27,2) -> 38972.08 | F27: =ROUND(E27*12,2) -> 467664.96
A28: 1 | B28: Equipe de dedicação exclusiva | C28: =SUM(C5:C27) -> 172 | E28: =SUM(E5:E27) -> 1833110.6 | F28: =SUM(F5:F27) -> 21997327
A29: TOTAL GLOBAL | E29: =SUM(E28:E28) -> 1833110.6 | F29: =SUM(F28:F28) -> 21997327

Sheet Bdados
H1: SM | M1: VA para todos os itens | N1: 48.17
H2: 1621
G3: Adicionais | M3: 15 | O3: EPIS | P3: UNIFORME
A4: item | B4: Descrição | C4: Quantitativo | D4: CCT | E4: Jornada de trabalho | F4: Salário | G4: Periculosidade (30% SB) | H4: Insalubridade(20% SM) | I4: Noturno (20%) | J4: Intrajornada | K4: Subst Férias | L4: Dias úteis | M4: VT | N4: VA | O4: 0 | P4: 0
A5: 1.1 | B5: Almoxarife | C5: 5 | D5: CCT DF000647_2024 SINDIGRAF/DF X STIG 2024.2025 (vigente até 1º/08/2025) | E5: 40 horas semanais | F5: 3000 | G5: =ROUND(30%*F5,2) -> 900 | K5: 0 | L5: 22 | M5: =IF($L5*M$3-6%*F5<0,0,$L5*15-6%*F5) -> 150 | N5: =ROUND(L5*N$1,2) -> 1059.74 | O5: =$O$4/30/$C$26 -> 0 | P5: 25.23
A6: 1.2 | B6: Auxiliar de Impressão Offset | C6: 6 | D6: CCT DF000647_2024 SINDIGRAF/DF X STIG 2024.2025 (vigente até 1º/08/2025) | E6: 40 horas semanais | F6: 3000 | H6: =$H$2*0.2 -> 324.2 | K6: 0 | L6: 22 | M6: =IF($L6*M$3-6%*F6<0,0,$L6*15-6%*F6) -> 150 | N6: =ROUND(L6*N$1,2) -> 1059.74
A7: 1.3 | B7: Auxiliar Gráfico | C7: 26 | D7: CCT DF000647_2024 SINDIGRAF/DF X STIG 2024.2025 (vigente até 1º/08/2025) | E7: 40 horas semanais | F7: 3000 | H7: =$H$2*0.2 -> 324.2 | K7: 0 | L7: 22 | M7: =IF($L7*M$3-6%*F7<0,0,$L7*15-6%*F7) -> 150 | N7: =ROUND(L7*N$1,2) -> 1059.74
A8: 1.4 | B8: Auxiliar Logístico | C8: 10 | D8: CCT DF000647_2024 SINDIGRAF/DF X STIG 2024.2025 (vigente até 1º/08/2025) | E8: 40 horas semanais | F8: 3300 | K8: 0 | L8: 22 | M8: =IF($L8*M$3-1%*F8<0,0,$L8*15-1%*F8) -> 297 | N8: =ROUND(L8*N$1,2) -> 1059.74
A9: 1.5 | B9: Encarregado | C9: 2 | D9: CCT DF000647_2024 SINDIGRAF/DF X STIG 2024.2025 (vigente até 1º/08/2025) | E9: 40 horas semanais | F9: 6400 | K9: 0 | L9: 22 | M9: =IF($L9*M$3-6%*F9<0,0,$L9*15-6%*F9) -> 0 | N9: =ROUND(L9*N$1,2) -> 1059.74
A10: 1.6 | B10: Especialista - Acabamento | C10: 1 | D10: CCT DF000647_2024 SINDIGRAF/DF X STIG 2024.2025 (vigente até 1º/08/2025) | E10: 40 horas semanais | F10: 6900 | H10: =$H$2*0.2 -> 324.2 | K10: 0 | L10: 22 | M10: =IF($L10*M$3-6%*F10<0,0,$L10*15-6%*F10) -> 0 | N10: =ROUND(L10*N$1,2) -> 1059.74
A11: 1.7 | B11: Especialista - Impressão Digital | C11: 1 | D11: CCT DF000647_2024 SINDIGRAF/DF X STIG 2024.2025 (vigente até 1º/08/2025) | E11: 40 horas semanais | F11: 6900 | K11: 0 | L11: 22 | M11: =IF($L11*M$3-6%*F11<0,0,$L11*15-6%*F11) -> 0 | N11: =ROUND(L11*N$1,2) -> 1059.74
A12: 1.8 | B12: Especialista - Impressão Offset | C12: 1 | D12: CCT DF000647_2024 SINDIGRAF/DF X STIG 2024.2025 (vigente até 1º/08/2025) | E12: 40 horas semanais | F12: 6900 | H12: =$H$2*0.2 -> 324.2 | K12: 0 | L12: 22 | M12: =IF($L12*M$3-6%*F12<0,0,$L12*15-6%*F12) -> 0 | N12: =ROUND($L12*$N$1,2) -> 1059.74
A13: 1.9 | B13: Especialista em Editorial Técnico Científico | C13: 1 | D13: CCT DF000647_2024 SINDIGRAF/DF X STIG 2024.2025 (vigente até 1º/08/2025) | E13: 40 horas semanais | F13: 6900 | K13: 0 | L13: 22 | M13: =IF($L13*M$3-6%*F13<0,0,$L13*15-6%*F13) -> 0 | N13: =ROUND($L13*$N$1,2) -> 1059.74
A14: 1.10 | B14: Especialista em Programação Visual Gráfica | C14: 4 | D14: CCT DF000647_2024 SINDIGRAF/DF X STIG 2024.2025 (vigente até 1º/08/2025) | E14: 40 horas semanais | F14: 6900 | K14: 0 | L14: 22 | M14: =IF($L14*M$3-6%*F14<0,0,$L14*15-6%*F14) -> 0 | N14: =ROUND($L14*$N$1,2) -> 1059.74
A15: 1.11 | B15: Estoquista | C15: 6 | D15: CCT DF000647_2024 SINDIGRAF/DF X STIG 2024.2025 (vigente até 1º/08/2025) | E15: 40 horas semanais | F15: 3300 | K15: 0 | L15: 22 | M15: =IF($L15*M$3-1%*F15<0,0,$L15*15-1%*F15) -> 297 | N15: =ROUND($L15*$N$1,2) -> 1059.74
A16: 1.12 | B16: Ilustrador | C16: 2 | D16: CCT DF000647_2024 SINDIGRAF/DF X STIG 2024.2025 (vigente até 1º/08/2025) | E16: 40 horas semanais | F16: 4500 | K16: 0 | L16: 22 | M16: =IF($L16*M$3-6%*F16<0,0,$L16*15-6%*F16) -> 60 | N16: =ROUND($L16*$N$1,2) -> 1059.74
A17: 1.13 | B17: Impressor Offset em máquinas monocolores e bicolores | C17: 5 | D17: CCT DF000647_2024 SINDIGRAF/DF X STIG 2024.2025 (vigente até 1º/08/2025) | E17: 40 horas semanais | F17: 4200 | H17: =$H$2*0.2 -> 324.2 | K17: 0 | L17: 22 | M17: =IF($L17*M$3-6%*F17<0,0,$L17*15-6%*F17) -> 78 | N17: =ROUND($L17*$N$1,2) -> 1059.74
A18: 1.14 | B18: Impressor Offset em máquinas Policrômicas com reversão | C18: 5 | D18: CCT DF000647_2024 SINDIGRAF/DF X STIG 2024.2025 (vigente até 1º/08/2025) | E18: 40 horas semanais | F18: 6400 | H18: =$H$2*0.2 -> 324.2 | K18: 0 | L18: 22 | M18: =IF($L18*M$3-6%*F18<0,0,$L18*15-6%*F18) -> 0 | N18: =ROUND($L18*$N$1,2) -> 1059.74
A19: 1.15 | B19: Impressor Offset em máquinas Policrômicas sem reversão | C19: 4 | D19: CCT DF000647_2024 SINDIGRAF/DF X STIG 2024.2025 (vigente até 1º/08/2025) | E19: 40 horas semanais | F19: 5500 | H19: =$H$2*0.2 -> 324.2 | K19: 0 | L19: 22 | M19: =IF($L19*M$3-6%*F19<0,0,$L19*15-6%*F19) -> 0 | N19: =ROUND($L19*$N$1,2) -> 1059.74
A20: 1.16 | B20: Mecânico de Máquinas Gráficas | C20: 6 | D20: CCT DF000647_2024 SINDIGRAF/DF X STIG 2024.2025 (vigente até 1º/08/2025) | E20: 40 horas semanais | F20: 6900 | H20: =$H$2*0.2 -> 324.2 | K20: 0 | L20: 22 | M20: =IF($L20*M$3-6%*F20<0,0,$L20*15-6%*F20) -> 0 | N20: =ROUND($L20*$N$1,2) -> 1059.74
A21: 1.17 | B21: Operador de Acabamento | C21: 38 | D21: CCT DF000647_2024 SINDIGRAF/DF X STIG 2024.2025 (vigente até 1º/08/2025) | E21: 40 horas semanais | F21: 4500 | H21: =$H$2*0.2 -> 324.2 | K21: 0 | L21: 22 | M21: =IF($L21*M$3-6%*F21<0,0,$L21*15-6%*F21) -> 60 | N21: =ROUND($L21*$N$1,2) -> 1059.74
A22: 1.18 | B22: Operador de Pré-Impressão | C22: 7 | D22: CCT DF000647_2024 SINDIGRAF/DF X STIG 2024.2025 (vigente até 1º/08/2025) | E22: 40 horas semanais | F22: 4600 | K22: 0 | L22: 22 | M22: =IF($L22*M$3-6%*F22<0,0,$L22*15-6%*F22) -> 54 | N22: =ROUND($L22*$N$1,2) -> 1059.74
A23: 1.19 | B23: Oçamentista Gráfico | C23: 8 | D23: CCT DF000647_2024 SINDIGRAF/DF X STIG 2024.2025 (vigente até 1º/08/2025) | E23: 40 horas semanais | F23: 4600 | K23: 0 | L23: 22 | M23: =IF($L23*M$3-6%*F23<0,0,$L23*15-6%*F23) -> 54 | N23: =ROUND($L23*$N$1,2) -> 1059.74
A24: 1.20 | B24: Preparador de Texto | C24: 5 | D24: CCT DF000647_2024 SINDIGRAF/DF X STIG 2024.2025 (vigente até 1º/08/2025) | E24: 40 horas semanais | F24: 5500 | K24: 0 | L24: 22 | M24: =IF($L24*M$3-6%*F24<0,0,$L24*15-6%*F24) -> 0 | N24: =ROUND($L24*$N$1,2) -> 1059.74
A25: 1.21 | B25: Programador Industrial | C25: 12 | D25: CCT DF000647_2024 SINDIGRAF/DF X STIG 2024.2025 (vigente até 1º/08/2025) | E25: 40 horas semanais | F25: 4500 | K25: 0 | L25: 22 | M25: =IF($L25*M$3-6%*F25<0,0,$L25*15-6%*F25) -> 60 | N25: =ROUND($L25*$N$1,2) -> 1059.74
A26: 1.22 | B26: Técnico em Programação Visual Gráfica | C26: 13 | D26: CCT DF000647_2024 SINDIGRAF/DF X STIG 2024.2025 (vigente até 1º/08/2025) | E26: 40 horas semanais | F26: 5500 | K26: 0 | L26: 22 | M26: =IF($L26*M$3-6%*F26<0,0,$L26*15-6%*F26) -> 0 | N26: =ROUND($L26*$N$1,2) -> 1059.74
A27: 1.23 | B27: Vendedor Gráfico | C27: 4 | D27: CCT DF000647_2024 SINDIGRAF/DF X STIG 2024.2025 (vigente até 1º/08/2025) | E27: 40 horas semanais | F27: 4200 | K27: 0 | L27: 22 | M27: =IF($L27*M$3-6%*F27<0,0,$L27*15-6%*F27) -> 78 | N27: =ROUND($L27*$N$1,2) -> 1059.74
B29: TOTAL | C29: =SUM(C5:C28) -> 172

Sheet subitem 1
A1: 1.1 | B1: PLANILHA DE ESTIMATIVA DE CUSTOS - LUCRO REAL CONFORME IN nº 02/2008, atualizada até a IN nº 05/2017
A2: CATEGORIA | B2: =VLOOKUP($A$1,Bdados!$A:$N,2,0) -> Almoxarife
A3: Jornada de Trabalho | B3: =VLOOKUP($A$1,Bdados!$A:$N,5,0) -> 40 horas semanais
A4: CCT | B4: =VLOOKUP($A$1,Bdados!$A:$N,4,0) -> CCT DF000647_2024 SINDIGRAF/DF X STIG 2024.2025 (vigente até 1º/08/2025) | C4: DATA BASE
D5: PISO
A6: MÓDULO 1 - COMPOSIÇÃO DA REMUNERAÇÃO: | C6: Percentuais | D6: VALOR PROPOSTA
B7: Salário Base | D7: =VLOOKUP($A$1,Bdados!$A:$N,6,0) -> 3000
B8: ="Adicional de Periculosidade" & IF(D8>0," 30% sobre o salário base","") -> Adicional de Periculosidade 30% sobre o salário base | D8: =VLOOKUP($A$1,Bdados!$A:$N,7,0) -> 900
B9: ="Adicional Insalubridade SM" & IF(D9>0," 20% sobre o salário mínimo","") -> Adicional Insalubridade SM | D9: =VLOOKUP($A$1,Bdados!$A:$N,8,0) -> 0
B10: ="Adicional Noturno" & IF(D10>0," 20 % sobre as horas noturnas ","") -> Adicional Noturno | D10: =VLOOKUP($A$1,Bdados!$A:$N,9,0) -> 0
B11: Adicional de HE
B12: Hora Noturna Adicional
B13: Intervalo Intrajornada | D13: =VLOOKUP($A$1,Bdados!$A:$N,10,0) -> 0
B14: Outros Dif horas extras
B15: TOTAL DA REMUNERAÇÃO | D15: =ROUND(SUM(D7:D14),2) -> 3900
A16: MÓDULO 2 - BENEFÍCIOS MENSAIS E DIÁRIOS
B17: Auxilio Transporte (R$ 15,00 por dia trabalhado - 6% SB) | D17: =VLOOKUP($A$1,Bdados!$A:$N,13,0) -> 150
B18: Auxilio Alimentação (R$ 48,17 por dia trabalhado) | D18: =VLOOKUP($A$1,Bdados!$A:$N,14,0) -> 1059.74
B19: Contibuição Assistencial
B20: Auxílio Creche (10% de 20% do salário normativo) | D20: =ROUND((1667.51*20%)*10%,2) -> 33.35
B21: Auxílio Funeral (Cotação do atual contrato) | D21: 5
B22: Seguro de vida
B24: TOTAL DOS BENEFÍCIOS MENSAIS E DIÁRIOS | D24: =ROUND(SUM(D17:D23),2) -> 1248.09
A25: MÓDULO 3- INSUMOS DIVERSOS
B26: Insumos Diversos
B27: Uniformes | D27: =Bdados!P5 -> 25.23
B28: EPI's | D28: =Bdados!O5 -> 0
B31: TOTAL DE INSUMOS DIVERSOS: | D31: =SUM(D27:D30) -> 25.23
A32: MÓDULO 4 - ENCARGOS SOCIAIS E TRABALHISTAS
A33: 4.1.PREVIDENCIARIO E FGTS | C33: Percentuais | D33: VALORES
B34: INSS (art. 22, inciso I, Lei nº 8.212/91) | C34: 0.1 | D34: =ROUND(C34*(D$15-D$13),7) -> 390
B35: SESI ou SESC (art. 30, Lei nº 8.036/90 e art. 1º, Lei 8.154/90) | C35: 0.015 | D35: =ROUND(C35*(D$15-D$13),7) -> 58.5
B36: SENAI ou SENAC (Decreto nº 2.318/86) | C36: 0.01 | D36: =ROUND(C36*(D$15-D$13),7) -> 39
B37: INCRA (art. 1º, I, Decreto Lei 1.146/70 e Lei 7.787, de 30/06/89) | C37: 0.002 | D37: =ROUND(C37*(D$15-D$13),7) -> 7.8
B38: Salário Educação (art. 3º, inciso I, Decreto nº 87.043/82) | C38: 0.025 | D38: =ROUND(C38*(D$15-D$13),2) -> 97.5
B39: FGTS (Lei Complementar nº 110/01 e art. 30, Lei nº 8.036/90) | C39: 0.08 | D39: =ROUND(C39*(D$15-D$13),2) -> 312
B40: Risco de Acidente do Trabalho/RAT/INSS (inciso II,B, Lei 8.212/91 e Anexo V, Decreto 6.042/08) (1) | C40: 0.03 | D40: =ROUND(C40*(D$15-D$13),2) -> 117
B41: SEBRAE (§ 3º, art. 8º, Lei 8.029/90, alterada pela Lei nº 8.154/90) | C41: 0.006 | D41: =ROUND(C41*(D$15-D$13),2) -> 23.4
B42: TOTAL : | C42: =SUM(C34:C41) -> 0.268 | D42: =ROUND(SUM(D34:D41),2) -> 1045.2
A43: 4.2 13º SALÁRIO | C43: Percentuais | D43: VALORES
B44: 13º Salário | C44: =ROUND(1/12,7) -> 0.0833333 | D44: =ROUND(C44*(D$15-D$13),2) -> 325
B45: Incidência do 4.1. sobre o 13º salário | C45: =ROUND(($C$42-C34)*C$44,7) -> 0.014 | D45: =ROUND(C45*(D$15-D$13),2) -> 54.6 | F45: PARÂMETROS
B47: TOTAL : | C47: =SUM(C44:C46) -> 0.0973333 | D47: =SUM(D44:D45) -> 379.6
A48: 4.3. AFASTAMENTO MATERNIDADE | C48: Percentuais | D48: VALORES
B49: Afastamento maternidade | C49: =ROUND((((1+1/3)*(G49/12)/12)*G50),7) -> 0.0003704 | D49: =ROUND(C49*(D$15-D$13),2) -> 1.44 | F49: Número de Meses de Afastamento Maternidade | G49: 4
B50: Incidência do 4.1. sobre afastamento maternidade | C50: =ROUND(C42*C49,7) -> 9.93e-05 | D50: =ROUND(C50*(D$15-D$13),2) -> 0.39 | F50: Incidência anual de ocorrência de Afastamento Maternidade | G50: 0.01
B51: TOTAL : | C51: =SUM(C49:C50) -> 0.0004697 | D51: =SUM(D49:D50) -> 1.83
A52: 4.4. PROVISÃO P\ RESCISÃO | C52: Percentuais | D52: VALORES
B53: Aviso Prévio Indenizado ( art. 7º, XXI, CF e 477, 487 e 491, CLT) (2) | C53: =ROUND(((1/12)*G53),7) -> 0.0083333 | D53: =ROUND(C53*(D$15-D$13),2) -> 32.5 | F53: % dispensa com aviso prévio indenizado | G53: 0.1
B54: Incidência de FGTS sobre o aviso prévio indenizado | C54: =ROUND(C$39*C$53,7) -> 0.0006667 | D54: =ROUND(C54*(D$15-D$13),2) -> 2.6 | F54: % dispensa com aviso prévio trabalhado | G54: 0.9
B55: Aviso Prévio Trabalhado (art. 7º, inciso XXI, CF e 477, 487 e 491, CLT) | C55: =ROUND((7/30/12*(G54)),7) -> 0.0175 | D55: =ROUND(C55*(D$15-D$13),2) -> 68.25 | F55: TOTAL | G55: =SUM(G53:G54) -> 1
B56: Incidência do 4.1. sobre o Aviso Prévio Trabalhado | C56: =ROUND(C$55*C$42,7) -> 0.00469 | D56: =ROUND(C56*(D$15-D$13),2) -> 18.29
B57: Multa do FGTS sobre os Avisos Prévios Indenizado e Trabalhado | C57: =ROUND((((1+(1/12)+(1/12)+(1/3*1/12))*0.4)*0.08)*1,7) -> 0.0382222 | D57: =ROUND(C57*(D$15-D$13),2) -> 149.07
B58: TOTAL : | C58: =SUM(C53:C57) -> 0.0694122 | D58: =SUM(D53:D57) -> 270.71
A59: 4.5. CUSTO DE REPOSIÇÃO DO PROFISSIONAL AUSENTE | C59: Percentuais | D59: VALORES
B60: Férias | C60: =VLOOKUP($A$1,Bdados!$A:$N,11,0) -> 0 | D60: =ROUND(C60*(D$15-D$13),2) -> 0
B61: Terço constitucional de férias | C61: =ROUND(1/3*1/12,7) -> 0.0277778 | D61: =ROUND(C61*(D$15-D$13),2) -> 108.33
B62: Auxílio doença | C62: =ROUND($G$62/30/12,7) -> 0.0055556 | D62: =ROUND(C62*(D$15-D$13),2) -> 21.67 | F62: Quantidade média de faltas por doença no ano por posto | G62: 2
B63: Licença paternidade | C63: =ROUND((1/30/12*$G$63)*$G$64,7) -> 0.0001389 | D63: =ROUND(C63*(D$15-D$13),2) -> 0.54 | F63: Quantidade média de dias de licença paternidade | G63: 5
B64: Faltas legais | C64: =ROUND((1/30/12)*$G$65,7) -> 0.0027778 | D64: =ROUND(C64*(D$15-D$13),2) -> 10.83 | F64: Incidência de Ocorrência de licença paternidade | G64: 0.01
B65: Acidente de Trabalho | C65: =ROUND((((1/30)/12)*$G$66)*$G$67,7) -> 0.0004167 | D65: =ROUND(C65*(D$15-D$13),2) -> 1.63 | F65: Quantidade média de ausências legais no ano por posto | G65: 1
B66: Subtotal | C66: =SUM(C60:C65) -> 0.0366668 | D66: =ROUND(C66*(D$15-D$13),2) -> 143 | F66: Quantidade média de dias pagos em acidente de trabalho | G66: 15
B67: Incidência do 4.1. sobre o Custo da Reposição | C67: =ROUND(C66*C42,7) -> 0.0098267 | D67: =ROUND(C42*D$66,2) -> 38.32 | F67: Percentual de Incidência de Acidentes de Trabalho | G67: 0.01
B68: TOTAL : | C68: =C66+C67 -> 0.0464935 | D68: =ROUND(D66+D67,2) -> 181.32
A69: QUADRO RESUMO - MÓDULO 4 (ENCARGOS TRABALHISTAS)
A70: 4 | B70: MÓDULO 4 (ENCARGOS TRABALHISTAS)
A71: 4.1. | B71: PREVIDENCIARIO E FGTS | C71: =C42 -> 0.268 | D71: =D42 -> 1045.2
A72: 4.2. | B72: 13º SALÁRIO | C72: =C47 -> 0.0973333 | D72: =D47 -> 379.6
A73: 4.3. | B73: AFASTAMENTO MATERNIDADE | C73: =C51 -> 0.0004697 | D73: =D51 -> 1.83
A74: 4.4. | B74: PROVISÃO RESCISÃO | C74: =C58 -> 0.0694122 | D74: =D58 -> 270.71
A75: 4.5. | B75: CUSTO DE REPOSIÇÃO DO PROFISSIONAL AUSENTE | C75: =C68 -> 0.0464935 | D75: =D68 -> 181.32
B76: TOTAL : | C76: =SUM(C71:C75) -> 0.4817087 | D76: =SUM(D71:D75) -> 1878.66
B78: TOTAL1 (MÓDULOS: 1+2+3+4) | D78: =ROUND(D15+D24+D31+D76,2) -> 7051.98
A79: MÓDULO 5 - CUSTOS INDIRETOS, TRIBUTOS E LUCRO
A80: 5 | C80: Percentuais | D80: VALORES
A81: A | B81: Taxa de Administração (Custos indiretos) | C81: 0.045 | D81: =ROUND(C81*$D$78,2) -> 317.34
A82: B | B82: LUCRO | C82: 0.045 | D82: =ROUND((D$78+D$81)*C$82,2) -> 331.62
A83: C | B83: TRIBUTOS | C83: =SUM(C84:C89) -> 0.1695 | D83: =SUM(D84:D89) -> 1571.71
A84: C.1 | B84: Tributos Federais (PIS) | C84: 0.0165 | D84: =ROUND(C84*D93,2) -> 153
B85: Tributos Federais (COFINS) | C85: 0.076 | D85: =ROUND(C85*D93,2) -> 704.72
A86: C.2 | B86: Tributos Estaduais
A87: C.3 | B87: Tributos Municipais (ISS) | C87: 0.05 | D87: =ROUND(C87*D93,2) -> 463.63
A88: C.4 | B88: Contribuição Previdenciária sobre a Receita Bruta (CPRB) Lei nº 12.546/2011 e IN RFB 1436/2013 | C88: 0.027 | D88: =ROUND(C88*D93,2) -> 250.36
B90: VALOR TOTAL (MÓDULO 5) | C90: =SUM(C81:C83) -> 0.2595 | D90: =ROUND(SUM(D81:D83),2) -> 2220.67
A92: (categoria profissional) | C92: Quantidade | D92: VALORES
B93: 1 POSTO | C93: 1 | D93: =ROUND(($D$78+$D$81+$D$82)/(1-$C$83),2) -> 9272.66

Sheet subitem 2
A1: 1.2 | B1: PLANILHA DE ESTIMATIVA DE CUSTOS - LUCRO REAL CONFORME IN nº 02/2008, atualizada até a IN nº 05/2017
A2: CATEGORIA | B2: =VLOOKUP($A$1,Bdados!$A:$N,2,0) -> Auxiliar de Impressão Offset
A3: Jornada de Trabalho | B3: =VLOOKUP($A$1,Bdados!$A:$N,5,0) -> 40 horas semanais
A4: CCT | B4: =VLOOKUP($A$1,Bdados!$A:$N,4,0) -> CCT DF000647_2024 SINDIGRAF/DF X STIG 2024.2025 (vigente até 1º/08/2025) | C4: DATA BASE
D5: PISO
A6: MÓDULO 1 - COMPOSIÇÃO DA REMUNERAÇÃO: | C6: Percentuais | D6: VALOR PROPOSTA
B7: Salário Base | D7: =VLOOKUP($A$1,Bdados!$A:$N,6,0) -> 3000
B8: ="Adicional de Periculosidade" & IF(D8>0," 30% sobre o salário base","") -> Adicional de Periculosidade | D8: =VLOOKUP($A$1,Bdados!$A:$N,7,0) -> 0
B9: ="Adicional Insalubridade SM" & IF(D9>0," 20% sobre o salário mínimo","") -> Adicional Insalubridade SM 20% sobre o salário mínimo | D9: =VLOOKUP($A$1,Bdados!$A:$N,8,0) -> 324.2
B10: ="Adicional Noturno" & IF(D10>0," 20 % sobre as horas noturnas ","") -> Adicional Noturno | D10: =VLOOKUP($A$1,Bdados!$A:$N,9,0) -> 0
B11: Adicional de HE
B12: Hora Noturna Adicional
B13: Intervalo Intrajornada | D13: =VLOOKUP($A$1,Bdados!$A:$N,10,0) -> 0
B14: Outros Dif horas extras
B15: TOTAL DA REMUNERAÇÃO | D15: =ROUND(SUM(D7:D14),2) -> 3324.2
A16: MÓDULO 2 - BENEFÍCIOS MENSAIS E DIÁRIOS
B17: Auxilio Transporte (R$ 15,00 por dia trabalhado - 6% SB) | D17: =VLOOKUP($A$1,Bdados!$A:$N,13,0) -> 150
B18: Auxilio Alimentação (R$ 48,17 por dia trabalhado) | D18: =VLOOKUP($A$1,Bdados!$A:$N,14,0) -> 1059.74
B19: Contibuição Assistencial
B20: Auxílio Creche (10% de 20% do salário normativo) | D20: =ROUND((1667.51*20%)*10%,2) -> 33.35
B21: Auxílio Funeral (Cotação do atual contrato) | D21: 5
B22: Seguro de vida
B24: TOTAL DOS BENEFÍCIOS MENSAIS E DIÁRIOS | D24: =ROUND(SUM(D17:D23),2) -> 1248.09
A25: MÓDULO 3- INSUMOS DIVERSOS
B26: Insumos Diversos
B27: Uniformes | D27: =Bdados!P5 -> 25.23
B28: EPI'S | D28: =Bdados!O5 -> 0
B31: TOTAL DE INSUMOS DIVERSOS: | D31: =SUM(D27:D30) -> 25.23
A32: MÓDULO 4 - ENCARGOS SOCIAIS E TRABALHISTAS
A33: 4.1.PREVIDENCIARIO E FGTS | C33: Percentuais | D33: VALORES
B34: INSS (art. 22, inciso I, Lei nº 8.212/91) | C34: 0.1 | D34: =ROUND(C34*(D$15-D$13),7) -> 332.42
B35: SESI ou SESC (art. 30, Lei nº 8.036/90 e art. 1º, Lei 8.154/90) | C35: 0.015 | D35: =ROUND(C35*(D$15-D$13),7) -> 49.863
B36: SENAI ou SENAC (Decreto nº 2.318/86) | C36: 0.01 | D36: =ROUND(C36*(D$15-D$13),7) -> 33.242
B37: INCRA (art. 1º, I, Decreto Lei 1.146/70 e Lei 7.787, de 30/06/89) | C37: 0.002 | D37: =ROUND(C37*(D$15-D$13),7) -> 6.6484
B38: Salário Educação (art. 3º, inciso I, Decreto nº 87.043/82) | C38: 0.025 | D38: =ROUND(C38*(D$15-D$13),2) -> 83.11
B39: FGTS (Lei Complementar nº 110/01 e art. 30, Lei nº 8.036/90) | C39: 0.08 | D39: =ROUND(C39*(D$15-D$13),2) -> 265.94
B40: Risco de Acidente do Trabalho/RAT/INSS (inciso II,B, Lei 8.212/91 e Anexo V, Decreto 6.042/08) (1) | C40: 0.03 | D40: =ROUND(C40*(D$15-D$13),2) -> 99.73
B41: SEBRAE (§ 3º, art. 8º, Lei 8.029/90, alterada pela Lei nº 8.154/90) | C41: 0.006 | D41: =ROUND(C41*(D$15-D$13),2) -> 19.95
B42: TOTAL : | C42: =SUM(C34:C41) -> 0.268 | D42: =ROUND(SUM(D34:D41),2) -> 890.9
A43: 4.2 13º SALÁRIO | C43: Percentuais | D43: VALORES
B44: 13º Salário | C44: =ROUND(1/12,7) -> 0.0833333 | D44: =ROUND(C44*(D$15-D$13),2) -> 277.02
B45: Incidência do 4.1. sobre o 13º salário | C45: =ROUND(($C$42-C34)*C$44,7) -> 0.014 | D45: =ROUND(C45*(D$15-D$13),2) -> 46.54 | F45: PARÂMETROS
B47: TOTAL : | C47: =SUM(C44:C46) -> 0.0973333 | D47: =SUM(D44:D45) -> 323.56
A48: 4.3. AFASTAMENTO MATERNIDADE | C48: Percentuais | D48: VALORES
B49: Afastamento maternidade | C49: =ROUND((((1+1/3)*(G49/12)/12)*G50),7) -> 0.0003704 | D49: =ROUND(C49*(D$15-D$13),2) -> 1.23 | F49: Número de Meses de Afastamento Maternidade | G49: 4
B50: Incidência do 4.1. sobre afastamento maternidade | C50: =ROUND(C42*C49,7) -> 9.93e-05 | D50: =ROUND(C50*(D$15-D$13),2) -> 0.33 | F50: Incidência anual de ocorrência de Afastamento Maternidade | G50: 0.01
B51: TOTAL : | C51: =SUM(C49:C50) -> 0.0004697 | D51: =SUM(D49:D50) -> 1.56
A52: 4.4. PROVISÃO P\ RESCISÃO | C52: Percentuais | D52: VALORES
B53: Aviso Prévio Indenizado ( art. 7º, XXI, CF e 477, 487 e 491, CLT) (2) | C53: =ROUND(((1/12)*G53),7) -> 0.0083333 | D53: =ROUND(C53*(D$15-D$13),2) -> 27.7 | F53: % dispensa com aviso prévio indenizado | G53: 0.1
B54: Incidência de FGTS sobre o aviso prévio indenizado | C54: =ROUND(C$39*C$53,7) -> 0.0006667 | D54: =ROUND(C54*(D$15-D$13),2) -> 2.22 | F54: % dispensa com aviso prévio trabalhado | G54: 0.9
B55: Aviso Prévio Trabalhado (art. 7º, inciso XXI, CF e 477, 487 e 491, CLT) | C55: =ROUND((7/30/12*(G54)),7) -> 0.0175 | D55: =ROUND(C55*(D$15-D$13),2) -> 58.17 | F55: TOTAL | G55: =SUM(G53:G54) -> 1
B56: Incidência do 4.1. sobre o Aviso Prévio Trabalhado | C56: =ROUND(C$55*C$42,7) -> 0.00469 | D56: =ROUND(C56*(D$15-D$13),2) -> 15.59
B57: Multa do FGTS sobre os Avisos Prévios Indenizado e Trabalhado | C57: =ROUND((((1+(1/12)+(1/12)+(1/3*1/12))*0.4)*0.08)*1,7) -> 0.0382222 | D57: =ROUND(C57*(D$15-D$13),2) -> 127.06
B58: TOTAL : | C58: =SUM(C53:C57) -> 0.0694122 | D58: =SUM(D53:D57) -> 230.74
A59: 4.5. CUSTO DE REPOSIÇÃO DO PROFISSIONAL AUSENTE | C59: Percentuais | D59: VALORES
B60: Férias | C60: =VLOOKUP($A$1,Bdados!$A:$N,11,0) -> 0 | D60: =ROUND(C60*(D$15-D$13),2) -> 0
B61: Terço constitucional de férias | C61: =ROUND(1/3*1/12,7) -> 0.0277778 | D61: =ROUND(C61*(D$15-D$13),2) -> 92.34
B62: Auxílio doença | C62: =ROUND($G$62/30/12,7) -> 0.0055556 | D62: =ROUND(C62*(D$15-D$13),2) -> 18.47 | F62: Quantidade média de faltas por doença no ano por posto | G62: 2
B63: Licença paternidade | C63: =ROUND((1/30/12*$G$63)*$G$64,7) -> 0.0001389 | D63: =ROUND(C63*(D$15-D$13),2) -> 0.46 | F63: Quantidade média de dias de licença paternidade | G63: 5
B64: Faltas legais | C64: =ROUND((1/30/12)*$G$65,7) -> 0.0027778 | D64: =ROUND(C64*(D$15-D$13),2) -> 9.23 | F64: Incidência de Ocorrência de licença paternidade | G64: 0.01
B65: Acidente de Trabalho | C65: =ROUND((((1/30)/12)*$G$66)*$G$67,7) -> 0.0004167 | D65: =ROUND(C65*(D$15-D$13),2) -> 1.39 | F65: Quantidade média de ausências legais no ano por posto | G65: 1
B66: Subtotal | C66: =SUM(C60:C65) -> 0.0366668 | D66: =ROUND(C66*(D$15-D$13),2) -> 121.89 | F66: Quantidade média de dias pagos em acidente de trabalho | G66: 15
B67: Incidência do 4.1. sobre o Custo da Reposição | C67: =ROUND(C66*C42,7) -> 0.0098267 | D67: =ROUND(C42*D$66,2) -> 32.67 | F67: Percentual de Incidência de Acidentes de Trabalho | G67: 0.01
B68: TOTAL : | C68: =C66+C67 -> 0.0464935 | D68: =ROUND(D66+D67,2) -> 154.56
A69: QUADRO RESUMO - MÓDULO 4 (ENCARGOS TRABALHISTAS)
A70: 4 | B70: MÓDULO 4 (ENCARGOS TRABALHISTAS)
A71: 4.1. | B71: PREVIDENCIARIO E FGTS | C71: =C42 -> 0.268 | D71: =D42 -> 890.9
A72: 4.2. | B72: 13º SALÁRIO | C72: =C47 -> 0.0973333 | D72: =D47 -> 323.56
A73: 4.3. | B73: AFASTAMENTO MATERNIDADE | C73: =C51 -> 0.0004697 | D73: =D51 -> 1.56
A74: 4.4. | B74: PROVISÃO RESCISÃO | C74: =C58 -> 0.0694122 | D74: =D58 -> 230.74
A75: 4.5. | B75: CUSTO DE REPOSIÇÃO DO PROFISSIONAL AUSENTE | C75: =C68 -> 0.0464935 | D75: =D68 -> 154.56
B76: TOTAL : | C76: =SUM(C71:C75) -> 0.4817087 | D76: =SUM(D71:D75) -> 1601.32
B78: TOTAL1 (MÓDULOS: 1+2+3+4) | D78: =ROUND(D15+D24+D31+D76,2) -> 6198.84
A79: MÓDULO 5 - CUSTOS INDIRETOS, TRIBUTOS E LUCRO
A80: 5 | C80: Percentuais | D80: VALORES
A81: A | B81: Taxa de Administração (Custos indiretos) | C81: 0.045 | D81: =ROUND(C81*$D$78,2) -> 278.95
A82: B | B82: LUCRO | C82: 0.045 | D82: =ROUND((D$78+D$81)*C$82,2) -> 291.5
A83: C | B83: TRIBUTOS | C83: =SUM(C84:C89) -> 0.1695 | D83: =SUM(D84:D89) -> 1381.57
A84: C.1 | B84: Tributos Federais (PIS) | C84: 0.0165 | D84: =ROUND(C84*D93,2) -> 134.49
B85: Tributos Federais (COFINS) | C85: 0.076 | D85: =ROUND(C85*D93,2) -> 619.47
A86: C.2 | B86: Tributos Estaduais
A87: C.3 | B87: Tributos Municipais (ISS) | C87: 0.05 | D87: =ROUND(C87*D93,2) -> 407.54
A88: C.4 | B88: Contribuição Previdenciária sobre a Receita Bruta (CPRB) Lei nº 12.546/2011 e IN RFB 1436/2013 | C88: 0.027 | D88: =ROUND(C88*D93,2) -> 220.07
B90: VALOR TOTAL (MÓDULO 5) | C90: =SUM(C81:C83) -> 0.2595 | D90: =ROUND(SUM(D81:D83),2) -> 1952.02
A92: (categoria profissional) | C92: Quantidade | D92: VALORES
B93: 1 POSTO | C93: 1 | D93: =ROUND(($D$78+$D$81+$D$82)/(1-$C$83),2) -> 8150.86

Sheet subitem 3
A1: 1.3 | B1: PLANILHA DE ESTIMATIVA DE CUSTOS - LUCRO REAL CONFORME IN nº 02/2008, atualizada até a IN nº 05/2017
A2: CATEGORIA | B2: =VLOOKUP($A$1,Bdados!$A:$N,2,0) -> Auxiliar Gráfico
A3: Jornada de Trabalho | B3: =VLOOKUP($A$1,Bdados!$A:$N,5,0) -> 40 horas semanais
A4: CCT | B4: =VLOOKUP($A$1,Bdados!$A:$N,4,0) -> CCT DF000647_2024 SINDIGRAF/DF X STIG 2024.2025 (vigente até 1º/08/2025) | C4: DATA BASE
D5: PISO
A6: MÓDULO 1 - COMPOSIÇÃO DA REMUNERAÇÃO: | C6: Percentuais | D6: VALOR PROPOSTA
B7: Salário Base | D7: =VLOOKUP($A$1,Bdados!$A:$N,6,0) -> 3000
B8: ="Adicional de Periculosidade" & IF(D8>0," 30% sobre o salário base","") -> Adicional de Periculosidade | D8: =VLOOKUP($A$1,Bdados!$A:$N,7,0) -> 0
B9: ="Adicional Insalubridade SM" & IF(D9>0," 20% sobre o salário mínimo","") -> Adicional Insalubridade SM 20% sobre o salário mínimo | D9: =VLOOKUP($A$1,Bdados!$A:$N,8,0) -> 324.2
B10: ="Adicional Noturno" & IF(D10>0," 20 % sobre as horas noturnas ","") -> Adicional Noturno | D10: =VLOOKUP($A$1,Bdados!$A:$N,9,0) -> 0
B11: Adicional de HE
B12: Hora Noturna Adicional
B13: Intervalo Intrajornada | D13: =VLOOKUP($A$1,Bdados!$A:$N,10,0) -> 0
B14: Outros Dif horas extras
B15: TOTAL DA REMUNERAÇÃO | D15: =ROUND(SUM(D7:D14),2) -> 3324.2
A16: MÓDULO 2 - BENEFÍCIOS MENSAIS E DIÁRIOS
B17: Auxilio Transporte (R$ 15,00 por dia trabalhado - 6% SB) | D17: =VLOOKUP($A$1,Bdados!$A:$N,13,0) -> 150
B18: Auxilio Alimentação (R$ 48,17 por dia trabalhado) | D18: =VLOOKUP($A$1,Bdados!$A:$N,14,0) -> 1059.74
B19: Contibuição Assistencial
B20: Auxílio Creche (10% de 20% do salário normativo) | D20: =ROUND((1667.51*20%)*10%,2) -> 33.35
B21: Auxílio Funeral (Cotação do atual contrato) | D21: 5
B22: Seguro de vida
B24: TOTAL DOS BENEFÍCIOS MENSAIS E DIÁRIOS | D24: =ROUND(SUM(D17:D23),2) -> 1248.09
A25: MÓDULO 3- INSUMOS DIVERSOS
B26: Insumos Diversos
B27: Uniformes | D27: =Bdados!P5 -> 25.23
B28: EPI'S | D28: =Bdados!O5 -> 0
B31: TOTAL DE INSUMOS DIVERSOS: | D31: =SUM(D27:D30) -> 25.23
A32: MÓDULO 4 - ENCARGOS SOCIAIS E TRABALHISTAS
A33: 4.1.PREVIDENCIARIO E FGTS | C33: Percentuais | D33: VALORES
B34: INSS (art. 22, inciso I, Lei nº 8.212/91) | C34: 0.1 | D34: =ROUND(C34*(D$15-D$13),7) -> 332.42
B35: SESI ou SESC (art. 30, Lei nº 8.036/90 e art. 1º, Lei 8.154/90) | C35: 0.015 | D35: =ROUND(C35*(D$15-D$13),7) -> 49.863
B36: SENAI ou SENAC (Decreto nº 2.318/86) | C36: 0.01 | D36: =ROUND(C36*(D$15-D$13),7) -> 33.242
B37: INCRA (art. 1º, I, Decreto Lei 1.146/70 e Lei 7.787, de 30/06/89) | C37: 0.002 | D37: =ROUND(C37*(D$15-D$13),7) -> 6.6484
B38: Salário Educação (art. 3º, inciso I, Decreto nº 87.043/82) | C38: 0.025 | D38: =ROUND(C38*(D$15-D$13),2) -> 83.11
B39: FGTS (Lei Complementar nº 110/01 e art. 30, Lei nº 8.036/90) | C39: 0.08 | D39: =ROUND(C39*(D$15-D$13),2) -> 265.94
B40: Risco de Acidente do Trabalho/RAT/INSS (inciso II,B, Lei 8.212/91 e Anexo V, Decreto 6.042/08) (1) | C40: 0.03 | D40: =ROUND(C40*(D$15-D$13),2) -> 99.73
B41: SEBRAE (§ 3º, art. 8º, Lei 8.029/90, alterada pela Lei nº 8.154/90) | C41: 0.006 | D41: =ROUND(C41*(D$15-D$13),2) -> 19.95
B42: TOTAL : | C42: =SUM(C34:C41) -> 0.268 | D42: =ROUND(SUM(D34:D41),2) -> 890.9
A43: 4.2 13º SALÁRIO | C43: Percentuais | D43: VALORES
B44: 13º Salário | C44: =ROUND(1/12,7) -> 0.0833333 | D44: =ROUND(C44*(D$15-D$13),2) -> 277.02
B45: Incidência do 4.1. sobre o 13º salário | C45: =ROUND(($C$42-C34)*C$44,7) -> 0.014 | D45: =ROUND(C45*(D$15-D$13),2) -> 46.54 | F45: PARÂMETROS
B47: TOTAL : | C47: =SUM(C44:C46) -> 0.0973333 | D47: =SUM(D44:D45) -> 323.56
A48: 4.3. AFASTAMENTO MATERNIDADE | C48: Percentuais | D48: VALORES
B49: Afastamento maternidade | C49: =ROUND((((1+1/3)*(G49/12)/12)*G50),7) -> 0.0003704 | D49: =ROUND(C49*(D$15-D$13),2) -> 1.23 | F49: Número de Meses de Afastamento Maternidade | G49: 4
B50: Incidência do 4.1. sobre afastamento maternidade | C50: =ROUND(C42*C49,7) -> 9.93e-05 | D50: =ROUND(C50*(D$15-D$13),2) -> 0.33 | F50: Incidência anual de ocorrência de Afastamento Maternidade | G50: 0.01
B51: TOTAL : | C51: =SUM(C49:C50) -> 0.0004697 | D51: =SUM(D49:D50) -> 1.56
A52: 4.4. PROVISÃO P\ RESCISÃO | C52: Percentuais | D52: VALORES
B53: Aviso Prévio Indenizado ( art. 7º, XXI, CF e 477, 487 e 491, CLT) (2) | C53: =ROUND(((1/12)*G53),7) -> 0.0083333 | D53: =ROUND(C53*(D$15-D$13),2) -> 27.7 | F53: % dispensa com aviso prévio indenizado | G53: 0.1
B54: Incidência de FGTS sobre o aviso prévio indenizado | C54: =ROUND(C$39*C$53,7) -> 0.0006667 | D54: =ROUND(C54*(D$15-D$13),2) -> 2.22 | F54: % dispensa com aviso prévio trabalhado | G54: 0.9
B55: Aviso Prévio Trabalhado (art. 7º, inciso XXI, CF e 477, 487 e 491, CLT) | C55: =ROUND((7/30/12*(G54)),7) -> 0.0175 | D55: =ROUND(C55*(D$15-D$13),2) -> 58.17 | F55: TOTAL | G55: =SUM(G53:G54) -> 1
B56: Incidência do 4.1. sobre o Aviso Prévio Trabalhado | C56: =ROUND(C$55*C$42,7) -> 0.00469 | D56: =ROUND(C56*(D$15-D$13),2) -> 15.59
B57: Multa do FGTS sobre os Avisos Prévios Indenizado e Trabalhado | C57: =ROUND((((1+(1/12)+(1/12)+(1/3*1/12))*0.4)*0.08)*1,7) -> 0.0382222 | D57: =ROUND(C57*(D$15-D$13),2) -> 127.06
B58: TOTAL : | C58: =SUM(C53:C57) -> 0.0694122 | D58: =SUM(D53:D57) -> 230.74
A59: 4.5. CUSTO DE REPOSIÇÃO DO PROFISSIONAL AUSENTE | C59: Percentuais | D59: VALORES
B60: Férias | C60: =VLOOKUP($A$1,Bdados!$A:$N,11,0) -> 0 | D60: =ROUND(C60*(D$15-D$13),2) -> 0
B61: Terço constitucional de férias | C61: =ROUND(1/3*1/12,7) -> 0.0277778 | D61: =ROUND(C61*(D$15-D$13),2) -> 92.34
B62: Auxílio doença | C62: =ROUND($G$62/30/12,7) -> 0.0055556 | D62: =ROUND(C62*(D$15-D$13),2) -> 18.47 | F62: Quantidade média de faltas por doença no ano por posto | G62: 2
B63: Licença paternidade | C63: =ROUND((1/30/12*$G$63)*$G$64,7) -> 0.0001389 | D63: =ROUND(C63*(D$15-D$13),2) -> 0.46 | F63: Quantidade média de dias de licença paternidade | G63: 5
B64: Faltas legais | C64: =ROUND((1/30/12)*$G$65,7) -> 0.0027778 | D64: =ROUND(C64*(D$15-D$13),2) -> 9.23 | F64: Incidência de Ocorrência de licença paternidade | G64: 0.01
B65: Acidente de Trabalho | C65: =ROUND((((1/30)/12)*$G$66)*$G$67,7) -> 0.0004167 | D65: =ROUND(C65*(D$15-D$13),2) -> 1.39 | F65: Quantidade média de ausências legais no ano por posto | G65: 1
B66: Subtotal | C66: =SUM(C60:C65) -> 0.0366668 | D66: =ROUND(C66*(D$15-D$13),2) -> 121.89 | F66: Quantidade média de dias pagos em acidente de trabalho | G66: 15
B67: Incidência do 4.1. sobre o Custo da Reposição | C67: =ROUND(C66*C42,7) -> 0.0098267 | D67: =ROUND(C42*D$66,2) -> 32.67 | F67: Percentual de Incidência de Acidentes de Trabalho | G67: 0.01
B68: TOTAL : | C68: =C66+C67 -> 0.0464935 | D68: =ROUND(D66+D67,2) -> 154.56
A69: QUADRO RESUMO - MÓDULO 4 (ENCARGOS TRABALHISTAS)
A70: 4 | B70: MÓDULO 4 (ENCARGOS TRABALHISTAS)
A71: 4.1. | B71: PREVIDENCIARIO E FGTS | C71: =C42 -> 0.268 | D71: =D42 -> 890.9
A72: 4.2. | B72: 13º SALÁRIO | C72: =C47 -> 0.0973333 | D72: =D47 -> 323.56
A73: 4.3. | B73: AFASTAMENTO MATERNIDADE | C73: =C51 -> 0.0004697 | D73: =D51 -> 1.56
A74: 4.4. | B74: PROVISÃO RESCISÃO | C74: =C58 -> 0.0694122 | D74: =D58 -> 230.74
A75: 4.5. | B75: CUSTO DE REPOSIÇÃO DO PROFISSIONAL AUSENTE | C75: =C68 -> 0.0464935 | D75: =D68 -> 154.56
B76: TOTAL : | C76: =SUM(C71:C75) -> 0.4817087 | D76: =SUM(D71:D75) -> 1601.32
B78: TOTAL1 (MÓDULOS: 1+2+3+4) | D78: =ROUND(D15+D24+D31+D76,2) -> 6198.84
A79: MÓDULO 5 - CUSTOS INDIRETOS, TRIBUTOS E LUCRO
A80: 5 | C80: Percentuais | D80: VALORES
A81: A | B81: Taxa de Administração (Custos indiretos) | C81: 0.045 | D81: =ROUND(C81*$D$78,2) -> 278.95
A82: B | B82: LUCRO | C82: 0.045 | D82: =ROUND((D$78+D$81)*C$82,2) -> 291.5
A83: C | B83: TRIBUTOS | C83: =SUM(C84:C89) -> 0.1695 | D83: =SUM(D84:D89) -> 1381.57
A84: C.1 | B84: Tributos Federais (PIS) | C84: 0.0165 | D84: =ROUND(C84*D93,2) -> 134.49
B85: Tributos Federais (COFINS) | C85: 0.076 | D85: =ROUND(C85*D93,2) -> 619.47
A86: C.2 | B86: Tributos Estaduais
A87: C.3 | B87: Tributos Municipais (ISS) | C87: 0.05 | D87: =ROUND(C87*D93,2) -> 407.54
A88: C.4 | B88: Contribuição Previdenciária sobre a Receita Bruta (CPRB) Lei nº 12.546/2011 e IN RFB 1436/2013 | C88: 0.027 | D88: =ROUND(C88*D93,2) -> 220.07
B90: VALOR TOTAL (MÓDULO 5) | C90: =SUM(C81:C83) -> 0.2595 | D90: =ROUND(SUM(D81:D83),2) -> 1952.02
A92: (categoria profissional) | C92: Quantidade | D92: VALORES
B93: 1 POSTO | C93: 1 | D93: =ROUND(($D$78+$D$81+$D$82)/(1-$C$83),2) -> 8150.86

Sheet subitem 4
A1: 1.4 | B1: PLANILHA DE ESTIMATIVA DE CUSTOS - LUCRO REAL CONFORME IN nº 02/2008, atualizada até a IN nº 05/2017
A2: CATEGORIA | B2: =VLOOKUP($A$1,Bdados!$A:$N,2,0) -> Auxiliar Logístico
A3: Jornada de Trabalho | B3: =VLOOKUP($A$1,Bdados!$A:$N,5,0) -> 40 horas semanais
A4: CCT | B4: =VLOOKUP($A$1,Bdados!$A:$N,4,0) -> CCT DF000647_2024 SINDIGRAF/DF X STIG 2024.2025 (vigente até 1º/08/2025) | C4: DATA BASE
D5: PISO
A6: MÓDULO 1 - COMPOSIÇÃO DA REMUNERAÇÃO: | C6: Percentuais | D6: VALOR PROPOSTA
B7: Salário Base | D7: =VLOOKUP($A$1,Bdados!$A:$N,6,0) -> 3300
B8: ="Adicional de Periculosidade" & IF(D8>0," 30% sobre o salário base","") -> Adicional de Periculosidade | D8: =VLOOKUP($A$1,Bdados!$A:$N,7,0) -> 0
B9: ="Adicional Insalubridade SM" & IF(D9>0," 20% sobre o salário mínimo","") -> Adicional Insalubridade SM | D9: =VLOOKUP($A$1,Bdados!$A:$N,8,0) -> 0
B10: ="Adicional Noturno" & IF(D10>0," 22,5 % sobre as horas noturnas ","") -> Adicional Noturno | D10: =VLOOKUP($A$1,Bdados!$A:$N,9,0) -> 0
B11: Adicional de HE
B12: Hora Noturna Adicional
B13: Intervalo Intrajornada | D13: =VLOOKUP($A$1,Bdados!$A:$N,10,0) -> 0
B14: Outros Dif horas extras
B15: TOTAL DA REMUNERAÇÃO | D15: =ROUND(SUM(D7:D14),2) -> 3300
A16: MÓDULO 2 - BENEFÍCIOS MENSAIS E DIÁRIOS
B17: Auxilio Transporte (R$ 15,00 por dia trabalhado - 6% SB) | D17: =VLOOKUP($A$1,Bdados!$A:$N,13,0) -> 297
B18: Auxilio Alimentação (R$ 48,17 por dia trabalhado) | D18: =VLOOKUP($A$1,Bdados!$A:$N,14,0) -> 1059.74
B19: Contibuição Assistencial
B20: Auxílio Creche (10% de 20% do salário normativo) | D20: =ROUND((1667.51*20%)*10%,2) -> 33.35
B21: Auxílio Funeral (Cotação do atual contrato) | D21: 5
B22: Seguro de vida
B24: TOTAL DOS BENEFÍCIOS MENSAIS E DIÁRIOS | D24: =ROUND(SUM(D17:D23),2) -> 1395.09
A25: MÓDULO 3- INSUMOS DIVERSOS
B26: Insumos Diversos
B27: Uniformes | D27: =Bdados!P5 -> 25.23
B28: EPI'S | D28: =Bdados!O5 -> 0
B31: TOTAL DE INSUMOS DIVERSOS: | D31: =SUM(D27:D30) -> 25.23
A32: MÓDULO 4 - ENCARGOS SOCIAIS E TRABALHISTAS
A33: 4.1.PREVIDENCIARIO E FGTS | C33: Percentuais | D33: VALORES
B34: INSS (art. 22, inciso I, Lei nº 8.212/91) | C34: 0.1 | D34: =ROUND(C34*(D$15-D$13),7) -> 330
B35: SESI ou SESC (art. 30, Lei nº 8.036/90 e art. 1º, Lei 8.154/90) | C35: 0.015 | D35: =ROUND(C35*(D$15-D$13),7) -> 49.5
B36: SENAI ou SENAC (Decreto nº 2.318/86) | C36: 0.01 | D36: =ROUND(C36*(D$15-D$13),7) -> 33
B37: INCRA (art. 1º, I, Decreto Lei 1.146/70 e Lei 7.787, de 30/06/89) | C37: 0.002 | D37: =ROUND(C37*(D$15-D$13),7) -> 6.6
B38: Salário Educação (art. 3º, inciso I, Decreto nº 87.043/82) | C38: 0.025 | D38: =ROUND(C38*(D$15-D$13),2) -> 82.5
B39: FGTS (Lei Complementar nº 110/01 e art. 30, Lei nº 8.036/90) | C39: 0.08 | D39: =ROUND(C39*(D$15-D$13),2) -> 264
B40: Risco de Acidente do Trabalho/RAT/INSS (inciso II,B, Lei 8.212/91 e Anexo V, Decreto 6.042/08) (1) | C40: 0.03 | D40: =ROUND(C40*(D$15-D$13),2) -> 99
B41: SEBRAE (§ 3º, art. 8º, Lei 8.029/90, alterada pela Lei nº 8.154/90) | C41: 0.006 | D41: =ROUND(C41*(D$15-D$13),2) -> 19.8
B42: TOTAL : | C42: =SUM(C34:C41) -> 0.268 | D42: =ROUND(SUM(D34:D41),2) -> 884.4
A43: 4.2 13º SALÁRIO | C43: Percentuais | D43: VALORES
B44: 13º Salário | C44: =ROUND(1/12,7) -> 0.0833333 | D44: =ROUND(C44*(D$15-D$13),2) -> 275
B45: Incidência do 4.1. sobre o 13º salário | C45: =ROUND(($C$42-C34)*C$44,7) -> 0.014 | D45: =ROUND(C45*(D$15-D$13),2) -> 46.2 | F45: PARÂMETROS
B47: TOTAL : | C47: =SUM(C44:C46) -> 0.0973333 | D47: =SUM(D44:D45) -> 321.2
A48: 4.3. AFASTAMENTO MATERNIDADE | C48: Percentuais | D48: VALORES
B49: Afastamento maternidade | C49: =ROUND((((1+1/3)*(G49/12)/12)*G50),7) -> 0.0003704 | D49: =ROUND(C49*(D$15-D$13),2) -> 1.22 | F49: Número de Meses de Afastamento Maternidade | G49: 4
B50: Incidência do 4.1. sobre afastamento maternidade | C50: =ROUND(C42*C49,7) -> 9.93e-05 | D50: =ROUND(C50*(D$15-D$13),2) -> 0.33 | F50: Incidência anual de ocorrência de Afastamento Maternidade | G50: 0.01
B51: TOTAL : | C51: =SUM(C49:C50) -> 0.0004697 | D51: =SUM(D49:D50) -> 1.55
A52: 4.4. PROVISÃO P\ RESCISÃO | C52: Percentuais | D52: VALORES
B53: Aviso Prévio Indenizado ( art. 7º, XXI, CF e 477, 487 e 491, CLT) (2) | C53: =ROUND(((1/12)*G53),7) -> 0.0083333 | D53: =ROUND(C53*(D$15-D$13),2) -> 27.5 | F53: % dispensa com aviso prévio indenizado | G53: 0.1
B54: Incidência de FGTS sobre o aviso prévio indenizado | C54: =ROUND(C$39*C$53,7) -> 0.0006667 | D54: =ROUND(C54*(D$15-D$13),2) -> 2.2 | F54: % dispensa com aviso prévio trabalhado | G54: 0.9
B55: Aviso Prévio Trabalhado (art. 7º, inciso XXI, CF e 477, 487 e 491, CLT) | C55: =ROUND((7/30/12*(G54)),7) -> 0.0175 | D55: =ROUND(C55*(D$15-D$13),2) -> 57.75 | F55: TOTAL | G55: =SUM(G53:G54) -> 1
B56: Incidência do 4.1. sobre o Aviso Prévio Trabalhado | C56: =ROUND(C$55*C$42,7) -> 0.00469 | D56: =ROUND(C56*(D$15-D$13),2) -> 15.48
B57: Multa do FGTS sobre os Avisos Prévios Indenizado e Trabalhado | C57: =ROUND((((1+(1/12)+(1/12)+(1/3*1/12))*0.4)*0.08)*1,7) -> 0.0382222 | D57: =ROUND(C57*(D$15-D$13),2) -> 126.13
B58: TOTAL : | C58: =SUM(C53:C57) -> 0.0694122 | D58: =SUM(D53:D57) -> 229.06
A59: 4.5. CUSTO DE REPOSIÇÃO DO PROFISSIONAL AUSENTE | C59: Percentuais | D59: VALORES
B60: Férias | C60: =VLOOKUP($A$1,Bdados!$A:$N,11,0) -> 0 | D60: =ROUND(C60*(D$15-D$13),2) -> 0
B61: Terço constitucional de férias | C61: =ROUND(1/3*1/12,7) -> 0.0277778 | D61: =ROUND(C61*(D$15-D$13),2) -> 91.67
B62: Auxílio doença | C62: =ROUND($G$62/30/12,7) -> 0.0055556 | D62: =ROUND(C62*(D$15-D$13),2) -> 18.33 | F62: Quantidade média de faltas por doença no ano por posto | G62: 2
B63: Licença paternidade | C63: =ROUND((1/30/12*$G$63)*$G$64,7) -> 0.0001389 | D63: =ROUND(C63*(D$15-D$13),2) -> 0.46 | F63: Quantidade média de dias de licença paternidade | G63: 5
B64: Faltas legais | C64: =ROUND((1/30/12)*$G$65,7) -> 0.0027778 | D64: =ROUND(C64*(D$15-D$13),2) -> 9.17 | F64: Incidência de Ocorrência de licença paternidade | G64: 0.01
B65: Acidente de Trabalho | C65: =ROUND((((1/30)/12)*$G$66)*$G$67,7) -> 0.0004167 | D65: =ROUND(C65*(D$15-D$13),2) -> 1.38 | F65: Quantidade média de ausências legais no ano por posto | G65: 1
B66: Subtotal | C66: =SUM(C60:C65) -> 0.0366668 | D66: =ROUND(C66*(D$15-D$13),2) -> 121 | F66: Quantidade média de dias pagos em acidente de trabalho | G66: 15
B67: Incidência do 4.1. sobre o Custo da Reposição | C67: =ROUND(C66*C42,7) -> 0.0098267 | D67: =ROUND(C42*D$66,2) -> 32.43 | F67: Percentual de Incidência de Acidentes de Trabalho | G67: 0.01
B68: TOTAL : | C68: =C66+C67 -> 0.0464935 | D68: =ROUND(D66+D67,2) -> 153.43
A69: QUADRO RESUMO - MÓDULO 4 (ENCARGOS TRABALHISTAS)
A70: 4 | B70: MÓDULO 4 (ENCARGOS TRABALHISTAS)
A71: 4.1. | B71: PREVIDENCIARIO E FGTS | C71: =C42 -> 0.268 | D71: =D42 -> 884.4
A72: 4.2. | B72: 13º SALÁRIO | C72: =C47 -> 0.0973333 | D72: =D47 -> 321.2
A73: 4.3. | B73: AFASTAMENTO MATERNIDADE | C73: =C51 -> 0.0004697 | D73: =D51 -> 1.55
A74: 4.4. | B74: PROVISÃO RESCISÃO | C74: =C58 -> 0.0694122 | D74: =D58 -> 229.06
A75: 4.5. | B75: CUSTO DE REPOSIÇÃO DO PROFISSIONAL AUSENTE | C75: =C68 -> 0.0464935 | D75: =D68 -> 153.43
B76: TOTAL : | C76: =SUM(C71:C75) -> 0.4817087 | D76: =SUM(D71:D75) -> 1589.64
B78: TOTAL1 (MÓDULOS: 1+2+3+4) | D78: =ROUND(D15+D24+D31+D76,2) -> 6309.96
A79: MÓDULO 5 - CUSTOS INDIRETOS, TRIBUTOS E LUCRO
A80: 5 | C80: Percentuais | D80: VALORES
A81: A | B81: Taxa de Administração (Custos indiretos) | C81: 0.045 | D81: =ROUND(C81*$D$78,2) -> 283.95
A82: B | B82: LUCRO | C82: 0.045 | D82: =ROUND((D$78+D$81)*C$82,2) -> 296.73
A83: C | B83: TRIBUTOS | C83: =SUM(C84:C89) -> 0.1695 | D83: =SUM(D84:D89) -> 1406.34
A84: C.1 | B84: Tributos Federais (PIS) | C84: 0.0165 | D84: =ROUND(C84*D93,2) -> 136.9
B85: Tributos Federais (COFINS) | C85: 0.076 | D85: =ROUND(C85*D93,2) -> 630.57
A86: C.2 | B86: Tributos Estaduais
A87: C.3 | B87: Tributos Municipais (ISS) | C87: 0.05 | D87: =ROUND(C87*D93,2) -> 414.85
A88: C.4 | B88: Contribuição Previdenciária sobre a Receita Bruta (CPRB) Lei nº 12.546/2011 e IN RFB 1436/2013 | C88: 0.027 | D88: =ROUND(C88*D93,2) -> 224.02
B90: VALOR TOTAL (MÓDULO 5) | C90: =SUM(C81:C83) -> 0.2595 | D90: =ROUND(SUM(D81:D83),2) -> 1987.02
A92: (categoria profissional) | C92: Quantidade | D92: VALORES
B93: 1 POSTO | C93: 1 | D93: =ROUND(($D$78+$D$81+$D$82)/(1-$C$83),2) -> 8296.98

Sheet subitem 5
A1: 1.5 | B1: PLANILHA DE ESTIMATIVA DE CUSTOS - LUCRO REAL CONFORME IN nº 02/2008, atualizada até a IN nº 05/2017
A2: CATEGORIA | B2: =VLOOKUP($A$1,Bdados!$A:$N,2,0) -> Encarregado
A3: Jornada de Trabalho | B3: =VLOOKUP($A$1,Bdados!$A:$N,5,0) -> 40 horas semanais
A4: CCT | B4: =VLOOKUP($A$1,Bdados!$A:$N,4,0) -> CCT DF000647_2024 SINDIGRAF/DF X STIG 2024.2025 (vigente até 1º/08/2025) | C4: DATA BASE
D5: PISO
A6: MÓDULO 1 - COMPOSIÇÃO DA REMUNERAÇÃO: | C6: Percentuais | D6: VALOR PROPOSTA
B7: Salário Base | D7: =VLOOKUP($A$1,Bdados!$A:$N,6,0) -> 6400
B8: ="Adicional de Periculosidade" & IF(D8>0," 30% sobre o salário base","") -> Adicional de Periculosidade | D8: =VLOOKUP($A$1,Bdados!$A:$N,7,0) -> 0
B9: ="Adicional Insalubridade SM" & IF(D9>0," 20% sobre o salário mínimo","") -> Adicional Insalubridade SM | D9: =VLOOKUP($A$1,Bdados!$A:$N,8,0) -> 0
B10: ="Adicional Noturno" & IF(D10>0," 20 % sobre as horas noturnas ","") -> Adicional Noturno | D10: =VLOOKUP($A$1,Bdados!$A:$N,9,0) -> 0
B11: Adicional de HE
B12: Hora Noturna Adicional
B13: Intervalo Intrajornada | D13: =VLOOKUP($A$1,Bdados!$A:$N,10,0) -> 0
B14: Outros Dif horas extras
B15: TOTAL DA REMUNERAÇÃO | D15: =ROUND(SUM(D7:D14),2) -> 6400
A16: MÓDULO 2 - BENEFÍCIOS MENSAIS E DIÁRIOS
B17: Auxilio Transporte (R$ 15,00 por dia trabalhado - 6% SB) | D17: =VLOOKUP($A$1,Bdados!$A:$N,13,0) -> 0
B18: Auxilio Alimentação (R$ 48,17 por dia trabalhado) | D18: =VLOOKUP($A$1,Bdados!$A:$N,14,0) -> 1059.74
B19: Contibuição Assistencial
B20: Auxílio Creche (10% de 20% do salário normativo) | D20: =ROUND((1667.51*20%)*10%,2) -> 33.35
B21: Auxílio Funeral (Cotação do atual contrato) | D21: 5
B22: Seguro de vida
B24: TOTAL DOS BENEFÍCIOS MENSAIS E DIÁRIOS | D24: =ROUND(SUM(D17:D23),2) -> 1098.09
A25: MÓDULO 3- INSUMOS DIVERSOS
B26: Insumos Diversos
B27: Uniformes | D27: =Bdados!P5 -> 25.23
B28: EPI'S | D28: =Bdados!O5 -> 0
B31: TOTAL DE INSUMOS DIVERSOS: | D31: =SUM(D27:D30) -> 25.23
A32: MÓDULO 4 - ENCARGOS SOCIAIS E TRABALHISTAS
A33: 4.1.PREVIDENCIARIO E FGTS | C33: Percentuais | D33: VALORES
B34: INSS (art. 22, inciso I, Lei nº 8.212/91) | C34: 0.1 | D34: =ROUND(C34*(D$15-D$13),7) -> 640
B35: SESI ou SESC (art. 30, Lei nº 8.036/90 e art. 1º, Lei 8.154/90) | C35: 0.015 | D35: =ROUND(C35*(D$15-D$13),7) -> 96
B36: SENAI ou SENAC (Decreto nº 2.318/86) | C36: 0.01 | D36: =ROUND(C36*(D$15-D$13),7) -> 64
B37: INCRA (art. 1º, I, Decreto Lei 1.146/70 e Lei 7.787, de 30/06/89) | C37: 0.002 | D37: =ROUND(C37*(D$15-D$13),7) -> 12.8
B38: Salário Educação (art. 3º, inciso I, Decreto nº 87.043/82) | C38: 0.025 | D38: =ROUND(C38*(D$15-D$13),2) -> 160
B39: FGTS (Lei Complementar nº 110/01 e art. 30, Lei nº 8.036/90) | C39: 0.08 | D39: =ROUND(C39*(D$15-D$13),2) -> 512
B40: Risco de Acidente do Trabalho/RAT/INSS (inciso II,B, Lei 8.212/91 e Anexo V, Decreto 6.042/08) (1) | C40: 0.03 | D40: =ROUND(C40*(D$15-D$13),2) -> 192
B41: SEBRAE (§ 3º, art. 8º, Lei 8.029/90, alterada pela Lei nº 8.154/90) | C41: 0.006 | D41: =ROUND(C41*(D$15-D$13),2) -> 38.4
B42: TOTAL : | C42: =SUM(C34:C41) -> 0.268 | D42: =ROUND(SUM(D34:D41),2) -> 1715.2
A43: 4.2 13º SALÁRIO | C43: Percentuais | D43: VALORES
B44: 13º Salário | C44: =ROUND(1/12,7) -> 0.0833333 | D44: =ROUND(C44*(D$15-D$13),2) -> 533.33
B45: Incidência do 4.1. sobre o 13º salário | C45: =ROUND(($C$42-C34)*C$44,7) -> 0.014 | D45: =ROUND(C45*(D$15-D$13),2) -> 89.6 | F45: PARÂMETROS
B47: TOTAL : | C47: =SUM(C44:C46) -> 0.0973333 | D47: =SUM(D44:D45) -> 622.93
A48: 4.3. AFASTAMENTO MATERNIDADE | C48: Percentuais | D48: VALORES
B49: Afastamento maternidade | C49: =ROUND((((1+1/3)*(G49/12)/12)*G50),7) -> 0.0003704 | D49: =ROUND(C49*(D$15-D$13),2) -> 2.37 | F49: Número de Meses de Afastamento Maternidade | G49: 4
B50: Incidência do 4.1. sobre afastamento maternidade | C50: =ROUND(C42*C49,7) -> 9.93e-05 | D50: =ROUND(C50*(D$15-D$13),2) -> 0.64 | F50: Incidência anual de ocorrência de Afastamento Maternidade | G50: 0.01
B51: TOTAL : | C51: =SUM(C49:C50) -> 0.0004697 | D51: =SUM(D49:D50) -> 3.01
A52: 4.4. PROVISÃO P\ RESCISÃO | C52: Percentuais | D52: VALORES
B53: Aviso Prévio Indenizado ( art. 7º, XXI, CF e 477, 487 e 491, CLT) (2) | C53: =ROUND(((1/12)*G53),7) -> 0.0083333 | D53: =ROUND(C53*(D$15-D$13),2) -> 53.33 | F53: % dispensa com aviso prévio indenizado | G53: 0.1
B54: Incidência de FGTS sobre o aviso prévio indenizado | C54: =ROUND(C$39*C$53,7) -> 0.0006667 | D54: =ROUND(C54*(D$15-D$13),2) -> 4.27 | F54: % dispensa com aviso prévio trabalhado | G54: 0.9
B55: Aviso Prévio Trabalhado (art. 7º, inciso XXI, CF e 477, 487 e 491, CLT) | C55: =ROUND((7/30/12*(G54)),7) -> 0.0175 | D55: =ROUND(C55*(D$15-D$13),2) -> 112 | F55: TOTAL | G55: =SUM(G53:G54) -> 1
B56: Incidência do 4.1. sobre o Aviso Prévio Trabalhado | C56: =ROUND(C$55*C$42,7) -> 0.00469 | D56: =ROUND(C56*(D$15-D$13),2) -> 30.02
B57: Multa do FGTS sobre os Avisos Prévios Indenizado e Trabalhado | C57: =ROUND((((1+(1/12)+(1/12)+(1/3*1/12))*0.4)*0.08)*1,7) -> 0.0382222 | D57: =ROUND(C57*(D$15-D$13),2) -> 244.62
B58: TOTAL : | C58: =SUM(C53:C57) -> 0.0694122 | D58: =SUM(D53:D57) -> 444.24
A59: 4.5. CUSTO DE REPOSIÇÃO DO PROFISSIONAL AUSENTE | C59: Percentuais | D59: VALORES
B60: Férias | C60: =VLOOKUP($A$1,Bdados!$A:$N,11,0) -> 0 | D60: =ROUND(C60*(D$15-D$13),2) -> 0
B61: Terço constitucional de férias | C61: =ROUND(1/3*1/12,7) -> 0.0277778 | D61: =ROUND(C61*(D$15-D$13),2) -> 177.78
B62: Auxílio doença | C62: =ROUND($G$62/30/12,7) -> 0.0055556 | D62: =ROUND(C62*(D$15-D$13),2) -> 35.56 | F62: Quantidade média de faltas por doença no ano por posto | G62: 2
B63: Licença paternidade | C63: =ROUND((1/30/12*$G$63)*$G$64,7) -> 0.0001389 | D63: =ROUND(C63*(D$15-D$13),2) -> 0.89 | F63: Quantidade média de dias de licença paternidade | G63: 5
B64: Faltas legais | C64: =ROUND((1/30/12)*$G$65,7) -> 0.0027778 | D64: =ROUND(C64*(D$15-D$13),2) -> 17.78 | F64: Incidência de Ocorrência de licença paternidade | G64: 0.01
B65: Acidente de Trabalho | C65: =ROUND((((1/30)/12)*$G$66)*$G$67,7) -> 0.0004167 | D65: =ROUND(C65*(D$15-D$13),2) -> 2.67 | F65: Quantidade média de ausências legais no ano por posto | G65: 1
B66: Subtotal | C66: =SUM(C60:C65) -> 0.0366668 | D66: =ROUND(C66*(D$15-D$13),2) -> 234.67 | F66: Quantidade média de dias pagos em acidente de trabalho | G66: 15
B67: Incidência do 4.1. sobre o Custo da Reposição | C67: =ROUND(C66*C42,7) -> 0.0098267 | D67: =ROUND(C42*D$66,2) -> 62.89 | F67: Percentual de Incidência de Acidentes de Trabalho | G67: 0.01
B68: TOTAL : | C68: =C66+C67 -> 0.0464935 | D68: =ROUND(D66+D67,2) -> 297.56
A69: QUADRO RESUMO - MÓDULO 4 (ENCARGOS TRABALHISTAS)
A70: 4 | B70: MÓDULO 4 (ENCARGOS TRABALHISTAS)
A71: 4.1. | B71: PREVIDENCIARIO E FGTS | C71: =C42 -> 0.268 | D71: =D42 -> 1715.2
A72: 4.2. | B72: 13º SALÁRIO | C72: =C47 -> 0.0973333 | D72: =D47 -> 622.93
A73: 4.3. | B73: AFASTAMENTO MATERNIDADE | C73: =C51 -> 0.0004697 | D73: =D51 -> 3.01
A74: 4.4. | B74: PROVISÃO RESCISÃO | C74: =C58 -> 0.0694122 | D74: =D58 -> 444.24
A75: 4.5. | B75: CUSTO DE REPOSIÇÃO DO PROFISSIONAL AUSENTE | C75: =C68 -> 0.0464935 | D75: =D68 -> 297.56
B76: TOTAL : | C76: =SUM(C71:C75) -> 0.4817087 | D76: =SUM(D71:D75) -> 3082.94
B78: TOTAL1 (MÓDULOS: 1+2+3+4) | D78: =ROUND(D15+D24+D31+D76,2) -> 10606.26
A79: MÓDULO 5 - CUSTOS INDIRETOS, TRIBUTOS E LUCRO
A80: 5 | C80: Percentuais | D80: VALORES
A81: A | B81: Taxa de Administração (Custos indiretos) | C81: 0.045 | D81: =ROUND(C81*$D$78,2) -> 477.28
A82: B | B82: LUCRO | C82: 0.045 | D82: =ROUND((D$78+D$81)*C$82,2) -> 498.76
A83: C | B83: TRIBUTOS | C83: =SUM(C84:C89) -> 0.1695 | D83: =SUM(D84:D89) -> 2363.88
A84: C.1 | B84: Tributos Federais (PIS) | C84: 0.0165 | D84: =ROUND(C84*D93,2) -> 230.11
B85: Tributos Federais (COFINS) | C85: 0.076 | D85: =ROUND(C85*D93,2) -> 1059.91
A86: C.2 | B86: Tributos Estaduais
A87: C.3 | B87: Tributos Municipais (ISS) | C87: 0.05 | D87: =ROUND(C87*D93,2) -> 697.31
A88: C.4 | B88: Contribuição Previdenciária sobre a Receita Bruta (CPRB) Lei nº 12.546/2011 e IN RFB 1436/2013 | C88: 0.027 | D88: =ROUND(C88*D93,2) -> 376.55
B90: VALOR TOTAL (MÓDULO 5) | C90: =SUM(C81:C83) -> 0.2595 | D90: =ROUND(SUM(D81:D83),2) -> 3339.92
A92: (categoria profissional) | C92: Quantidade | D92: VALORES
B93: 1 POSTO | C93: 1 | D93: =ROUND(($D$78+$D$81+$D$82)/(1-$C$83),2) -> 13946.18

Sheet subitem 6
A1: 1.6 | B1: PLANILHA DE ESTIMATIVA DE CUSTOS - LUCRO REAL CONFORME IN nº 02/2008, atualizada até a IN nº 05/2017
A2: CATEGORIA | B2: =VLOOKUP($A$1,Bdados!$A:$N,2,0) -> Especialista - Acabamento
A3: Jornada de Trabalho | B3: =VLOOKUP($A$1,Bdados!$A:$N,5,0) -> 40 horas semanais
A4: CCT | B4: =VLOOKUP($A$1,Bdados!$A:$N,4,0) -> CCT DF000647_2024 SINDIGRAF/DF X STIG 2024.2025 (vigente até 1º/08/2025) | C4: DATA BASE
D5: PISO
A6: MÓDULO 1 - COMPOSIÇÃO DA REMUNERAÇÃO: | C6: Percentuais | D6: VALOR PROPOSTA
B7: Salário Base | D7: =VLOOKUP($A$1,Bdados!$A:$N,6,0) -> 6900
B8: ="Adicional de Periculosidade" & IF(D8>0," 30% sobre o salário base","") -> Adicional de Periculosidade | D8: =VLOOKUP($A$1,Bdados!$A:$N,7,0) -> 0
B9: ="Adicional Insalubridade SM" & IF(D9>0," 20% sobre o salário mínimo","") -> Adicional Insalubridade SM 20% sobre o salário mínimo | D9: =VLOOKUP($A$1,Bdados!$A:$N,8,0) -> 324.2
B10: ="Adicional Noturno" & IF(D10>0," 20 % sobre as horas noturnas ","") -> Adicional Noturno | D10: =VLOOKUP($A$1,Bdados!$A:$N,9,0) -> 0
B11: Adicional de HE
B12: Hora Noturna Adicional
B13: Intervalo Intrajornada | D13: =VLOOKUP($A$1,Bdados!$A:$N,10,0) -> 0
B14: Outros Dif horas extras
B15: TOTAL DA REMUNERAÇÃO | D15: =ROUND(SUM(D7:D14),2) -> 7224.2
A16: MÓDULO 2 - BENEFÍCIOS MENSAIS E DIÁRIOS
B17: Auxilio Transporte (R$ 15,00 por dia trabalhado - 6% SB) | D17: =VLOOKUP($A$1,Bdados!$A:$N,13,0) -> 0
B18: Auxilio Alimentação (R$ 48,17 por dia trabalhado) | D18: =VLOOKUP($A$1,Bdados!$A:$N,14,0) -> 1059.74
B19: Contibuição Assistencial
B20: Auxílio Creche (10% de 20% do salário normativo) | D20: =ROUND((1667.51*20%)*10%,2) -> 33.35
B21: Auxílio Funeral (Cotação do atual contrato) | D21: 5
B22: Seguro de vida
B24: TOTAL DOS BENEFÍCIOS MENSAIS E DIÁRIOS | D24: =ROUND(SUM(D17:D23),2) -> 1098.09
A25: MÓDULO 3- INSUMOS DIVERSOS
B26: Insumos Diversos
B27: Uniformes | D27: =Bdados!P5 -> 25.23
B28: EPI'S | D28: =Bdados!O5 -> 0
B31: TOTAL DE INSUMOS DIVERSOS: | D31: =SUM(D27:D30) -> 25.23
A32: MÓDULO 4 - ENCARGOS SOCIAIS E TRABALHISTAS
A33: 4.1.PREVIDENCIARIO E FGTS | C33: Percentuais | D33: VALORES
B34: INSS (art. 22, inciso I, Lei nº 8.212/91) | C34: 0.1 | D34: =ROUND(C34*(D$15-D$13),7) -> 722.42
B35: SESI ou SESC (art. 30, Lei nº 8.036/90 e art. 1º, Lei 8.154/90) | C35: 0.015 | D35: =ROUND(C35*(D$15-D$13),7) -> 108.363
B36: SENAI ou SENAC (Decreto nº 2.318/86) | C36: 0.01 | D36: =ROUND(C36*(D$15-D$13),7) -> 72.242
B37: INCRA (art. 1º, I, Decreto Lei 1.146/70 e Lei 7.787, de 30/06/89) | C37: 0.002 | D37: =ROUND(C37*(D$15-D$13),7) -> 14.4484
B38: Salário Educação (art. 3º, inciso I, Decreto nº 87.043/82) | C38: 0.025 | D38: =ROUND(C38*(D$15-D$13),2) -> 180.61
B39: FGTS (Lei Complementar nº 110/01 e art. 30, Lei nº 8.036/90) | C39: 0.08 | D39: =ROUND(C39*(D$15-D$13),2) -> 577.94
B40: Risco de Acidente do Trabalho/RAT/INSS (inciso II,B, Lei 8.212/91 e Anexo V, Decreto 6.042/08) (1) | C40: 0.03 | D40: =ROUND(C40*(D$15-D$13),2) -> 216.73
B41: SEBRAE (§ 3º, art. 8º, Lei 8.029/90, alterada pela Lei nº 8.154/90) | C41: 0.006 | D41: =ROUND(C41*(D$15-D$13),2) -> 43.35
B42: TOTAL : | C42: =SUM(C34:C41) -> 0.268 | D42: =ROUND(SUM(D34:D41),2) -> 1936.1
A43: 4.2 13º SALÁRIO | C43: Percentuais | D43: VALORES
B44: 13º Salário | C44: =ROUND(1/12,7) -> 0.0833333 | D44: =ROUND(C44*(D$15-D$13),2) -> 602.02
B45: Incidência do 4.1. sobre o 13º salário | C45: =ROUND(($C$42-C34)*C$44,7) -> 0.014 | D45: =ROUND(C45*(D$15-D$13),2) -> 101.14 | F45: PARÂMETROS
B47: TOTAL : | C47: =SUM(C44:C46) -> 0.0973333 | D47: =SUM(D44:D45) -> 703.16
A48: 4.3. AFASTAMENTO MATERNIDADE | C48: Percentuais | D48: VALORES
B49: Afastamento maternidade | C49: =ROUND((((1+1/3)*(G49/12)/12)*G50),7) -> 0.0003704 | D49: =ROUND(C49*(D$15-D$13),2) -> 2.68 | F49: Número de Meses de Afastamento Maternidade | G49: 4
B50: Incidência do 4.1. sobre afastamento maternidade | C50: =ROUND(C42*C49,7) -> 9.93e-05 | D50: =ROUND(C50*(D$15-D$13),2) -> 0.72 | F50: Incidência anual de ocorrência de Afastamento Maternidade | G50: 0.01
B51: TOTAL : | C51: =SUM(C49:C50) -> 0.0004697 | D51: =SUM(D49:D50) -> 3.4
A52: 4.4. PROVISÃO P\ RESCISÃO | C52: Percentuais | D52: VALORES
B53: Aviso Prévio Indenizado ( art. 7º, XXI, CF e 477, 487 e 491, CLT) (2) | C53: =ROUND(((1/12)*G53),7) -> 0.0083333 | D53: =ROUND(C53*(D$15-D$13),2) -> 60.2 | F53: % dispensa com aviso prévio indenizado | G53: 0.1
B54: Incidência de FGTS sobre o aviso prévio indenizado | C54: =ROUND(C$39*C$53,7) -> 0.0006667 | D54: =ROUND(C54*(D$15-D$13),2) -> 4.82 | F54: % dispensa com aviso prévio trabalhado | G54: 0.9
B55: Aviso Prévio Trabalhado (art. 7º, inciso XXI, CF e 477, 487 e 491, CLT) | C55: =ROUND((7/30/12*(G54)),7) -> 0.0175 | D55: =ROUND(C55*(D$15-D$13),2) -> 126.42 | F55: TOTAL | G55: =SUM(G53:G54) -> 1
B56: Incidência do 4.1. sobre o Aviso Prévio Trabalhado | C56: =ROUND(C$55*C$42,7) -> 0.00469 | D56: =ROUND(C56*(D$15-D$13),2) -> 33.88
B57: Multa do FGTS sobre os Avisos Prévios Indenizado e Trabalhado | C57: =ROUND((((1+(1/12)+(1/12)+(1/3*1/12))*0.4)*0.08)*1,7) -> 0.0382222 | D57: =ROUND(C57*(D$15-D$13),2) -> 276.12
B58: TOTAL : | C58: =SUM(C53:C57) -> 0.0694122 | D58: =SUM(D53:D57) -> 501.44
A59: 4.5. CUSTO DE REPOSIÇÃO DO PROFISSIONAL AUSENTE | C59: Percentuais | D59: VALORES
B60: Férias | C60: =VLOOKUP($A$1,Bdados!$A:$N,11,0) -> 0 | D60: =ROUND(C60*(D$15-D$13),2) -> 0
B61: Terço constitucional de férias | C61: =ROUND(1/3*1/12,7) -> 0.0277778 | D61: =ROUND(C61*(D$15-D$13),2) -> 200.67
B62: Auxílio doença | C62: =ROUND($G$62/30/12,7) -> 0.0055556 | D62: =ROUND(C62*(D$15-D$13),2) -> 40.13 | F62: Quantidade média de faltas por doença no ano por posto | G62: 2
B63: Licença paternidade | C63: =ROUND((1/30/12*$G$63)*$G$64,7) -> 0.0001389 | D63: =ROUND(C63*(D$15-D$13),2) -> 1 | F63: Quantidade média de dias de licença paternidade | G63: 5
B64: Faltas legais | C64: =ROUND((1/30/12)*$G$65,7) -> 0.0027778 | D64: =ROUND(C64*(D$15-D$13),2) -> 20.07 | F64: Incidência de Ocorrência de licença paternidade | G64: 0.01
B65: Acidente de Trabalho | C65: =ROUND((((1/30)/12)*$G$66)*$G$67,7) -> 0.0004167 | D65: =ROUND(C65*(D$15-D$13),2) -> 3.01 | F65: Quantidade média de ausências legais no ano por posto | G65: 1
B66: Subtotal | C66: =SUM(C60:C65) -> 0.0366668 | D66: =ROUND(C66*(D$15-D$13),2) -> 264.89 | F66: Quantidade média de dias pagos em acidente de trabalho | G66: 15
B67: Incidência do 4.1. sobre o Custo da Reposição | C67: =ROUND(C66*C42,7) -> 0.0098267 | D67: =ROUND(C42*D$66,2) -> 70.99 | F67: Percentual de Incidência de Acidentes de Trabalho | G67: 0.01
B68: TOTAL : | C68: =C66+C67 -> 0.0464935 | D68: =ROUND(D66+D67,2) -> 335.88
A69: QUADRO RESUMO - MÓDULO 4 (ENCARGOS TRABALHISTAS)
A70: 4 | B70: MÓDULO 4 (ENCARGOS TRABALHISTAS)
A71: 4.1. | B71: PREVIDENCIARIO E FGTS | C71: =C42 -> 0.268 | D71: =D42 -> 1936.1
A72: 4.2. | B72: 13º SALÁRIO | C72: =C47 -> 0.0973333 | D72: =D47 -> 703.16
A73: 4.3. | B73: AFASTAMENTO MATERNIDADE | C73: =C51 -> 0.0004697 | D73: =D51 -> 3.4
A74: 4.4. | B74: PROVISÃO RESCISÃO | C74: =C58 -> 0.0694122 | D74: =D58 -> 501.44
A75: 4.5. | B75: CUSTO DE REPOSIÇÃO DO PROFISSIONAL AUSENTE | C75: =C68 -> 0.0464935 | D75: =D68 -> 335.88
B76: TOTAL : | C76: =SUM(C71:C75) -> 0.4817087 | D76: =SUM(D71:D75) -> 3479.98
B78: TOTAL1 (MÓDULOS: 1+2+3+4) | D78: =ROUND(D15+D24+D31+D76,2) -> 11827.5
A79: MÓDULO 5 - CUSTOS INDIRETOS, TRIBUTOS E LUCRO
A80: 5 | C80: Percentuais | D80: VALORES
A81: A | B81: Taxa de Administração (Custos indiretos) | C81: 0.045 | D81: =ROUND(C81*$D$78,2) -> 532.24
A82: B | B82: LUCRO | C82: 0.045 | D82: =ROUND((D$78+D$81)*C$82,2) -> 556.19
A83: C | B83: TRIBUTOS | C83: =SUM(C84:C89) -> 0.1695 | D83: =SUM(D84:D89) -> 2636.06
A84: C.1 | B84: Tributos Federais (PIS) | C84: 0.0165 | D84: =ROUND(C84*D93,2) -> 256.61
B85: Tributos Federais (COFINS) | C85: 0.076 | D85: =ROUND(C85*D93,2) -> 1181.95
A86: C.2 | B86: Tributos Estaduais
A87: C.3 | B87: Tributos Municipais (ISS) | C87: 0.05 | D87: =ROUND(C87*D93,2) -> 777.6
A88: C.4 | B88: Contribuição Previdenciária sobre a Receita Bruta (CPRB) Lei nº 12.546/2011 e IN RFB 1436/2013 | C88: 0.027 | D88: =ROUND(C88*D93,2) -> 419.9
B90: VALOR TOTAL (MÓDULO 5) | C90: =SUM(C81:C83) -> 0.2595 | D90: =ROUND(SUM(D81:D83),2) -> 3724.49
A92: (categoria profissional) | C92: Quantidade | D92: VALORES
B93: 1 POSTO | C93: 1 | D93: =ROUND(($D$78+$D$81+$D$82)/(1-$C$83),2) -> 15551.99

Sheet subitem 7
A1: 1.7 | B1: PLANILHA DE ESTIMATIVA DE CUSTOS - LUCRO REAL CONFORME IN nº 02/2008, atualizada até a IN nº 05/2017
A2: CATEGORIA | B2: =VLOOKUP($A$1,Bdados!$A:$N,2,0) -> Especialista - Impressão Digital
A3: Jornada de Trabalho | B3: =VLOOKUP($A$1,Bdados!$A:$N,5,0) -> 40 horas semanais
A4: CCT | B4: =VLOOKUP($A$1,Bdados!$A:$N,4,0) -> CCT DF000647_2024 SINDIGRAF/DF X STIG 2024.2025 (vigente até 1º/08/2025) | C4: DATA BASE
D5: PISO
A6: MÓDULO 1 - COMPOSIÇÃO DA REMUNERAÇÃO: | C6: Percentuais | D6: VALOR PROPOSTA
B7: Salário Base | D7: =VLOOKUP($A$1,Bdados!$A:$N,6,0) -> 6900
B8: ="Adicional de Periculosidade" & IF(D8>0," 30% sobre o salário base","") -> Adicional de Periculosidade | D8: =VLOOKUP($A$1,Bdados!$A:$N,7,0) -> 0
B9: ="Adicional Insalubridade SM" & IF(D9>0," 20% sobre o salário mínimo","") -> Adicional Insalubridade SM | D9: =VLOOKUP($A$1,Bdados!$A:$N,8,0) -> 0
B10: ="Adicional Noturno" & IF(D10>0," 20 % sobre as horas noturnas ","") -> Adicional Noturno | D10: =VLOOKUP($A$1,Bdados!$A:$N,9,0) -> 0
B11: Adicional de HE
B12: Hora Noturna Adicional
B13: Intervalo Intrajornada | D13: =VLOOKUP($A$1,Bdados!$A:$N,10,0) -> 0
B14: Outros Dif horas extras
B15: TOTAL DA REMUNERAÇÃO | D15: =ROUND(SUM(D7:D14),2) -> 6900
A16: MÓDULO 2 - BENEFÍCIOS MENSAIS E DIÁRIOS
B17: Auxilio Transporte (R$ 15,00 por dia trabalhado - 6% SB) | D17: =VLOOKUP($A$1,Bdados!$A:$N,13,0) -> 0
B18: Auxilio Alimentação (R$ 48,17 por dia trabalhado) | D18: =VLOOKUP($A$1,Bdados!$A:$N,14,0) -> 1059.74
B19: Contibuição Assistencial
B20: Auxílio Creche (10% de 20% do salário normativo) | D20: =ROUND((1667.51*20%)*10%,2) -> 33.35
B21: Auxílio Funeral (Cotação do atual contrato) | D21: 5
B22: Seguro de vida
B24: TOTAL DOS BENEFÍCIOS MENSAIS E DIÁRIOS | D24: =ROUND(SUM(D17:D23),2) -> 1098.09
A25: MÓDULO 3- INSUMOS DIVERSOS
B26: Insumos Diversos
B27: Uniformes | D27: =Bdados!P5 -> 25.23
B28: EPI'S | D28: =Bdados!O5 -> 0
B31: TOTAL DE INSUMOS DIVERSOS: | D31: =SUM(D27:D30) -> 25.23
A32: MÓDULO 4 - ENCARGOS SOCIAIS E TRABALHISTAS
A33: 4.1.PREVIDENCIARIO E FGTS | C33: Percentuais | D33: VALORES
B34: INSS (art. 22, inciso I, Lei nº 8.212/91) | C34: 0.1 | D34: =ROUND(C34*(D$15-D$13),7) -> 690
B35: SESI ou SESC (art. 30, Lei nº 8.036/90 e art. 1º, Lei 8.154/90) | C35: 0.015 | D35: =ROUND(C35*(D$15-D$13),7) -> 103.5
B36: SENAI ou SENAC (Decreto nº 2.318/86) | C36: 0.01 | D36: =ROUND(C36*(D$15-D$13),7) -> 69
B37: INCRA (art. 1º, I, Decreto Lei 1.146/70 e Lei 7.787, de 30/06/89) | C37: 0.002 | D37: =ROUND(C37*(D$15-D$13),7) -> 13.8
B38: Salário Educação (art. 3º, inciso I, Decreto nº 87.043/82) | C38: 0.025 | D38: =ROUND(C38*(D$15-D$13),2) -> 172.5
B39: FGTS (Lei Complementar nº 110/01 e art. 30, Lei nº 8.036/90) | C39: 0.08 | D39: =ROUND(C39*(D$15-D$13),2) -> 552
B40: Risco de Acidente do Trabalho/RAT/INSS (inciso II,B, Lei 8.212/91 e Anexo V, Decreto 6.042/08) (1) | C40: 0.03 | D40: =ROUND(C40*(D$15-D$13),2) -> 207
B41: SEBRAE (§ 3º, art. 8º, Lei 8.029/90, alterada pela Lei nº 8.154/90) | C41: 0.006 | D41: =ROUND(C41*(D$15-D$13),2) -> 41.4
B42: TOTAL : | C42: =SUM(C34:C41) -> 0.268 | D42: =ROUND(SUM(D34:D41),2) -> 1849.2
A43: 4.2 13º SALÁRIO | C43: Percentuais | D43: VALORES
B44: 13º Salário | C44: =ROUND(1/12,7) -> 0.0833333 | D44: =ROUND(C44*(D$15-D$13),2) -> 575
B45: Incidência do 4.1. sobre o 13º salário | C45: =ROUND(($C$42-C34)*C$44,7) -> 0.014 | D45: =ROUND(C45*(D$15-D$13),2) -> 96.6 | F45: PARÂMETROS
B47: TOTAL : | C47: =SUM(C44:C46) -> 0.0973333 | D47: =SUM(D44:D45) -> 671.6
A48: 4.3. AFASTAMENTO MATERNIDADE | C48: Percentuais | D48: VALORES
B49: Afastamento maternidade | C49: =ROUND((((1+1/3)*(G49/12)/12)*G50),7) -> 0.0003704 | D49: =ROUND(C49*(D$15-D$13),2) -> 2.56 | F49: Número de Meses de Afastamento Maternidade | G49: 4
B50: Incidência do 4.1. sobre afastamento maternidade | C50: =ROUND(C42*C49,7) -> 9.93e-05 | D50: =ROUND(C50*(D$15-D$13),2) -> 0.69 | F50: Incidência anual de ocorrência de Afastamento Maternidade | G50: 0.01
B51: TOTAL : | C51: =SUM(C49:C50) -> 0.0004697 | D51: =SUM(D49:D50) -> 3.25
A52: 4.4. PROVISÃO P\ RESCISÃO | C52: Percentuais | D52: VALORES
B53: Aviso Prévio Indenizado ( art. 7º, XXI, CF e 477, 487 e 491, CLT) (2) | C53: =ROUND(((1/12)*G53),7) -> 0.0083333 | D53: =ROUND(C53*(D$15-D$13),2) -> 57.5 | F53: % dispensa com aviso prévio indenizado | G53: 0.1
B54: Incidência de FGTS sobre o aviso prévio indenizado | C54: =ROUND(C$39*C$53,7) -> 0.0006667 | D54: =ROUND(C54*(D$15-D$13),2) -> 4.6 | F54: % dispensa com aviso prévio trabalhado | G54: 0.9
B55: Aviso Prévio Trabalhado (art. 7º, inciso XXI, CF e 477, 487 e 491, CLT) | C55: =ROUND((7/30/12*(G54)),7) -> 0.0175 | D55: =ROUND(C55*(D$15-D$13),2) -> 120.75 | F55: TOTAL | G55: =SUM(G53:G54) -> 1
B56: Incidência do 4.1. sobre o Aviso Prévio Trabalhado | C56: =ROUND(C$55*C$42,7) -> 0.00469 | D56: =ROUND(C56*(D$15-D$13),2) -> 32.36
B57: Multa do FGTS sobre os Avisos Prévios Indenizado e Trabalhado | C57: =ROUND((((1+(1/12)+(1/12)+(1/3*1/12))*0.4)*0.08)*1,7) -> 0.0382222 | D57: =ROUND(C57*(D$15-D$13),2) -> 263.73
B58: TOTAL : | C58: =SUM(C53:C57) -> 0.0694122 | D58: =SUM(D53:D57) -> 478.94
A59: 4.5. CUSTO DE REPOSIÇÃO DO PROFISSIONAL AUSENTE | C59: Percentuais | D59: VALORES
B60: Férias | C60: =VLOOKUP($A$1,Bdados!$A:$N,11,0) -> 0 | D60: =ROUND(C60*(D$15-D$13),2) -> 0
B61: Terço constitucional de férias | C61: =ROUND(1/3*1/12,7) -> 0.0277778 | D61: =ROUND(C61*(D$15-D$13),2) -> 191.67
B62: Auxílio doença | C62: =ROUND($G$62/30/12,7) -> 0.0055556 | D62: =ROUND(C62*(D$15-D$13),2) -> 38.33 | F62: Quantidade média de faltas por doença no ano por posto | G62: 2
B63: Licença paternidade | C63: =ROUND((1/30/12*$G$63)*$G$64,7) -> 0.0001389 | D63: =ROUND(C63*(D$15-D$13),2) -> 0.96 | F63: Quantidade média de dias de licença paternidade | G63: 5
B64: Faltas legais | C64: =ROUND((1/30/12)*$G$65,7) -> 0.0027778 | D64: =ROUND(C64*(D$15-D$13),2) -> 19.17 | F64: Incidência de Ocorrência de licença paternidade | G64: 0.01
B65: Acidente de Trabalho | C65: =ROUND((((1/30)/12)*$G$66)*$G$67,7) -> 0.0004167 | D65: =ROUND(C65*(D$15-D$13),2) -> 2.88 | F65: Quantidade média de ausências legais no ano por posto | G65: 1
B66: Subtotal | C66: =SUM(C60:C65) -> 0.0366668 | D66: =ROUND(C66*(D$15-D$13),2) -> 253 | F66: Quantidade média de dias pagos em acidente de trabalho | G66: 15
B67: Incidência do 4.1. sobre o Custo da Reposição | C67: =ROUND(C66*C42,7) -> 0.0098267 | D67: =ROUND(C42*D$66,2) -> 67.8 | F67: Percentual de Incidência de Acidentes de Trabalho | G67: 0.01
B68: TOTAL : | C68: =C66+C67 -> 0.0464935 | D68: =ROUND(D66+D67,2) -> 320.8
A69: QUADRO RESUMO - MÓDULO 4 (ENCARGOS TRABALHISTAS)
A70: 4 | B70: MÓDULO 4 (ENCARGOS TRABALHISTAS)
A71: 4.1. | B71: PREVIDENCIARIO E FGTS | C71: =C42 -> 0.268 | D71: =D42 -> 1849.2
A72: 4.2. | B72: 13º SALÁRIO | C72: =C47 -> 0.0973333 | D72: =D47 -> 671.6
A73: 4.3. | B73: AFASTAMENTO MATERNIDADE | C73: =C51 -> 0.0004697 | D73: =D51 -> 3.25
A74: 4.4. | B74: PROVISÃO RESCISÃO | C74: =C58 -> 0.0694122 | D74: =D58 -> 478.94
A75: 4.5. | B75: CUSTO DE REPOSIÇÃO DO PROFISSIONAL AUSENTE | C75: =C68 -> 0.0464935 | D75: =D68 -> 320.8
B76: TOTAL : | C76: =SUM(C71:C75) -> 0.4817087 | D76: =SUM(D71:D75) -> 3323.79
B78: TOTAL1 (MÓDULOS: 1+2+3+4) | D78: =ROUND(D15+D24+D31+D76,2) -> 11347.11
A79: MÓDULO 5 - CUSTOS INDIRETOS, TRIBUTOS E LUCRO
A80: 5 | C80: Percentuais | D80: VALORES
A81: A | B81: Taxa de Administração (Custos indiretos) | C81: 0.045 | D81: =ROUND(C81*$D$78,2) -> 510.62
A82: B | B82: LUCRO | C82: 0.045 | D82: =ROUND((D$78+D$81)*C$82,2) -> 533.6
A83: C | B83: TRIBUTOS | C83: =SUM(C84:C89) -> 0.1695 | D83: =SUM(D84:D89) -> 2529.01
A84: C.1 | B84: Tributos Federais (PIS) | C84: 0.0165 | D84: =ROUND(C84*D93,2) -> 246.19
B85: Tributos Federais (COFINS) | C85: 0.076 | D85: =ROUND(C85*D93,2) -> 1133.95
A86: C.2 | B86: Tributos Estaduais
A87: C.3 | B87: Tributos Municipais (ISS) | C87: 0.05 | D87: =ROUND(C87*D93,2) -> 746.02
A88: C.4 | B88: Contribuição Previdenciária sobre a Receita Bruta (CPRB) Lei nº 12.546/2011 e IN RFB 1436/2013 | C88: 0.027 | D88: =ROUND(C88*D93,2) -> 402.85
B90: VALOR TOTAL (MÓDULO 5) | C90: =SUM(C81:C83) -> 0.2595 | D90: =ROUND(SUM(D81:D83),2) -> 3573.23
A92: (categoria profissional) | C92: Quantidade | D92: VALORES
B93: 1 POSTO | C93: 1 | D93: =ROUND(($D$78+$D$81+$D$82)/(1-$C$83),2) -> 14920.33

Sheet subitem 8
A1: 1.8 | B1: PLANILHA DE ESTIMATIVA DE CUSTOS - LUCRO REAL CONFORME IN nº 02/2008, atualizada até a IN nº 05/2017
A2: CATEGORIA | B2: =VLOOKUP($A$1,Bdados!$A:$N,2,0) -> Especialista - Impressão Offset
A3: Jornada de Trabalho | B3: =VLOOKUP($A$1,Bdados!$A:$N,5,0) -> 40 horas semanais
A4: CCT | B4: =VLOOKUP($A$1,Bdados!$A:$N,4,0) -> CCT DF000647_2024 SINDIGRAF/DF X STIG 2024.2025 (vigente até 1º/08/2025) | C4: DATA BASE
D5: PISO
A6: MÓDULO 1 - COMPOSIÇÃO DA REMUNERAÇÃO: | C6: Percentuais | D6: VALOR PROPOSTA
B7: Salário Base | D7: =VLOOKUP($A$1,Bdados!$A:$N,6,0) -> 6900
B8: ="Adicional de Periculosidade" & IF(D8>0," 30% sobre o salário base","") -> Adicional de Periculosidade | D8: =VLOOKUP($A$1,Bdados!$A:$N,7,0) -> 0
B9: ="Adicional Insalubridade SM" & IF(D9>0," 20% sobre o salário mínimo","") -> Adicional Insalubridade SM 20% sobre o salário mínimo | D9: =VLOOKUP($A$1,Bdados!$A:$N,8,0) -> 324.2
B10: ="Adicional Noturno" & IF(D10>0," 20 % sobre as horas noturnas ","") -> Adicional Noturno | D10: =VLOOKUP($A$1,Bdados!$A:$N,9,0) -> 0
B11: Adicional de HE
B12: Hora Noturna Adicional
B13: Intervalo Intrajornada | D13: =VLOOKUP($A$1,Bdados!$A:$N,10,0) -> 0
B14: Outros Dif horas extras
B15: TOTAL DA REMUNERAÇÃO | D15: =ROUND(SUM(D7:D14),2) -> 7224.2
A16: MÓDULO 2 - BENEFÍCIOS MENSAIS E DIÁRIOS
B17: Auxilio Transporte (R$ 15,00 por dia trabalhado - 6% SB) | D17: =VLOOKUP($A$1,Bdados!$A:$N,13,0) -> 0
B18: Auxilio Alimentação (R$ 48,17 por dia trabalhado) | D18: =VLOOKUP($A$1,Bdados!$A:$N,14,0) -> 1059.74
B19: Contibuição Assistencial
B20: Auxílio Creche (10% de 20% do salário normativo) | D20: =ROUND((1667.51*20%)*10%,2) -> 33.35
B21: Auxílio Funeral (Cotação do atual contrato) | D21: 5
B22: Seguro de vida
B24: TOTAL DOS BENEFÍCIOS MENSAIS E DIÁRIOS | D24: =ROUND(SUM(D17:D23),2) -> 1098.09
A25: MÓDULO 3- INSUMOS DIVERSOS
B26: Insumos Diversos
B27: Uniformes | D27: =Bdados!P5 -> 25.23
B28: EPI'S | D28: =Bdados!O5 -> 0
B31: TOTAL DE INSUMOS DIVERSOS: | D31: =SUM(D27:D30) -> 25.23
A32: MÓDULO 4 - ENCARGOS SOCIAIS E TRABALHISTAS
A33: 4.1.PREVIDENCIARIO E FGTS | C33: Percentuais | D33: VALORES
B34: INSS (art. 22, inciso I, Lei nº 8.212/91) | C34: 0.1 | D34: =ROUND(C34*(D$15-D$13),7) -> 722.42
B35: SESI ou SESC (art. 30, Lei nº 8.036/90 e art. 1º, Lei 8.154/90) | C35: 0.015 | D35: =ROUND(C35*(D$15-D$13),7) -> 108.363
B36: SENAI ou SENAC (Decreto nº 2.318/86) | C36: 0.01 | D36: =ROUND(C36*(D$15-D$13),7) -> 72.242
B37: INCRA (art. 1º, I, Decreto Lei 1.146/70 e Lei 7.787, de 30/06/89) | C37: 0.002 | D37: =ROUND(C37*(D$15-D$13),7) -> 14.4484
B38: Salário Educação (art. 3º, inciso I, Decreto nº 87.043/82) | C38: 0.025 | D38: =ROUND(C38*(D$15-D$13),2) -> 180.61
B39: FGTS (Lei Complementar nº 110/01 e art. 30, Lei nº 8.036/90) | C39: 0.08 | D39: =ROUND(C39*(D$15-D$13),2) -> 577.94
B40: Risco de Acidente do Trabalho/RAT/INSS (inciso II,B, Lei 8.212/91 e Anexo V, Decreto 6.042/08) (1) | C40: 0.03 | D40: =ROUND(C40*(D$15-D$13),2) -> 216.73
B41: SEBRAE (§ 3º, art. 8º, Lei 8.029/90, alterada pela Lei nº 8.154/90) | C41: 0.006 | D41: =ROUND(C41*(D$15-D$13),2) -> 43.35
B42: TOTAL : | C42: =SUM(C34:C41) -> 0.268 | D42: =ROUND(SUM(D34:D41),2) -> 1936.1
A43: 4.2 13º SALÁRIO | C43: Percentuais | D43: VALORES
B44: 13º Salário | C44: =ROUND(1/12,7) -> 0.0833333 | D44: =ROUND(C44*(D$15-D$13),2) -> 602.02
B45: Incidência do 4.1. sobre o 13º salário | C45: =ROUND(($C$42-C34)*C$44,7) -> 0.014 | D45: =ROUND(C45*(D$15-D$13),2) -> 101.14 | F45: PARÂMETROS
B47: TOTAL : | C47: =SUM(C44:C46) -> 0.0973333 | D47: =SUM(D44:D45) -> 703.16
A48: 4.3. AFASTAMENTO MATERNIDADE | C48: Percentuais | D48: VALORES
B49: Afastamento maternidade | C49: =ROUND((((1+1/3)*(G49/12)/12)*G50),7) -> 0.0003704 | D49: =ROUND(C49*(D$15-D$13),2) -> 2.68 | F49: Número de Meses de Afastamento Maternidade | G49: 4
B50: Incidência do 4.1. sobre afastamento maternidade | C50: =ROUND(C42*C49,7) -> 9.93e-05 | D50: =ROUND(C50*(D$15-D$13),2) -> 0.72 | F50: Incidência anual de ocorrência de Afastamento Maternidade | G50: 0.01
B51: TOTAL : | C51: =SUM(C49:C50) -> 0.0004697 | D51: =SUM(D49:D50) -> 3.4
A52: 4.4. PROVISÃO P\ RESCISÃO | C52: Percentuais | D52: VALORES
B53: Aviso Prévio Indenizado ( art. 7º, XXI, CF e 477, 487 e 491, CLT) (2) | C53: =ROUND(((1/12)*G53),7) -> 0.0083333 | D53: =ROUND(C53*(D$15-D$13),2) -> 60.2 | F53: % dispensa com aviso prévio indenizado | G53: 0.1
B54: Incidência de FGTS sobre o aviso prévio indenizado | C54: =ROUND(C$39*C$53,7) -> 0.0006667 | D54: =ROUND(C54*(D$15-D$13),2) -> 4.82 | F54: % dispensa com aviso prévio trabalhado | G54: 0.9
B55: Aviso Prévio Trabalhado (art. 7º, inciso XXI, CF e 477, 487 e 491, CLT) | C55: =ROUND((7/30/12*(G54)),7) -> 0.0175 | D55: =ROUND(C55*(D$15-D$13),2) -> 126.42 | F55: TOTAL | G55: =SUM(G53:G54) -> 1
B56: Incidência do 4.1. sobre o Aviso Prévio Trabalhado | C56: =ROUND(C$55*C$42,7) -> 0.00469 | D56: =ROUND(C56*(D$15-D$13),2) -> 33.88
B57: Multa do FGTS sobre os Avisos Prévios Indenizado e Trabalhado | C57: =ROUND((((1+(1/12)+(1/12)+(1/3*1/12))*0.4)*0.08)*1,7) -> 0.0382222 | D57: =ROUND(C57*(D$15-D$13),2) -> 276.12
B58: TOTAL : | C58: =SUM(C53:C57) -> 0.0694122 | D58: =SUM(D53:D57) -> 501.44
A59: 4.5. CUSTO DE REPOSIÇÃO DO PROFISSIONAL AUSENTE | C59: Percentuais | D59: VALORES
B60: Férias | C60: =VLOOKUP($A$1,Bdados!$A:$N,11,0) -> 0 | D60: =ROUND(C60*(D$15-D$13),2) -> 0
B61: Terço constitucional de férias | C61: =ROUND(1/3*1/12,7) -> 0.0277778 | D61: =ROUND(C61*(D$15-D$13),2) -> 200.67
B62: Auxílio doença | C62: =ROUND($G$62/30/12,7) -> 0.0055556 | D62: =ROUND(C62*(D$15-D$13),2) -> 40.13 | F62: Quantidade média de faltas por doença no ano por posto | G62: 2
B63: Licença paternidade | C63: =ROUND((1/30/12*$G$63)*$G$64,7) -> 0.0001389 | D63: =ROUND(C63*(D$15-D$13),2) -> 1 | F63: Quantidade média de dias de licença paternidade | G63: 5
B64: Faltas legais | C64: =ROUND((1/30/12)*$G$65,7) -> 0.0027778 | D64: =ROUND(C64*(D$15-D$13),2) -> 20.07 | F64: Incidência de Ocorrência de licença paternidade | G64: 0.01
B65: Acidente de Trabalho | C65: =ROUND((((1/30)/12)*$G$66)*$G$67,7) -> 0.0004167 | D65: =ROUND(C65*(D$15-D$13),2) -> 3.01 | F65: Quantidade média de ausências legais no ano por posto | G65: 1
B66: Subtotal | C66: =SUM(C60:C65) -> 0.0366668 | D66: =ROUND(C66*(D$15-D$13),2) -> 264.89 | F66: Quantidade média de dias pagos em acidente de trabalho | G66: 15
B67: Incidência do 4.1. sobre o Custo da Reposição | C67: =ROUND(C66*C42,7) -> 0.0098267 | D67: =ROUND(C42*D$66,2) -> 70.99 | F67: Percentual de Incidência de Acidentes de Trabalho | G67: 0.01
B68: TOTAL : | C68: =C66+C67 -> 0.0464935 | D68: =ROUND(D66+D67,2) -> 335.88
A69: QUADRO RESUMO - MÓDULO 4 (ENCARGOS TRABALHISTAS)
A70: 4 | B70: MÓDULO 4 (ENCARGOS TRABALHISTAS)
A71: 4.1. | B71: PREVIDENCIARIO E FGTS | C71: =C42 -> 0.268 | D71: =D42 -> 1936.1
A72: 4.2. | B72: 13º SALÁRIO | C72: =C47 -> 0.0973333 | D72: =D47 -> 703.16
A73: 4.3. | B73: AFASTAMENTO MATERNIDADE | C73: =C51 -> 0.0004697 | D73: =D51 -> 3.4
A74: 4.4. | B74: PROVISÃO RESCISÃO | C74: =C58 -> 0.0694122 | D74: =D58 -> 501.44
A75: 4.5. | B75: CUSTO DE REPOSIÇÃO DO PROFISSIONAL AUSENTE | C75: =C68 -> 0.0464935 | D75: =D68 -> 335.88
B76: TOTAL : | C76: =SUM(C71:C75) -> 0.4817087 | D76: =SUM(D71:D75) -> 3479.98
B78: TOTAL1 (MÓDULOS: 1+2+3+4) | D78: =ROUND(D15+D24+D31+D76,2) -> 11827.5
A79: MÓDULO 5 - CUSTOS INDIRETOS, TRIBUTOS E LUCRO
A80: 5 | C80: Percentuais | D80: VALORES
A81: A | B81: Taxa de Administração (Custos indiretos) | C81: 0.045 | D81: =ROUND(C81*$D$78,2) -> 532.24
A82: B | B82: LUCRO | C82: 0.045 | D82: =ROUND((D$78+D$81)*C$82,2) -> 556.19
A83: C | B83: TRIBUTOS | C83: =SUM(C84:C89) -> 0.1695 | D83: =SUM(D84:D89) -> 2636.06
A84: C.1 | B84: Tributos Federais (PIS) | C84: 0.0165 | D84: =ROUND(C84*D93,2) -> 256.61
B85: Tributos Federais (COFINS) | C85: 0.076 | D85: =ROUND(C85*D93,2) -> 1181.95
A86: C.2 | B86: Tributos Estaduais
A87: C.3 | B87: Tributos Municipais (ISS) | C87: 0.05 | D87: =ROUND(C87*D93,2) -> 777.6
A88: C.4 | B88: Contribuição Previdenciária sobre a Receita Bruta (CPRB) Lei nº 12.546/2011 e IN RFB 1436/2013 | C88: 0.027 | D88: =ROUND(C88*D93,2) -> 419.9
B90: VALOR TOTAL (MÓDULO 5) | C90: =SUM(C81:C83) -> 0.2595 | D90: =ROUND(SUM(D81:D83),2) -> 3724.49
A92: (categoria profissional) | C92: Quantidade | D92: VALORES
B93: 1 POSTO | C93: 1 | D93: =ROUND(($D$78+$D$81+$D$82)/(1-$C$83),2) -> 15551.99

Sheet subitem 9
A1: 1.9 | B1: PLANILHA DE ESTIMATIVA DE CUSTOS - LUCRO REAL CONFORME IN nº 02/2008, atualizada até a IN nº 05/2017
A2: CATEGORIA | B2: =VLOOKUP($A$1,Bdados!$A:$N,2,0) -> Especialista em Editorial Técnico Científico
A3: Jornada de Trabalho | B3: =VLOOKUP($A$1,Bdados!$A:$N,5,0) -> 40 horas semanais
A4: CCT | B4: =VLOOKUP($A$1,Bdados!$A:$N,4,0) -> CCT DF000647_2024 SINDIGRAF/DF X STIG 2024.2025 (vigente até 1º/08/2025) | C4: DATA BASE
D5: PISO
A6: MÓDULO 1 - COMPOSIÇÃO DA REMUNERAÇÃO: | C6: Percentuais | D6: VALOR PROPOSTA
B7: Salário Base | D7: =VLOOKUP($A$1,Bdados!$A:$N,6,0) -> 6900
B8: ="Adicional de Periculosidade" & IF(D8>0," 30% sobre o salário base","") -> Adicional de Periculosidade | D8: =VLOOKUP($A$1,Bdados!$A:$N,7,0) -> 0
B9: ="Adicional Insalubridade SM" & IF(D9>0," 20% sobre o salário mínimo","") -> Adicional Insalubridade SM | D9: =VLOOKUP($A$1,Bdados!$A:$N,8,0) -> 0
B10: ="Adicional Noturno" & IF(D10>0," 20 % sobre as horas noturnas ","") -> Adicional Noturno | D10: =VLOOKUP($A$1,Bdados!$A:$N,9,0) -> 0
B11: Adicional de HE
B12: Hora Noturna Adicional
B13: Intervalo Intrajornada | D13: =VLOOKUP($A$1,Bdados!$A:$N,10,0) -> 0
B14: Outros Dif horas extras
B15: TOTAL DA REMUNERAÇÃO | D15: =ROUND(SUM(D7:D14),2) -> 6900
A16: MÓDULO 2 - BENEFÍCIOS MENSAIS E DIÁRIOS
B17: Auxilio Transporte (R$ 15,00 por dia trabalhado - 6% SB) | D17: =VLOOKUP($A$1,Bdados!$A:$N,13,0) -> 0
B18: Auxilio Alimentação (R$ 48,17 por dia trabalhado) | D18: =VLOOKUP($A$1,Bdados!$A:$N,14,0) -> 1059.74
B19: Contibuição Assistencial
B20: Auxílio Creche (10% de 20% do salário normativo) | D20: =ROUND((1667.51*20%)*10%,2) -> 33.35
B21: Auxílio Funeral (Cotação do atual contrato) | D21: 5
B22: Seguro de vida
B24: TOTAL DOS BENEFÍCIOS MENSAIS E DIÁRIOS | D24: =ROUND(SUM(D17:D23),2) -> 1098.09
A25: MÓDULO 3- INSUMOS DIVERSOS
B26: Insumos Diversos
B27: Uniformes | D27: =Bdados!P5 -> 25.23
B28: EPI'S | D28: =Bdados!O5 -> 0
B31: TOTAL DE INSUMOS DIVERSOS: | D31: =SUM(D27:D30) -> 25.23
A32: MÓDULO 4 - ENCARGOS SOCIAIS E TRABALHISTAS
A33: 4.1.PREVIDENCIARIO E FGTS | C33: Percentuais | D33: VALORES
B34: INSS (art. 22, inciso I, Lei nº 8.212/91) | C34: 0.1 | D34: =ROUND(C34*(D$15-D$13),7) -> 690
B35: SESI ou SESC (art. 30, Lei nº 8.036/90 e art. 1º, Lei 8.154/90) | C35: 0.015 | D35: =ROUND(C35*(D$15-D$13),7) -> 103.5
B36: SENAI ou SENAC (Decreto nº 2.318/86) | C36: 0.01 | D36: =ROUND(C36*(D$15-D$13),7) -> 69
B37: INCRA (art. 1º, I, Decreto Lei 1.146/70 e Lei 7.787, de 30/06/89) | C37: 0.002 | D37: =ROUND(C37*(D$15-D$13),7) -> 13.8
B38: Salário Educação (art. 3º, inciso I, Decreto nº 87.043/82) | C38: 0.025 | D38: =ROUND(C38*(D$15-D$13),2) -> 172.5
B39: FGTS (Lei Complementar nº 110/01 e art. 30, Lei nº 8.036/90) | C39: 0.08 | D39: =ROUND(C39*(D$15-D$13),2) -> 552
B40: Risco de Acidente do Trabalho/RAT/INSS (inciso II,B, Lei 8.212/91 e Anexo V, Decreto 6.042/08) (1) | C40: 0.03 | D40: =ROUND(C40*(D$15-D$13),2) -> 207
B41: SEBRAE (§ 3º, art. 8º, Lei 8.029/90, alterada pela Lei nº 8.154/90) | C41: 0.006 | D41: =ROUND(C41*(D$15-D$13),2) -> 41.4
B42: TOTAL : | C42: =SUM(C34:C41) -> 0.268 | D42: =ROUND(SUM(D34:D41),2) -> 1849.2
A43: 4.2 13º SALÁRIO | C43: Percentuais | D43: VALORES
B44: 13º Salário | C44: =ROUND(1/12,7) -> 0.0833333 | D44: =ROUND(C44*(D$15-D$13),2) -> 575
B45: Incidência do 4.1. sobre o 13º salário | C45: =ROUND(($C$42-C34)*C$44,7) -> 0.014 | D45: =ROUND(C45*(D$15-D$13),2) -> 96.6 | F45: PARÂMETROS
B47: TOTAL : | C47: =SUM(C44:C46) -> 0.0973333 | D47: =SUM(D44:D45) -> 671.6
A48: 4.3. AFASTAMENTO MATERNIDADE | C48: Percentuais | D48: VALORES
B49: Afastamento maternidade | C49: =ROUND((((1+1/3)*(G49/12)/12)*G50),7) -> 0.0003704 | D49: =ROUND(C49*(D$15-D$13),2) -> 2.56 | F49: Número de Meses de Afastamento Maternidade | G49: 4
B50: Incidência do 4.1. sobre afastamento maternidade | C50: =ROUND(C42*C49,7) -> 9.93e-05 | D50: =ROUND(C50*(D$15-D$13),2) -> 0.69 | F50: Incidência anual de ocorrência de Afastamento Maternidade | G50: 0.01
B51: TOTAL : | C51: =SUM(C49:C50) -> 0.0004697 | D51: =SUM(D49:D50) -> 3.25
A52: 4.4. PROVISÃO P\ RESCISÃO | C52: Percentuais | D52: VALORES
B53: Aviso Prévio Indenizado ( art. 7º, XXI, CF e 477, 487 e 491, CLT) (2) | C53: =ROUND(((1/12)*G53),7) -> 0.0083333 | D53: =ROUND(C53*(D$15-D$13),2) -> 57.5 | F53: % dispensa com aviso prévio indenizado | G53: 0.1
B54: Incidência de FGTS sobre o aviso prévio indenizado | C54: =ROUND(C$39*C$53,7) -> 0.0006667 | D54: =ROUND(C54*(D$15-D$13),2) -> 4.6 | F54: % dispensa com aviso prévio trabalhado | G54: 0.9
B55: Aviso Prévio Trabalhado (art. 7º, inciso XXI, CF e 477, 487 e 491, CLT) | C55: =ROUND((7/30/12*(G54)),7) -> 0.0175 | D55: =ROUND(C55*(D$15-D$13),2) -> 120.75 | F55: TOTAL | G55: =SUM(G53:G54) -> 1
B56: Incidência do 4.1. sobre o Aviso Prévio Trabalhado | C56: =ROUND(C$55*C$42,7) -> 0.00469 | D56: =ROUND(C56*(D$15-D$13),2) -> 32.36
B57: Multa do FGTS sobre os Avisos Prévios Indenizado e Trabalhado | C57: =ROUND((((1+(1/12)+(1/12)+(1/3*1/12))*0.4)*0.08)*1,7) -> 0.0382222 | D57: =ROUND(C57*(D$15-D$13),2) -> 263.73
B58: TOTAL : | C58: =SUM(C53:C57) -> 0.0694122 | D58: =SUM(D53:D57) -> 478.94
A59: 4.5. CUSTO DE REPOSIÇÃO DO PROFISSIONAL AUSENTE | C59: Percentuais | D59: VALORES
B60: Férias | C60: =VLOOKUP($A$1,Bdados!$A:$N,11,0) -> 0 | D60: =ROUND(C60*(D$15-D$13),2) -> 0
B61: Terço constitucional de férias | C61: =ROUND(1/3*1/12,7) -> 0.0277778 | D61: =ROUND(C61*(D$15-D$13),2) -> 191.67
B62: Auxílio doença | C62: =ROUND($G$62/30/12,7) -> 0.0055556 | D62: =ROUND(C62*(D$15-D$13),2) -> 38.33 | F62: Quantidade média de faltas por doença no ano por posto | G62: 2
B63: Licença paternidade | C63: =ROUND((1/30/12*$G$63)*$G$64,7) -> 0.0001389 | D63: =ROUND(C63*(D$15-D$13),2) -> 0.96 | F63: Quantidade média de dias de licença paternidade | G63: 5
B64: Faltas legais | C64: =ROUND((1/30/12)*$G$65,7) -> 0.0027778 | D64: =ROUND(C64*(D$15-D$13),2) -> 19.17 | F64: Incidência de Ocorrência de licença paternidade | G64: 0.01
B65: Acidente de Trabalho | C65: =ROUND((((1/30)/12)*$G$66)*$G$67,7) -> 0.0004167 | D65: =ROUND(C65*(D$15-D$13),2) -> 2.88 | F65: Quantidade média de ausências legais no ano por posto | G65: 1
B66: Subtotal | C66: =SUM(C60:C65) -> 0.0366668 | D66: =ROUND(C66*(D$15-D$13),2) -> 253 | F66: Quantidade média de dias pagos em acidente de trabalho | G66: 15
B67: Incidência do 4.1. sobre o Custo da Reposição | C67: =ROUND(C66*C42,7) -> 0.0098267 | D67: =ROUND(C42*D$66,2) -> 67.8 | F67: Percentual de Incidência de Acidentes de Trabalho | G67: 0.01
B68: TOTAL : | C68: =C66+C67 -> 0.0464935 | D68: =ROUND(D66+D67,2) -> 320.8
A69: QUADRO RESUMO - MÓDULO 4 (ENCARGOS TRABALHISTAS)
A70: 4 | B70: MÓDULO 4 (ENCARGOS TRABALHISTAS)
A71: 4.1. | B71: PREVIDENCIARIO E FGTS | C71: =C42 -> 0.268 | D71: =D42 -> 1849.2
A72: 4.2. | B72: 13º SALÁRIO | C72: =C47 -> 0.0973333 | D72: =D47 -> 671.6
A73: 4.3. | B73: AFASTAMENTO MATERNIDADE | C73: =C51 -> 0.0004697 | D73: =D51 -> 3.25
A74: 4.4. | B74: PROVISÃO RESCISÃO | C74: =C58 -> 0.0694122 | D74: =D58 -> 478.94
A75: 4.5. | B75: CUSTO DE REPOSIÇÃO DO PROFISSIONAL AUSENTE | C75: =C68 -> 0.0464935 | D75: =D68 -> 320.8
B76: TOTAL : | C76: =SUM(C71:C75) -> 0.4817087 | D76: =SUM(D71:D75) -> 3323.79
B78: TOTAL1 (MÓDULOS: 1+2+3+4) | D78: =ROUND(D15+D24+D31+D76,2) -> 11347.11
A79: MÓDULO 5 - CUSTOS INDIRETOS, TRIBUTOS E LUCRO
A80: 5 | C80: Percentuais | D80: VALORES
A81: A | B81: Taxa de Administração (Custos indiretos) | C81: 0.045 | D81: =ROUND(C81*$D$78,2) -> 510.62
A82: B | B82: LUCRO | C82: 0.045 | D82: =ROUND((D$78+D$81)*C$82,2) -> 533.6
A83: C | B83: TRIBUTOS | C83: =SUM(C84:C89) -> 0.1695 | D83: =SUM(D84:D89) -> 2529.01
A84: C.1 | B84: Tributos Federais (PIS) | C84: 0.0165 | D84: =ROUND(C84*D93,2) -> 246.19
B85: Tributos Federais (COFINS) | C85: 0.076 | D85: =ROUND(C85*D93,2) -> 1133.95
A86: C.2 | B86: Tributos Estaduais
A87: C.3 | B87: Tributos Municipais (ISS) | C87: 0.05 | D87: =ROUND(C87*D93,2) -> 746.02
A88: C.4 | B88: Contribuição Previdenciária sobre a Receita Bruta (CPRB) Lei nº 12.546/2011 e IN RFB 1436/2013 | C88: 0.027 | D88: =ROUND(C88*D93,2) -> 402.85
B90: VALOR TOTAL (MÓDULO 5) | C90: =SUM(C81:C83) -> 0.2595 | D90: =ROUND(SUM(D81:D83),2) -> 3573.23
A92: (categoria profissional) | C92: Quantidade | D92: VALORES
B93: 1 POSTO | C93: 1 | D93: =ROUND(($D$78+$D$81+$D$82)/(1-$C$83),2) -> 14920.33

Sheet subitem 10
A1: 1.10 | B1: PLANILHA DE ESTIMATIVA DE CUSTOS - LUCRO REAL CONFORME IN nº 02/2008, atualizada até a IN nº 05/2017
A2: CATEGORIA | B2: =VLOOKUP($A$1,Bdados!$A:$N,2,0) -> Especialista em Programação Visual Gráfica
A3: Jornada de Trabalho | B3: =VLOOKUP($A$1,Bdados!$A:$N,5,0) -> 40 horas semanais
A4: CCT | B4: =VLOOKUP($A$1,Bdados!$A:$N,4,0) -> CCT DF000647_2024 SINDIGRAF/DF X STIG 2024.2025 (vigente até 1º/08/2025) | C4: DATA BASE
D5: PISO
A6: MÓDULO 1 - COMPOSIÇÃO DA REMUNERAÇÃO: | C6: Percentuais | D6: VALOR PROPOSTA
B7: Salário Base | D7: =VLOOKUP($A$1,Bdados!$A:$N,6,0) -> 6900
B8: ="Adicional de Periculosidade" & IF(D8>0," 30% sobre o salário base","") -> Adicional de Periculosidade | D8: =VLOOKUP($A$1,Bdados!$A:$N,7,0) -> 0
B9: ="Adicional Insalubridade SM" & IF(D9>0," 20% sobre o salário mínimo","") -> Adicional Insalubridade SM | D9: =VLOOKUP($A$1,Bdados!$A:$N,8,0) -> 0
B10: ="Adicional Noturno" & IF(D10>0," 20 % sobre as horas noturnas ","") -> Adicional Noturno | D10: =VLOOKUP($A$1,Bdados!$A:$N,9,0) -> 0
B11: Adicional de HE
B12: Hora Noturna Adicional
B13: Intervalo Intrajornada | D13: =VLOOKUP($A$1,Bdados!$A:$N,10,0) -> 0
B14: Outros Dif horas extras
B15: TOTAL DA REMUNERAÇÃO | D15: =ROUND(SUM(D7:D14),2) -> 6900
A16: MÓDULO 2 - BENEFÍCIOS MENSAIS E DIÁRIOS
B17: Auxilio Transporte (R$ 15,00 por dia trabalhado - 6% SB) | D17: =VLOOKUP($A$1,Bdados!$A:$N,13,0) -> 0
B18: Auxilio Alimentação (R$ 48,17 por dia trabalhado) | D18: =VLOOKUP($A$1,Bdados!$A:$N,14,0) -> 1059.74
B19: Contibuição Assistencial
B20: Auxílio Creche (10% de 20% do salário normativo) | D20: =ROUND((1667.51*20%)*10%,2) -> 33.35
B21: Auxílio Funeral (Cotação do atual contrato) | D21: 5
B22: Seguro de vida
B24: TOTAL DOS BENEFÍCIOS MENSAIS E DIÁRIOS | D24: =ROUND(SUM(D17:D23),2) -> 1098.09
A25: MÓDULO 3- INSUMOS DIVERSOS
B26: Insumos Diversos
B27: Uniformes | D27: =Bdados!P5 -> 25.23
B28: EPI'S | D28: =Bdados!O5 -> 0
B31: TOTAL DE INSUMOS DIVERSOS: | D31: =SUM(D27:D30) -> 25.23
A32: MÓDULO 4 - ENCARGOS SOCIAIS E TRABALHISTAS
A33: 4.1.PREVIDENCIARIO E FGTS | C33: Percentuais | D33: VALORES
B34: INSS (art. 22, inciso I, Lei nº 8.212/91) | C34: 0.1 | D34: =ROUND(C34*(D$15-D$13),7) -> 690
B35: SESI ou SESC (art. 30, Lei nº 8.036/90 e art. 1º, Lei 8.154/90) | C35: 0.015 | D35: =ROUND(C35*(D$15-D$13),7) -> 103.5
B36: SENAI ou SENAC (Decreto nº 2.318/86) | C36: 0.01 | D36: =ROUND(C36*(D$15-D$13),7) -> 69
B37: INCRA (art. 1º, I, Decreto Lei 1.146/70 e Lei 7.787, de 30/06/89) | C37: 0.002 | D37: =ROUND(C37*(D$15-D$13),7) -> 13.8
B38: Salário Educação (art. 3º, inciso I, Decreto nº 87.043/82) | C38: 0.025 | D38: =ROUND(C38*(D$15-D$13),2) -> 172.5
B39: FGTS (Lei Complementar nº 110/01 e art. 30, Lei nº 8.036/90) | C39: 0.08 | D39: =ROUND(C39*(D$15-D$13),2) -> 552
B40: Risco de Acidente do Trabalho/RAT/INSS (inciso II,B, Lei 8.212/91 e Anexo V, Decreto 6.042/08) (1) | C40: 0.03 | D40: =ROUND(C40*(D$15-D$13),2) -> 207
B41: SEBRAE (§ 3º, art. 8º, Lei 8.029/90, alterada pela Lei nº 8.154/90) | C41: 0.006 | D41: =ROUND(C41*(D$15-D$13),2) -> 41.4
B42: TOTAL : | C42: =SUM(C34:C41) -> 0.268 | D42: =ROUND(SUM(D34:D41),2) -> 1849.2
A43: 4.2 13º SALÁRIO | C43: Percentuais | D43: VALORES
B44: 13º Salário | C44: =ROUND(1/12,7) -> 0.0833333 | D44: =ROUND(C44*(D$15-D$13),2) -> 575
B45: Incidência do 4.1. sobre o 13º salário | C45: =ROUND(($C$42-C34)*C$44,7) -> 0.014 | D45: =ROUND(C45*(D$15-D$13),2) -> 96.6 | F45: PARÂMETROS
B47: TOTAL : | C47: =SUM(C44:C46) -> 0.0973333 | D47: =SUM(D44:D45) -> 671.6
A48: 4.3. AFASTAMENTO MATERNIDADE | C48: Percentuais | D48: VALORES
B49: Afastamento maternidade | C49: =ROUND((((1+1/3)*(G49/12)/12)*G50),7) -> 0.0003704 | D49: =ROUND(C49*(D$15-D$13),2) -> 2.56 | F49: Número de Meses de Afastamento Maternidade | G49: 4
B50: Incidência do 4.1. sobre afastamento maternidade | C50: =ROUND(C42*C49,7) -> 9.93e-05 | D50: =ROUND(C50*(D$15-D$13),2) -> 0.69 | F50: Incidência anual de ocorrência de Afastamento Maternidade | G50: 0.01
B51: TOTAL : | C51: =SUM(C49:C50) -> 0.0004697 | D51: =SUM(D49:D50) -> 3.25
A52: 4.4. PROVISÃO P\ RESCISÃO | C52: Percentuais | D52: VALORES
B53: Aviso Prévio Indenizado ( art. 7º, XXI, CF e 477, 487 e 491, CLT) (2) | C53: =ROUND(((1/12)*G53),7) -> 0.0083333 | D53: =ROUND(C53*(D$15-D$13),2) -> 57.5 | F53: % dispensa com aviso prévio indenizado | G53: 0.1
B54: Incidência de FGTS sobre o aviso prévio indenizado | C54: =ROUND(C$39*C$53,7) -> 0.0006667 | D54: =ROUND(C54*(D$15-D$13),2) -> 4.6 | F54: % dispensa com aviso prévio trabalhado | G54: 0.9
B55: Aviso Prévio Trabalhado (art. 7º, inciso XXI, CF e 477, 487 e 491, CLT) | C55: =ROUND((7/30/12*(G54)),7) -> 0.0175 | D55: =ROUND(C55*(D$15-D$13),2) -> 120.75 | F55: TOTAL | G55: =SUM(G53:G54) -> 1
B56: Incidência do 4.1. sobre o Aviso Prévio Trabalhado | C56: =ROUND(C$55*C$42,7) -> 0.00469 | D56: =ROUND(C56*(D$15-D$13),2) -> 32.36
B57: Multa do FGTS sobre os Avisos Prévios Indenizado e Trabalhado | C57: =ROUND((((1+(1/12)+(1/12)+(1/3*1/12))*0.4)*0.08)*1,7) -> 0.0382222 | D57: =ROUND(C57*(D$15-D$13),2) -> 263.73
B58: TOTAL : | C58: =SUM(C53:C57) -> 0.0694122 | D58: =SUM(D53:D57) -> 478.94
A59: 4.5. CUSTO DE REPOSIÇÃO DO PROFISSIONAL AUSENTE | C59: Percentuais | D59: VALORES
B60: Férias | C60: =VLOOKUP($A$1,Bdados!$A:$N,11,0) -> 0 | D60: =ROUND(C60*(D$15-D$13),2) -> 0
B61: Terço constitucional de férias | C61: =ROUND(1/3*1/12,7) -> 0.0277778 | D61: =ROUND(C61*(D$15-D$13),2) -> 191.67
B62: Auxílio doença | C62: =ROUND($G$62/30/12,7) -> 0.0055556 | D62: =ROUND(C62*(D$15-D$13),2) -> 38.33 | F62: Quantidade média de faltas por doença no ano por posto | G62: 2
B63: Licença paternidade | C63: =ROUND((1/30/12*$G$63)*$G$64,7) -> 0.0001389 | D63: =ROUND(C63*(D$15-D$13),2) -> 0.96 | F63: Quantidade média de dias de licença paternidade | G63: 5
B64: Faltas legais | C64: =ROUND((1/30/12)*$G$65,7) -> 0.0027778 | D64: =ROUND(C64*(D$15-D$13),2) -> 19.17 | F64: Incidência de Ocorrência de licença paternidade | G64: 0.01
B65: Acidente de Trabalho | C65: =ROUND((((1/30)/12)*$G$66)*$G$67,7) -> 0.0004167 | D65: =ROUND(C65*(D$15-D$13),2) -> 2.88 | F65: Quantidade média de ausências legais no ano por posto | G65: 1
B66: Subtotal | C66: =SUM(C60:C65) -> 0.0366668 | D66: =ROUND(C66*(D$15-D$13),2) -> 253 | F66: Quantidade média de dias pagos em acidente de trabalho | G66: 15
B67: Incidência do 4.1. sobre o Custo da Reposição | C67: =ROUND(C66*C42,7) -> 0.0098267 | D67: =ROUND(C42*D$66,2) -> 67.8 | F67: Percentual de Incidência de Acidentes de Trabalho | G67: 0.01
B68: TOTAL : | C68: =C66+C67 -> 0.0464935 | D68: =ROUND(D66+D67,2) -> 320.8
A69: QUADRO RESUMO - MÓDULO 4 (ENCARGOS TRABALHISTAS)
A70: 4 | B70: MÓDULO 4 (ENCARGOS TRABALHISTAS)
A71: 4.1. | B71: PREVIDENCIARIO E FGTS | C71: =C42 -> 0.268 | D71: =D42 -> 1849.2
A72: 4.2. | B72: 13º SALÁRIO | C72: =C47 -> 0.0973333 | D72: =D47 -> 671.6
A73: 4.3. | B73: AFASTAMENTO MATERNIDADE | C73: =C51 -> 0.0004697 | D73: =D51 -> 3.25
A74: 4.4. | B74: PROVISÃO RESCISÃO | C74: =C58 -> 0.0694122 | D74: =D58 -> 478.94
A75: 4.5. | B75: CUSTO DE REPOSIÇÃO DO PROFISSIONAL AUSENTE | C75: =C68 -> 0.0464935 | D75: =D68 -> 320.8
B76: TOTAL : | C76: =SUM(C71:C75) -> 0.4817087 | D76: =SUM(D71:D75) -> 3323.79
B78: TOTAL1 (MÓDULOS: 1+2+3+4) | D78: =ROUND(D15+D24+D31+D76,2) -> 11347.11
A79: MÓDULO 5 - CUSTOS INDIRETOS, TRIBUTOS E LUCRO
A80: 5 | C80: Percentuais | D80: VALORES
A81: A | B81: Taxa de Administração (Custos indiretos) | C81: 0.045 | D81: =ROUND(C81*$D$78,2) -> 510.62
A82: B | B82: LUCRO | C82: 0.045 | D82: =ROUND((D$78+D$81)*C$82,2) -> 533.6
A83: C | B83: TRIBUTOS | C83: =SUM(C84:C89) -> 0.1695 | D83: =SUM(D84:D89) -> 2529.01
A84: C.1 | B84: Tributos Federais (PIS) | C84: 0.0165 | D84: =ROUND(C84*D93,2) -> 246.19
B85: Tributos Federais (COFINS) | C85: 0.076 | D85: =ROUND(C85*D93,2) -> 1133.95
A86: C.2 | B86: Tributos Estaduais
A87: C.3 | B87: Tributos Municipais (ISS) | C87: 0.05 | D87: =ROUND(C87*D93,2) -> 746.02
A88: C.4 | B88: Contribuição Previdenciária sobre a Receita Bruta (CPRB) Lei nº 12.546/2011 e IN RFB 1436/2013 | C88: 0.027 | D88: =ROUND(C88*D93,2) -> 402.85
B90: VALOR TOTAL (MÓDULO 5) | C90: =SUM(C81:C83) -> 0.2595 | D90: =ROUND(SUM(D81:D83),2) -> 3573.23
A92: (categoria profissional) | C92: Quantidade | D92: VALORES
B93: 1 POSTO | C93: 1 | D93: =ROUND(($D$78+$D$81+$D$82)/(1-$C$83),2) -> 14920.33

Sheet subitem 11
A1: 1.11 | B1: PLANILHA DE ESTIMATIVA DE CUSTOS - LUCRO REAL CONFORME IN nº 02/2008, atualizada até a IN nº 05/2017
A2: CATEGORIA | B2: =VLOOKUP($A$1,Bdados!$A:$N,2,0) -> Estoquista
A3: Jornada de Trabalho | B3: =VLOOKUP($A$1,Bdados!$A:$N,5,0) -> 40 horas semanais
A4: CCT | B4: =VLOOKUP($A$1,Bdados!$A:$N,4,0) -> CCT DF000647_2024 SINDIGRAF/DF X STIG 2024.2025 (vigente até 1º/08/2025) | C4: DATA BASE
D5: PISO
A6: MÓDULO 1 - COMPOSIÇÃO DA REMUNERAÇÃO: | C6: Percentuais | D6: VALOR PROPOSTA
B7: Salário Base | D7: =VLOOKUP($A$1,Bdados!$A:$N,6,0) -> 3300
B8: ="Adicional de Periculosidade" & IF(D8>0," 30% sobre o salário base","") -> Adicional de Periculosidade | D8: =VLOOKUP($A$1,Bdados!$A:$N,7,0) -> 0
B9: ="Adicional Insalubridade SM" & IF(D9>0," 20% sobre o salário mínimo","") -> Adicional Insalubridade SM | D9: =VLOOKUP($A$1,Bdados!$A:$N,8,0) -> 0
B10: ="Adicional Noturno" & IF(D10>0," 20 % sobre as horas noturnas ","") -> Adicional Noturno | D10: =VLOOKUP($A$1,Bdados!$A:$N,9,0) -> 0
B11: Adicional de HE
B12: Hora Noturna Adicional
B13: Intervalo Intrajornada | D13: =VLOOKUP($A$1,Bdados!$A:$N,10,0) -> 0
B14: Outros Dif horas extras
B15: TOTAL DA REMUNERAÇÃO | D15: =ROUND(SUM(D7:D14),2) -> 3300
A16: MÓDULO 2 - BENEFÍCIOS MENSAIS E DIÁRIOS
B17: Auxilio Transporte (R$ 15,00 por dia trabalhado - 6% SB) | D17: =VLOOKUP($A$1,Bdados!$A:$N,13,0) -> 297
B18: Auxilio Alimentação (R$ 48,17 por dia trabalhado) | D18: =VLOOKUP($A$1,Bdados!$A:$N,14,0) -> 1059.74
B19: Contibuição Assistencial
B20: Auxílio Creche (10% de 20% do salário normativo) | D20: =ROUND((1667.51*20%)*10%,2) -> 33.35
B21: Auxílio Funeral (Cotação do atual contrato) | D21: 5
B22: Seguro de vida
B24: TOTAL DOS BENEFÍCIOS MENSAIS E DIÁRIOS | D24: =ROUND(SUM(D17:D23),2) -> 1395.09
A25: MÓDULO 3- INSUMOS DIVERSOS
B26: Insumos Diversos
B27: Uniformes | D27: =Bdados!P5 -> 25.23
B28: EPI'S | D28: =Bdados!O5 -> 0
B31: TOTAL DE INSUMOS DIVERSOS: | D31: =SUM(D27:D30) -> 25.23
A32: MÓDULO 4 - ENCARGOS SOCIAIS E TRABALHISTAS
A33: 4.1.PREVIDENCIARIO E FGTS | C33: Percentuais | D33: VALORES
B34: INSS (art. 22, inciso I, Lei nº 8.212/91) | C34: 0.1 | D34: =ROUND(C34*(D$15-D$13),7) -> 330
B35: SESI ou SESC (art. 30, Lei nº 8.036/90 e art. 1º, Lei 8.154/90) | C35: 0.015 | D35: =ROUND(C35*(D$15-D$13),7) -> 49.5
B36: SENAI ou SENAC (Decreto nº 2.318/86) | C36: 0.01 | D36: =ROUND(C36*(D$15-D$13),7) -> 33
B37: INCRA (art. 1º, I, Decreto Lei 1.146/70 e Lei 7.787, de 30/06/89) | C37: 0.002 | D37: =ROUND(C37*(D$15-D$13),7) -> 6.6
B38: Salário Educação (art. 3º, inciso I, Decreto nº 87.043/82) | C38: 0.025 | D38: =ROUND(C38*(D$15-D$13),2) -> 82.5
B39: FGTS (Lei Complementar nº 110/01 e art. 30, Lei nº 8.036/90) | C39: 0.08 | D39: =ROUND(C39*(D$15-D$13),2) -> 264
B40: Risco de Acidente do Trabalho/RAT/INSS (inciso II,B, Lei 8.212/91 e Anexo V, Decreto 6.042/08) (1) | C40: 0.03 | D40: =ROUND(C40*(D$15-D$13),2) -> 99
B41: SEBRAE (§ 3º, art. 8º, Lei 8.029/90, alterada pela Lei nº 8.154/90) | C41: 0.006 | D41: =ROUND(C41*(D$15-D$13),2) -> 19.8
B42: TOTAL : | C42: =SUM(C34:C41) -> 0.268 | D42: =ROUND(SUM(D34:D41),2) -> 884.4
A43: 4.2 13º SALÁRIO | C43: Percentuais | D43: VALORES
B44: 13º Salário | C44: =ROUND(1/12,7) -> 0.0833333 | D44: =ROUND(C44*(D$15-D$13),2) -> 275
B45: Incidência do 4.1. sobre o 13º salário | C45: =ROUND(($C$42-C34)*C$44,7) -> 0.014 | D45: =ROUND(C45*(D$15-D$13),2) -> 46.2 | F45: PARÂMETROS
B47: TOTAL : | C47: =SUM(C44:C46) -> 0.0973333 | D47: =SUM(D44:D45) -> 321.2
A48: 4.3. AFASTAMENTO MATERNIDADE | C48: Percentuais | D48: VALORES
B49: Afastamento maternidade | C49: =ROUND((((1+1/3)*(G49/12)/12)*G50),7) -> 0.0003704 | D49: =ROUND(C49*(D$15-D$13),2) -> 1.22 | F49: Número de Meses de Afastamento Maternidade | G49: 4
B50: Incidência do 4.1. sobre afastamento maternidade | C50: =ROUND(C42*C49,7) -> 9.93e-05 | D50: =ROUND(C50*(D$15-D$13),2) -> 0.33 | F50: Incidência anual de ocorrência de Afastamento Maternidade | G50: 0.01
B51: TOTAL : | C51: =SUM(C49:C50) -> 0.0004697 | D51: =SUM(D49:D50) -> 1.55
A52: 4.4. PROVISÃO P\ RESCISÃO | C52: Percentuais | D52: VALORES
B53: Aviso Prévio Indenizado ( art. 7º, XXI, CF e 477, 487 e 491, CLT) (2) | C53: =ROUND(((1/12)*G53),7) -> 0.0083333 | D53: =ROUND(C53*(D$15-D$13),2) -> 27.5 | F53: % dispensa com aviso prévio indenizado | G53: 0.1
B54: Incidência de FGTS sobre o aviso prévio indenizado | C54: =ROUND(C$39*C$53,7) -> 0.0006667 | D54: =ROUND(C54*(D$15-D$13),2) -> 2.2 | F54: % dispensa com aviso prévio trabalhado | G54: 0.9
B55: Aviso Prévio Trabalhado (art. 7º, inciso XXI, CF e 477, 487 e 491, CLT) | C55: =ROUND((7/30/12*(G54)),7) -> 0.0175 | D55: =ROUND(C55*(D$15-D$13),2) -> 57.75 | F55: TOTAL | G55: =SUM(G53:G54) -> 1
B56: Incidência do 4.1. sobre o Aviso Prévio Trabalhado | C56: =ROUND(C$55*C$42,7) -> 0.00469 | D56: =ROUND(C56*(D$15-D$13),2) -> 15.48
B57: Multa do FGTS sobre os Avisos Prévios Indenizado e Trabalhado | C57: =ROUND((((1+(1/12)+(1/12)+(1/3*1/12))*0.4)*0.08)*1,7) -> 0.0382222 | D57: =ROUND(C57*(D$15-D$13),2) -> 126.13
B58: TOTAL : | C58: =SUM(C53:C57) -> 0.0694122 | D58: =SUM(D53:D57) -> 229.06
A59: 4.5. CUSTO DE REPOSIÇÃO DO PROFISSIONAL AUSENTE | C59: Percentuais | D59: VALORES
B60: Férias | C60: =VLOOKUP($A$1,Bdados!$A:$N,11,0) -> 0 | D60: =ROUND(C60*(D$15-D$13),2) -> 0
B61: Terço constitucional de férias | C61: =ROUND(1/3*1/12,7) -> 0.0277778 | D61: =ROUND(C61*(D$15-D$13),2) -> 91.67
B62: Auxílio doença | C62: =ROUND($G$62/30/12,7) -> 0.0055556 | D62: =ROUND(C62*(D$15-D$13),2) -> 18.33 | F62: Quantidade média de faltas por doença no ano por posto | G62: 2
B63: Licença paternidade | C63: =ROUND((1/30/12*$G$63)*$G$64,7) -> 0.0001389 | D63: =ROUND(C63*(D$15-D$13),2) -> 0.46 | F63: Quantidade média de dias de licença paternidade | G63: 5
B64: Faltas legais | C64: =ROUND((1/30/12)*$G$65,7) -> 0.0027778 | D64: =ROUND(C64*(D$15-D$13),2) -> 9.17 | F64: Incidência de Ocorrência de licença paternidade | G64: 0.01
B65: Acidente de Trabalho | C65: =ROUND((((1/30)/12)*$G$66)*$G$67,7) -> 0.0004167 | D65: =ROUND(C65*(D$15-D$13),2) -> 1.38 | F65: Quantidade média de ausências legais no ano por posto | G65: 1
B66: Subtotal | C66: =SUM(C60:C65) -> 0.0366668 | D66: =ROUND(C66*(D$15-D$13),2) -> 121 | F66: Quantidade média de dias pagos em acidente de trabalho | G66: 15
B67: Incidência do 4.1. sobre o Custo da Reposição | C67: =ROUND(C66*C42,7) -> 0.0098267 | D67: =ROUND(C42*D$66,2) -> 32.43 | F67: Percentual de Incidência de Acidentes de Trabalho | G67: 0.01
B68: TOTAL : | C68: =C66+C67 -> 0.0464935 | D68: =ROUND(D66+D67,2) -> 153.43
A69: QUADRO RESUMO - MÓDULO 4 (ENCARGOS TRABALHISTAS)
A70: 4 | B70: MÓDULO 4 (ENCARGOS TRABALHISTAS)
A71: 4.1. | B71: PREVIDENCIARIO E FGTS | C71: =C42 -> 0.268 | D71: =D42 -> 884.4
A72: 4.2. | B72: 13º SALÁRIO | C72: =C47 -> 0.0973333 | D72: =D47 -> 321.2
A73: 4.3. | B73: AFASTAMENTO MATERNIDADE | C73: =C51 -> 0.0004697 | D73: =D51 -> 1.55
A74: 4.4. | B74: PROVISÃO RESCISÃO | C74: =C58 -> 0.0694122 | D74: =D58 -> 229.06
A75: 4.5. | B75: CUSTO DE REPOSIÇÃO DO PROFISSIONAL AUSENTE | C75: =C68 -> 0.0464935 | D75: =D68 -> 153.43
B76: TOTAL : | C76: =SUM(C71:C75) -> 0.4817087 | D76: =SUM(D71:D75) -> 1589.64
B78: TOTAL1 (MÓDULOS: 1+2+3+4) | D78: =ROUND(D15+D24+D31+D76,2) -> 6309.96
A79: MÓDULO 5 - CUSTOS INDIRETOS, TRIBUTOS E LUCRO
A80: 5 | C80: Percentuais | D80: VALORES
A81: A | B81: Taxa de Administração (Custos indiretos) | C81: 0.045 | D81: =ROUND(C81*$D$78,2) -> 283.95
A82: B | B82: LUCRO | C82: 0.045 | D82: =ROUND((D$78+D$81)*C$82,2) -> 296.73
A83: C | B83: TRIBUTOS | C83: =SUM(C84:C89) -> 0.1695 | D83: =SUM(D84:D89) -> 1406.34
A84: C.1 | B84: Tributos Federais (PIS) | C84: 0.0165 | D84: =ROUND(C84*D93,2) -> 136.9
B85: Tributos Federais (COFINS) | C85: 0.076 | D85: =ROUND(C85*D93,2) -> 630.57
A86: C.2 | B86: Tributos Estaduais
A87: C.3 | B87: Tributos Municipais (ISS) | C87: 0.05 | D87: =ROUND(C87*D93,2) -> 414.85
A88: C.4 | B88: Contribuição Previdenciária sobre a Receita Bruta (CPRB) Lei nº 12.546/2011 e IN RFB 1436/2013 | C88: 0.027 | D88: =ROUND(C88*D93,2) -> 224.02
B90: VALOR TOTAL (MÓDULO 5) | C90: =SUM(C81:C83) -> 0.2595 | D90: =ROUND(SUM(D81:D83),2) -> 1987.02
A92: (categoria profissional) | C92: Quantidade | D92: VALORES
B93: 1 POSTO | C93: 1 | D93: =ROUND(($D$78+$D$81+$D$82)/(1-$C$83),2) -> 8296.98

Sheet subitem 12
A1: 1.12 | B1: PLANILHA DE ESTIMATIVA DE CUSTOS - LUCRO REAL CONFORME IN nº 02/2008, atualizada até a IN nº 05/2017
A2: CATEGORIA | B2: =VLOOKUP($A$1,Bdados!$A:$N,2,0) -> Ilustrador
A3: Jornada de Trabalho | B3: =VLOOKUP($A$1,Bdados!$A:$N,5,0) -> 40 horas semanais
A4: CCT | B4: =VLOOKUP($A$1,Bdados!$A:$N,4,0) -> CCT DF000647_2024 SINDIGRAF/DF X STIG 2024.2025 (vigente até 1º/08/2025) | C4: DATA BASE
D5: PISO
A6: MÓDULO 1 - COMPOSIÇÃO DA REMUNERAÇÃO: | C6: Percentuais | D6: VALOR PROPOSTA
B7: Salário Base | D7: =VLOOKUP($A$1,Bdados!$A:$N,6,0) -> 4500
B8: ="Adicional de Periculosidade" & IF(D8>0," 30% sobre o salário base","") -> Adicional de Periculosidade | D8: =VLOOKUP($A$1,Bdados!$A:$N,7,0) -> 0
B9: ="Adicional Insalubridade SM" & IF(D9>0," 20% sobre o salário mínimo","") -> Adicional Insalubridade SM | D9: =VLOOKUP($A$1,Bdados!$A:$N,8,0) -> 0
B10: ="Adicional Noturno" & IF(D10>0," 20 % sobre as horas noturnas ","") -> Adicional Noturno | D10: =VLOOKUP($A$1,Bdados!$A:$N,9,0) -> 0
B11: Adicional de HE
B12: Hora Noturna Adicional
B13: Intervalo Intrajornada | D13: =VLOOKUP($A$1,Bdados!$A:$N,10,0) -> 0
B14: Adicional noturno sobre intervalo intrajornada | D14: =(D7+D10)/180*1*15*20%*60/52.5*50% -> 42.857143
B15: TOTAL DA REMUNERAÇÃO | D15: =ROUND(SUM(D7:D14),2) -> 4542.86
A16: MÓDULO 2 - BENEFÍCIOS MENSAIS E DIÁRIOS
B17: Auxilio Transporte (R$ 15,00 por dia trabalhado - 6% SB) | D17: =VLOOKUP($A$1,Bdados!$A:$N,13,0) -> 60
B18: Auxilio Alimentação (R$ 48,17 por dia trabalhado) | D18: =VLOOKUP($A$1,Bdados!$A:$N,14,0) -> 1059.74
B19: Contibuição Assistencial
B20: Auxílio Creche (10% de 20% do salário normativo) | D20: =ROUND((1667.51*20%)*10%,2) -> 33.35
B21: Auxílio Funeral (Cotação do atual contrato) | D21: 5
B22: Seguro de vida
B24: TOTAL DOS BENEFÍCIOS MENSAIS E DIÁRIOS | D24: =ROUND(SUM(D17:D23),2) -> 1158.09
A25: MÓDULO 3- INSUMOS DIVERSOS
B26: Insumos Diversos
B27: Uniformes | D27: =Bdados!P5 -> 25.23
B28: EPI'S | D28: =Bdados!O5 -> 0
B31: TOTAL DE INSUMOS DIVERSOS: | D31: =SUM(D27:D30) -> 25.23
A32: MÓDULO 4 - ENCARGOS SOCIAIS E TRABALHISTAS
A33: 4.1.PREVIDENCIARIO E FGTS | C33: Percentuais | D33: VALORES
B34: INSS (art. 22, inciso I, Lei nº 8.212/91) | C34: 0.1 | D34: =ROUND(C34*(D$15-D$13),7) -> 454.286
B35: SESI ou SESC (art. 30, Lei nº 8.036/90 e art. 1º, Lei 8.154/90) | C35: 0.015 | D35: =ROUND(C35*(D$15-D$13),7) -> 68.1429
B36: SENAI ou SENAC (Decreto nº 2.318/86) | C36: 0.01 | D36: =ROUND(C36*(D$15-D$13),7) -> 45.4286
B37: INCRA (art. 1º, I, Decreto Lei 1.146/70 e Lei 7.787, de 30/06/89) | C37: 0.002 | D37: =ROUND(C37*(D$15-D$13),7) -> 9.08572
B38: Salário Educação (art. 3º, inciso I, Decreto nº 87.043/82) | C38: 0.025 | D38: =ROUND(C38*(D$15-D$13),2) -> 113.57
B39: FGTS (Lei Complementar nº 110/01 e art. 30, Lei nº 8.036/90) | C39: 0.08 | D39: =ROUND(C39*(D$15-D$13),2) -> 363.43
B40: Risco de Acidente do Trabalho/RAT/INSS (inciso II,B, Lei 8.212/91 e Anexo V, Decreto 6.042/08) (1) | C40: 0.03 | D40: =ROUND(C40*(D$15-D$13),2) -> 136.29
B41: SEBRAE (§ 3º, art. 8º, Lei 8.029/90, alterada pela Lei nº 8.154/90) | C41: 0.006 | D41: =ROUND(C41*(D$15-D$13),2) -> 27.26
B42: TOTAL : | C42: =SUM(C34:C41) -> 0.268 | D42: =ROUND(SUM(D34:D41),2) -> 1217.49
A43: 4.2 13º SALÁRIO | C43: Percentuais | D43: VALORES
B44: 13º Salário | C44: =ROUND(1/12,7) -> 0.0833333 | D44: =ROUND(C44*(D$15-D$13),2) -> 378.57
B45: Incidência do 4.1. sobre o 13º salário | C45: =ROUND(($C$42-C34)*C$44,7) -> 0.014 | D45: =ROUND(C45*(D$15-D$13),2) -> 63.6 | F45: PARÂMETROS
B47: TOTAL : | C47: =SUM(C44:C46) -> 0.0973333 | D47: =SUM(D44:D45) -> 442.17
A48: 4.3. AFASTAMENTO MATERNIDADE | C48: Percentuais | D48: VALORES
B49: Afastamento maternidade | C49: =ROUND((((1+1/3)*(G49/12)/12)*G50),7) -> 0.0003704 | D49: =ROUND(C49*(D$15-D$13),2) -> 1.68 | F49: Número de Meses de Afastamento Maternidade | G49: 4
B50: Incidência do 4.1. sobre afastamento maternidade | C50: =ROUND(C42*C49,7) -> 9.93e-05 | D50: =ROUND(C50*(D$15-D$13),2) -> 0.45 | F50: Incidência anual de ocorrência de Afastamento Maternidade | G50: 0.01
B51: TOTAL : | C51: =SUM(C49:C50) -> 0.0004697 | D51: =SUM(D49:D50) -> 2.13
A52: 4.4. PROVISÃO P\ RESCISÃO | C52: Percentuais | D52: VALORES
B53: Aviso Prévio Indenizado ( art. 7º, XXI, CF e 477, 487 e 491, CLT) (2) | C53: =ROUND(((1/12)*G53),7) -> 0.0083333 | D53: =ROUND(C53*(D$15-D$13),2) -> 37.86 | F53: % dispensa com aviso prévio indenizado | G53: 0.1
B54: Incidência de FGTS sobre o aviso prévio indenizado | C54: =ROUND(C$39*C$53,7) -> 0.0006667 | D54: =ROUND(C54*(D$15-D$13),2) -> 3.03 | F54: % dispensa com aviso prévio trabalhado | G54: 0.9
B55: Aviso Prévio Trabalhado (art. 7º, inciso XXI, CF e 477, 487 e 491, CLT) | C55: =ROUND((7/30/12*(G54)),7) -> 0.0175 | D55: =ROUND(C55*(D$15-D$13),2) -> 79.5 | F55: TOTAL | G55: =SUM(G53:G54) -> 1
B56: Incidência do 4.1. sobre o Aviso Prévio Trabalhado | C56: =ROUND(C$55*C$42,7) -> 0.00469 | D56: =ROUND(C56*(D$15-D$13),2) -> 21.31
B57: Multa do FGTS sobre os Avisos Prévios Indenizado e Trabalhado | C57: =ROUND((((1+(1/12)+(1/12)+(1/3*1/12))*0.4)*0.08)*1,7) -> 0.0382222 | D57: =ROUND(C57*(D$15-D$13),2) -> 173.64
B58: TOTAL : | C58: =SUM(C53:C57) -> 0.0694122 | D58: =SUM(D53:D57) -> 315.34
A59: 4.5. CUSTO DE REPOSIÇÃO DO PROFISSIONAL AUSENTE | C59: Percentuais | D59: VALORES
B60: Férias | C60: =VLOOKUP($A$1,Bdados!$A:$N,11,0) -> 0 | D60: =ROUND(C60*(D$15-D$13),2) -> 0
B61: Terço constitucional de férias | C61: =ROUND(1/3*1/12,7) -> 0.0277778 | D61: =ROUND(C61*(D$15-D$13),2) -> 126.19
B62: Auxílio doença | C62: =ROUND($G$62/30/12,7) -> 0.0027778 | D62: =ROUND(C62*(D$15-D$13),2) -> 12.62 | F62: Quantidade média de faltas por doença no ano por posto | G62: 1
B63: Licença paternidade | C63: =ROUND((1/30/12*$G$63)*$G$64,7) -> 0.0001389 | D63: =ROUND(C63*(D$15-D$13),2) -> 0.63 | F63: Quantidade média de dias de licença paternidade | G63: 5
B64: Faltas legais | C64: =ROUND((1/30/12)*$G$65,7) -> 0.0027778 | D64: =ROUND(C64*(D$15-D$13),2) -> 12.62 | F64: Incidência de Ocorrência de licença paternidade | G64: 0.01
B65: Acidente de Trabalho | C65: =ROUND((((1/30)/12)*$G$66)*$G$67,7) -> 0.0004167 | D65: =ROUND(C65*(D$15-D$13),2) -> 1.89 | F65: Quantidade média de ausências legais no ano por posto | G65: 1
B66: Subtotal | C66: =SUM(C60:C65) -> 0.033889 | D66: =ROUND(C66*(D$15-D$13),2) -> 153.95 | F66: Quantidade média de dias pagos em acidente de trabalho | G66: 15
B67: Incidência do 4.1. sobre o Custo da Reposição | C67: =ROUND(C66*C42,7) -> 0.0090823 | D67: =ROUND(C42*D$66,2) -> 41.26 | F67: Percentual de Incidência de Acidentes de Trabalho | G67: 0.01
B68: TOTAL : | C68: =C66+C67 -> 0.0429713 | D68: =ROUND(D66+D67,2) -> 195.21
A69: QUADRO RESUMO - MÓDULO 4 (ENCARGOS TRABALHISTAS)
A70: 4 | B70: MÓDULO 4 (ENCARGOS TRABALHISTAS)
A71: 4.1. | B71: PREVIDENCIARIO E FGTS | C71: =C42 -> 0.268 | D71: =D42 -> 1217.49
A72: 4.2. | B72: 13º SALÁRIO | C72: =C47 -> 0.0973333 | D72: =D47 -> 442.17
A73: 4.3. | B73: AFASTAMENTO MATERNIDADE | C73: =C51 -> 0.0004697 | D73: =D51 -> 2.13
A74: 4.4. | B74: PROVISÃO RESCISÃO | C74: =C58 -> 0.0694122 | D74: =D58 -> 315.34
A75: 4.5. | B75: CUSTO DE REPOSIÇÃO DO PROFISSIONAL AUSENTE | C75: =C68 -> 0.0429713 | D75: =D68 -> 195.21
B76: TOTAL : | C76: =SUM(C71:C75) -> 0.4781865 | D76: =SUM(D71:D75) -> 2172.34
B78: TOTAL1 (MÓDULOS: 1+2+3+4) | D78: =ROUND(D15+D24+D31+D76,2) -> 7898.52
A79: MÓDULO 5 - CUSTOS INDIRETOS, TRIBUTOS E LUCRO
A80: 5 | C80: Percentuais | D80: VALORES
A81: A | B81: Taxa de Administração (Custos indiretos) | C81: 0.045 | D81: =ROUND(C81*$D$78,2) -> 355.43
A82: B | B82: LUCRO | C82: 0.045 | D82: =ROUND((D$78+D$81)*C$82,2) -> 371.43
A83: C | B83: TRIBUTOS | C83: =SUM(C84:C89) -> 0.1695 | D83: =SUM(D84:D89) -> 1760.4
A84: C.1 | B84: Tributos Federais (PIS) | C84: 0.0165 | D84: =ROUND(C84*D93,2) -> 171.37
B85: Tributos Federais (COFINS) | C85: 0.076 | D85: =ROUND(C85*D93,2) -> 789.32
A86: C.2 | B86: Tributos Estaduais
A87: C.3 | B87: Tributos Municipais (ISS) | C87: 0.05 | D87: =ROUND(C87*D93,2) -> 519.29
A88: C.4 | B88: Contribuição Previdenciária sobre a Receita Bruta (CPRB) Lei nº 12.546/2011 e IN RFB 1436/2013 | C88: 0.027 | D88: =ROUND(C88*D93,2) -> 280.42
B90: VALOR TOTAL (MÓDULO 5) | C90: =SUM(C81:C83) -> 0.2595 | D90: =ROUND(SUM(D81:D83),2) -> 2487.26
A92: (categoria profissional) | C92: Quantidade | D92: VALORES
B93: 1 POSTO | C93: 1 | D93: =ROUND(($D$78+$D$81+$D$82)/(1-$C$83),2) -> 10385.77

Sheet subitem 13
A1: 1.13 | B1: PLANILHA DE ESTIMATIVA DE CUSTOS - LUCRO REAL CONFORME IN nº 02/2008, atualizada até a IN nº 05/2017
A2: CATEGORIA | B2: =VLOOKUP($A$1,Bdados!$A:$N,2,0) -> Impressor Offset em máquinas monocolores e bicolores
A3: Jornada de Trabalho | B3: =VLOOKUP($A$1,Bdados!$A:$N,5,0) -> 40 horas semanais
A4: CCT | B4: =VLOOKUP($A$1,Bdados!$A:$N,4,0) -> CCT DF000647_2024 SINDIGRAF/DF X STIG 2024.2025 (vigente até 1º/08/2025) | C4: DATA BASE
D5: PISO
A6: MÓDULO 1 - COMPOSIÇÃO DA REMUNERAÇÃO: | C6: Percentuais | D6: VALOR PROPOSTA
B7: Salário Base | D7: =VLOOKUP($A$1,Bdados!$A:$N,6,0) -> 4200
B8: ="Adicional de Periculosidade" & IF(D8>0," 30% sobre o salário base","") -> Adicional de Periculosidade | D8: =VLOOKUP($A$1,Bdados!$A:$N,7,0) -> 0
B9: ="Adicional Insalubridade SM" & IF(D9>0," 20% sobre o salário mínimo","") -> Adicional Insalubridade SM 20% sobre o salário mínimo | D9: =VLOOKUP($A$1,Bdados!$A:$N,8,0) -> 324.2
B10: ="Adicional Noturno" & IF(D10>0," 22,5 % sobre as horas noturnas ","") -> Adicional Noturno | D10: =VLOOKUP($A$1,Bdados!$A:$N,9,0) -> 0
B11: Adicional de HE
B12: Hora Noturna Adicional
B13: Intervalo Intrajornada | D13: =VLOOKUP($A$1,Bdados!$A:$N,10,0) -> 0
B14: Outros Dif horas extras
B15: TOTAL DA REMUNERAÇÃO | D15: =ROUND(SUM(D7:D14),2) -> 4524.2
A16: MÓDULO 2 - BENEFÍCIOS MENSAIS E DIÁRIOS
B17: Auxilio Transporte (R$ 15,00 por dia trabalhado - 6% SB) | D17: =VLOOKUP($A$1,Bdados!$A:$N,13,0) -> 78
B18: Auxilio Alimentação (R$ 48,17 por dia trabalhado) | D18: =VLOOKUP($A$1,Bdados!$A:$N,14,0) -> 1059.74
B19: Contibuição Assistencial
B20: Auxílio Creche (10% de 20% do salário normativo) | D20: =ROUND((1667.51*20%)*10%,2) -> 33.35
B21: Auxílio Funeral (Cotação do atual contrato) | D21: 5
B22: Seguro de vida
B24: TOTAL DOS BENEFÍCIOS MENSAIS E DIÁRIOS | D24: =ROUND(SUM(D17:D23),2) -> 1176.09
A25: MÓDULO 3- INSUMOS DIVERSOS
B26: Insumos Diversos
B27: Uniformes | D27: =Bdados!P5 -> 25.23
B28: EPI'S | D28: =Bdados!O5 -> 0
B31: TOTAL DE INSUMOS DIVERSOS: | D31: =SUM(D27:D30) -> 25.23
A32: MÓDULO 4 - ENCARGOS SOCIAIS E TRABALHISTAS
A33: 4.1.PREVIDENCIARIO E FGTS | C33: Percentuais | D33: VALORES
B34: INSS (art. 22, inciso I, Lei nº 8.212/91) | C34: 0.1 | D34: =ROUND(C34*(D$15-D$13),7) -> 452.42
B35: SESI ou SESC (art. 30, Lei nº 8.036/90 e art. 1º, Lei 8.154/90) | C35: 0.015 | D35: =ROUND(C35*(D$15-D$13),7) -> 67.863
B36: SENAI ou SENAC (Decreto nº 2.318/86) | C36: 0.01 | D36: =ROUND(C36*(D$15-D$13),7) -> 45.242
B37: INCRA (art. 1º, I, Decreto Lei 1.146/70 e Lei 7.787, de 30/06/89) | C37: 0.002 | D37: =ROUND(C37*(D$15-D$13),7) -> 9.0484
B38: Salário Educação (art. 3º, inciso I, Decreto nº 87.043/82) | C38: 0.025 | D38: =ROUND(C38*(D$15-D$13),2) -> 113.11
B39: FGTS (Lei Complementar nº 110/01 e art. 30, Lei nº 8.036/90) | C39: 0.08 | D39: =ROUND(C39*(D$15-D$13),2) -> 361.94
B40: Risco de Acidente do Trabalho/RAT/INSS (inciso II,B, Lei 8.212/91 e Anexo V, Decreto 6.042/08) (1) | C40: 0.03 | D40: =ROUND(C40*(D$15-D$13),2) -> 135.73
B41: SEBRAE (§ 3º, art. 8º, Lei 8.029/90, alterada pela Lei nº 8.154/90) | C41: 0.006 | D41: =ROUND(C41*(D$15-D$13),2) -> 27.15
B42: TOTAL : | C42: =SUM(C34:C41) -> 0.268 | D42: =ROUND(SUM(D34:D41),2) -> 1212.5
A43: 4.2 13º SALÁRIO | C43: Percentuais | D43: VALORES
B44: 13º Salário | C44: =ROUND(1/12,7) -> 0.0833333 | D44: =ROUND(C44*(D$15-D$13),2) -> 377.02
B45: Incidência do 4.1. sobre o 13º salário | C45: =ROUND(($C$42-C34)*C$44,7) -> 0.014 | D45: =ROUND(C45*(D$15-D$13),2) -> 63.34 | F45: PARÂMETROS
B47: TOTAL : | C47: =SUM(C44:C46) -> 0.0973333 | D47: =SUM(D44:D45) -> 440.36
A48: 4.3. AFASTAMENTO MATERNIDADE | C48: Percentuais | D48: VALORES
B49: Afastamento maternidade | C49: =ROUND((((1+1/3)*(G49/12)/12)*G50),7) -> 0.0003704 | D49: =ROUND(C49*(D$15-D$13),2) -> 1.68 | F49: Número de Meses de Afastamento Maternidade | G49: 4
B50: Incidência do 4.1. sobre afastamento maternidade | C50: =ROUND(C42*C49,7) -> 9.93e-05 | D50: =ROUND(C50*(D$15-D$13),2) -> 0.45 | F50: Incidência anual de ocorrência de Afastamento Maternidade | G50: 0.01
B51: TOTAL : | C51: =SUM(C49:C50) -> 0.0004697 | D51: =SUM(D49:D50) -> 2.13
A52: 4.4. PROVISÃO P\ RESCISÃO | C52: Percentuais | D52: VALORES
B53: Aviso Prévio Indenizado ( art. 7º, XXI, CF e 477, 487 e 491, CLT) (2) | C53: =ROUND(((1/12)*G53),7) -> 0.0083333 | D53: =ROUND(C53*(D$15-D$13),2) -> 37.7 | F53: % dispensa com aviso prévio indenizado | G53: 0.1
B54: Incidência de FGTS sobre o aviso prévio indenizado | C54: =ROUND(C$39*C$53,7) -> 0.0006667 | D54: =ROUND(C54*(D$15-D$13),2) -> 3.02 | F54: % dispensa com aviso prévio trabalhado | G54: 0.9
B55: Aviso Prévio Trabalhado (art. 7º, inciso XXI, CF e 477, 487 e 491, CLT) | C55: =ROUND((7/30/12*(G54)),7) -> 0.0175 | D55: =ROUND(C55*(D$15-D$13),2) -> 79.17 | F55: TOTAL | G55: =SUM(G53:G54) -> 1
B56: Incidência do 4.1. sobre o Aviso Prévio Trabalhado | C56: =ROUND(C$55*C$42,7) -> 0.00469 | D56: =ROUND(C56*(D$15-D$13),2) -> 21.22
B57: Multa do FGTS sobre os Avisos Prévios Indenizado e Trabalhado | C57: =ROUND((((1+(1/12)+(1/12)+(1/3*1/12))*0.4)*0.08)*1,7) -> 0.0382222 | D57: =ROUND(C57*(D$15-D$13),2) -> 172.92
B58: TOTAL : | C58: =SUM(C53:C57) -> 0.0694122 | D58: =SUM(D53:D57) -> 314.03
A59: 4.5. CUSTO DE REPOSIÇÃO DO PROFISSIONAL AUSENTE | C59: Percentuais | D59: VALORES
B60: Férias | C60: =VLOOKUP($A$1,Bdados!$A:$N,11,0) -> 0 | D60: =ROUND(C60*(D$15-D$13),2) -> 0
B61: Terço constitucional de férias | C61: =ROUND(1/3*1/12,7) -> 0.0277778 | D61: =ROUND(C61*(D$15-D$13),2) -> 125.67
B62: Auxílio doença | C62: =ROUND($G$62/30/12,7) -> 0.0027778 | D62: =ROUND(C62*(D$15-D$13),2) -> 12.57 | F62: Quantidade média de faltas por doença no ano por posto | G62: 1
B63: Licença paternidade | C63: =ROUND((1/30/12*$G$63)*$G$64,7) -> 0.0001389 | D63: =ROUND(C63*(D$15-D$13),2) -> 0.63 | F63: Quantidade média de dias de licença paternidade | G63: 5
B64: Faltas legais | C64: =ROUND((1/30/12)*$G$65,7) -> 0.0027778 | D64: =ROUND(C64*(D$15-D$13),2) -> 12.57 | F64: Incidência de Ocorrência de licença paternidade | G64: 0.01
B65: Acidente de Trabalho | C65: =ROUND((((1/30)/12)*$G$66)*$G$67,7) -> 0.0004167 | D65: =ROUND(C65*(D$15-D$13),2) -> 1.89 | F65: Quantidade média de ausências legais no ano por posto | G65: 1
B66: Subtotal | C66: =SUM(C60:C65) -> 0.033889 | D66: =ROUND(C66*(D$15-D$13),2) -> 153.32 | F66: Quantidade média de dias pagos em acidente de trabalho | G66: 15
B67: Incidência do 4.1. sobre o Custo da Reposição | C67: =ROUND(C66*C42,7) -> 0.0090823 | D67: =ROUND(C42*D$66,2) -> 41.09 | F67: Percentual de Incidência de Acidentes de Trabalho | G67: 0.01
B68: TOTAL : | C68: =C66+C67 -> 0.0429713 | D68: =ROUND(D66+D67,2) -> 194.41
A69: QUADRO RESUMO - MÓDULO 4 (ENCARGOS TRABALHISTAS)
A70: 4 | B70: MÓDULO 4 (ENCARGOS TRABALHISTAS)
A71: 4.1. | B71: PREVIDENCIARIO E FGTS | C71: =C42 -> 0.268 | D71: =D42 -> 1212.5
A72: 4.2. | B72: 13º SALÁRIO | C72: =C47 -> 0.0973333 | D72: =D47 -> 440.36
A73: 4.3. | B73: AFASTAMENTO MATERNIDADE | C73: =C51 -> 0.0004697 | D73: =D51 -> 2.13
A74: 4.4. | B74: PROVISÃO RESCISÃO | C74: =C58 -> 0.0694122 | D74: =D58 -> 314.03
A75: 4.5. | B75: CUSTO DE REPOSIÇÃO DO PROFISSIONAL AUSENTE | C75: =C68 -> 0.0429713 | D75: =D68 -> 194.41
B76: TOTAL : | C76: =SUM(C71:C75) -> 0.4781865 | D76: =SUM(D71:D75) -> 2163.43
B78: TOTAL1 (MÓDULOS: 1+2+3+4) | D78: =ROUND(D15+D24+D31+D76,2) -> 7888.95
A79: MÓDULO 5 - CUSTOS INDIRETOS, TRIBUTOS E LUCRO
A80: 5 | C80: Percentuais | D80: VALORES
A81: A | B81: Taxa de Administração (Custos indiretos) | C81: 0.045 | D81: =ROUND(C81*$D$78,2) -> 355
A82: B | B82: LUCRO | C82: 0.045 | D82: =ROUND((D$78+D$81)*C$82,2) -> 370.98
A83: C | B83: TRIBUTOS | C83: =SUM(C84:C89) -> 0.1695 | D83: =SUM(D84:D89) -> 1758.26
A84: C.1 | B84: Tributos Federais (PIS) | C84: 0.0165 | D84: =ROUND(C84*D93,2) -> 171.16
B85: Tributos Federais (COFINS) | C85: 0.076 | D85: =ROUND(C85*D93,2) -> 788.36
A86: C.2 | B86: Tributos Estaduais
A87: C.3 | B87: Tributos Municipais (ISS) | C87: 0.05 | D87: =ROUND(C87*D93,2) -> 518.66
A88: C.4 | B88: Contribuição Previdenciária sobre a Receita Bruta (CPRB) Lei nº 12.546/2011 e IN RFB 1436/2013 | C88: 0.027 | D88: =ROUND(C88*D93,2) -> 280.08
B90: VALOR TOTAL (MÓDULO 5) | C90: =SUM(C81:C83) -> 0.2595 | D90: =ROUND(SUM(D81:D83),2) -> 2484.24
A92: (categoria profissional) | C92: Quantidade | D92: VALORES
B93: 1 POSTO | C93: 1 | D93: =ROUND(($D$78+$D$81+$D$82)/(1-$C$83),2) -> 10373.18

Sheet subitem 14
A1: 1.14 | B1: PLANILHA DE ESTIMATIVA DE CUSTOS - LUCRO REAL CONFORME IN nº 02/2008, atualizada até a IN nº 05/2017
A2: CATEGORIA | B2: =VLOOKUP($A$1,Bdados!$A:$N,2,0) -> Impressor Offset em máquinas Policrômicas com reversão
A3: Jornada de Trabalho | B3: =VLOOKUP($A$1,Bdados!$A:$N,5,0) -> 40 horas semanais
A4: CCT | B4: =VLOOKUP($A$1,Bdados!$A:$N,4,0) -> CCT DF000647_2024 SINDIGRAF/DF X STIG 2024.2025 (vigente até 1º/08/2025) | C4: DATA BASE
D5: PISO
A6: MÓDULO 1 - COMPOSIÇÃO DA REMUNERAÇÃO: | C6: Percentuais | D6: VALOR PROPOSTA
B7: Salário Base | D7: =VLOOKUP($A$1,Bdados!$A:$N,6,0) -> 6400
B8: ="Adicional de Periculosidade" & IF(D8>0," 30% sobre o salário base","") -> Adicional de Periculosidade | D8: =VLOOKUP($A$1,Bdados!$A:$N,7,0) -> 0
B9: ="Adicional Insalubridade SM" & IF(D9>0," 20% sobre o salário mínimo","") -> Adicional Insalubridade SM 20% sobre o salário mínimo | D9: =VLOOKUP($A$1,Bdados!$A:$N,8,0) -> 324.2
B10: ="Adicional Noturno" & IF(D10>0," 20 % sobre as horas noturnas ","") -> Adicional Noturno | D10: =VLOOKUP($A$1,Bdados!$A:$N,9,0) -> 0
B11: Adicional de HE
B12: Hora Noturna Adicional
B13: Intervalo Intrajornada | D13: =VLOOKUP($A$1,Bdados!$A:$N,10,0) -> 0
B14: Adicional noturno sobre intervalo intrajornada | D14: =(D7+D10)/180*1*15*20%*60/52.5*50% -> 60.952381
B15: TOTAL DA REMUNERAÇÃO | D15: =ROUND(SUM(D7:D14),2) -> 6785.15
A16: MÓDULO 2 - BENEFÍCIOS MENSAIS E DIÁRIOS
B17: Auxilio Transporte (R$ 15,00 por dia trabalhado - 6% SB) | D17: =VLOOKUP($A$1,Bdados!$A:$N,13,0) -> 0
B18: Auxilio Alimentação (R$ 48,17 por dia trabalhado) | D18: =VLOOKUP($A$1,Bdados!$A:$N,14,0) -> 1059.74
B19: Contibuição Assistencial
B20: Auxílio Creche (10% de 20% do salário normativo) | D20: =ROUND((1667.51*20%)*10%,2) -> 33.35
B21: Auxílio Funeral (Cotação do atual contrato) | D21: 5
B22: Seguro de vida
B24: TOTAL DOS BENEFÍCIOS MENSAIS E DIÁRIOS | D24: =ROUND(SUM(D17:D23),2) -> 1098.09
A25: MÓDULO 3- INSUMOS DIVERSOS
B26: Insumos Diversos
B27: Uniformes | D27: =Bdados!P5 -> 25.23
B28: EPI'S | D28: =Bdados!O5 -> 0
B31: TOTAL DE INSUMOS DIVERSOS: | D31: =SUM(D27:D30) -> 25.23
A32: MÓDULO 4 - ENCARGOS SOCIAIS E TRABALHISTAS
A33: 4.1.PREVIDENCIARIO E FGTS | C33: Percentuais | D33: VALORES
B34: INSS (art. 22, inciso I, Lei nº 8.212/91) | C34: 0.1 | D34: =ROUND(C34*(D$15-D$13),7) -> 678.515
B35: SESI ou SESC (art. 30, Lei nº 8.036/90 e art. 1º, Lei 8.154/90) | C35: 0.015 | D35: =ROUND(C35*(D$15-D$13),7) -> 101.77725
B36: SENAI ou SENAC (Decreto nº 2.318/86) | C36: 0.01 | D36: =ROUND(C36*(D$15-D$13),7) -> 67.8515
B37: INCRA (art. 1º, I, Decreto Lei 1.146/70 e Lei 7.787, de 30/06/89) | C37: 0.002 | D37: =ROUND(C37*(D$15-D$13),7) -> 13.5703
B38: Salário Educação (art. 3º, inciso I, Decreto nº 87.043/82) | C38: 0.025 | D38: =ROUND(C38*(D$15-D$13),2) -> 169.63
B39: FGTS (Lei Complementar nº 110/01 e art. 30, Lei nº 8.036/90) | C39: 0.08 | D39: =ROUND(C39*(D$15-D$13),2) -> 542.81
B40: Risco de Acidente do Trabalho/RAT/INSS (inciso II,B, Lei 8.212/91 e Anexo V, Decreto 6.042/08) (1) | C40: 0.03 | D40: =ROUND(C40*(D$15-D$13),2) -> 203.55
B41: SEBRAE (§ 3º, art. 8º, Lei 8.029/90, alterada pela Lei nº 8.154/90) | C41: 0.006 | D41: =ROUND(C41*(D$15-D$13),2) -> 40.71
B42: TOTAL : | C42: =SUM(C34:C41) -> 0.268 | D42: =ROUND(SUM(D34:D41),2) -> 1818.41
A43: 4.2 13º SALÁRIO | C43: Percentuais | D43: VALORES
B44: 13º Salário | C44: =ROUND(1/12,7) -> 0.0833333 | D44: =ROUND(C44*(D$15-D$13),2) -> 565.43
B45: Incidência do 4.1. sobre o 13º salário | C45: =ROUND(($C$42-C34)*C$44,7) -> 0.014 | D45: =ROUND(C45*(D$15-D$13),2) -> 94.99 | F45: PARÂMETROS
B47: TOTAL : | C47: =SUM(C44:C46) -> 0.0973333 | D47: =SUM(D44:D45) -> 660.42
A48: 4.3. AFASTAMENTO MATERNIDADE | C48: Percentuais | D48: VALORES
B49: Afastamento maternidade | C49: =ROUND((((1+1/3)*(G49/12)/12)*G50),7) -> 0.0003704 | D49: =ROUND(C49*(D$15-D$13),2) -> 2.51 | F49: Número de Meses de Afastamento Maternidade | G49: 4
B50: Incidência do 4.1. sobre afastamento maternidade | C50: =ROUND(C42*C49,7) -> 9.93e-05 | D50: =ROUND(C50*(D$15-D$13),2) -> 0.67 | F50: Incidência anual de ocorrência de Afastamento Maternidade | G50: 0.01
B51: TOTAL : | C51: =SUM(C49:C50) -> 0.0004697 | D51: =SUM(D49:D50) -> 3.18
A52: 4.4. PROVISÃO P\ RESCISÃO | C52: Percentuais | D52: VALORES
B53: Aviso Prévio Indenizado ( art. 7º, XXI, CF e 477, 487 e 491, CLT) (2) | C53: =ROUND(((1/12)*G53),7) -> 0.0083333 | D53: =ROUND(C53*(D$15-D$13),2) -> 56.54 | F53: % dispensa com aviso prévio indenizado | G53: 0.1
B54: Incidência de FGTS sobre o aviso prévio indenizado | C54: =ROUND(C$39*C$53,7) -> 0.0006667 | D54: =ROUND(C54*(D$15-D$13),2) -> 4.52 | F54: % dispensa com aviso prévio trabalhado | G54: 0.9
B55: Aviso Prévio Trabalhado (art. 7º, inciso XXI, CF e 477, 487 e 491, CLT) | C55: =ROUND((7/30/12*(G54)),7) -> 0.0175 | D55: =ROUND(C55*(D$15-D$13),2) -> 118.74 | F55: TOTAL | G55: =SUM(G53:G54) -> 1
B56: Incidência do 4.1. sobre o Aviso Prévio Trabalhado | C56: =ROUND(C$55*C$42,7) -> 0.00469 | D56: =ROUND(C56*(D$15-D$13),2) -> 31.82
B57: Multa do FGTS sobre os Avisos Prévios Indenizado e Trabalhado | C57: =ROUND((((1+(1/12)+(1/12)+(1/3*1/12))*0.4)*0.08)*1,7) -> 0.0382222 | D57: =ROUND(C57*(D$15-D$13),2) -> 259.34
B58: TOTAL : | C58: =SUM(C53:C57) -> 0.0694122 | D58: =SUM(D53:D57) -> 470.96
A59: 4.5. CUSTO DE REPOSIÇÃO DO PROFISSIONAL AUSENTE | C59: Percentuais | D59: VALORES
B60: Férias | C60: =VLOOKUP($A$1,Bdados!$A:$N,11,0) -> 0 | D60: =ROUND(C60*(D$15-D$13),2) -> 0
B61: Terço constitucional de férias | C61: =ROUND(1/3*1/12,7) -> 0.0277778 | D61: =ROUND(C61*(D$15-D$13),2) -> 188.48
B62: Auxílio doença | C62: =ROUND($G$62/30/12,7) -> 0.0027778 | D62: =ROUND(C62*(D$15-D$13),2) -> 18.85 | F62: Quantidade média de faltas por doença no ano por posto | G62: 1
B63: Licença paternidade | C63: =ROUND((1/30/12*$G$63)*$G$64,7) -> 0.0001389 | D63: =ROUND(C63*(D$15-D$13),2) -> 0.94 | F63: Quantidade média de dias de licença paternidade | G63: 5
B64: Faltas legais | C64: =ROUND((1/30/12)*$G$65,7) -> 0.0027778 | D64: =ROUND(C64*(D$15-D$13),2) -> 18.85 | F64: Incidência de Ocorrência de licença paternidade | G64: 0.01
B65: Acidente de Trabalho | C65: =ROUND((((1/30)/12)*$G$66)*$G$67,7) -> 0.0004167 | D65: =ROUND(C65*(D$15-D$13),2) -> 2.83 | F65: Quantidade média de ausências legais no ano por posto | G65: 1
B66: Subtotal | C66: =SUM(C60:C65) -> 0.033889 | D66: =ROUND(C66*(D$15-D$13),2) -> 229.94 | F66: Quantidade média de dias pagos em acidente de trabalho | G66: 15
B67: Incidência do 4.1. sobre o Custo da Reposição | C67: =ROUND(C66*C42,7) -> 0.0090823 | D67: =ROUND(C42*D$66,2) -> 61.62 | F67: Percentual de Incidência de Acidentes de Trabalho | G67: 0.01
B68: TOTAL : | C68: =C66+C67 -> 0.0429713 | D68: =ROUND(D66+D67,2) -> 291.56
A69: QUADRO RESUMO - MÓDULO 4 (ENCARGOS TRABALHISTAS)
A70: 4 | B70: MÓDULO 4 (ENCARGOS TRABALHISTAS)
A71: 4.1. | B71: PREVIDENCIARIO E FGTS | C71: =C42 -> 0.268 | D71: =D42 -> 1818.41
A72: 4.2. | B72: 13º SALÁRIO | C72: =C47 -> 0.0973333 | D72: =D47 -> 660.42
A73: 4.3. | B73: AFASTAMENTO MATERNIDADE | C73: =C51 -> 0.0004697 | D73: =D51 -> 3.18
A74: 4.4. | B74: PROVISÃO RESCISÃO | C74: =C58 -> 0.0694122 | D74: =D58 -> 470.96
A75: 4.5. | B75: CUSTO DE REPOSIÇÃO DO PROFISSIONAL AUSENTE | C75: =C68 -> 0.0429713 | D75: =D68 -> 291.56
B76: TOTAL : | C76: =SUM(C71:C75) -> 0.4781865 | D76: =SUM(D71:D75) -> 3244.53
B78: TOTAL1 (MÓDULOS: 1+2+3+4) | D78: =ROUND(D15+D24+D31+D76,2) -> 11153
A79: MÓDULO 5 - CUSTOS INDIRETOS, TRIBUTOS E LUCRO
A80: 5 | C80: Percentuais | D80: VALORES
A81: A | B81: Taxa de Administração (Custos indiretos) | C81: 0.045 | D81: =ROUND(C81*$D$78,2) -> 501.89
A82: B | B82: LUCRO | C82: 0.045 | D82: =ROUND((D$78+D$81)*C$82,2) -> 524.47
A83: C | B83: TRIBUTOS | C83: =SUM(C84:C89) -> 0.1695 | D83: =SUM(D84:D89) -> 2485.73
A84: C.1 | B84: Tributos Federais (PIS) | C84: 0.0165 | D84: =ROUND(C84*D93,2) -> 241.97
B85: Tributos Federais (COFINS) | C85: 0.076 | D85: =ROUND(C85*D93,2) -> 1114.55
A86: C.2 | B86: Tributos Estaduais
A87: C.3 | B87: Tributos Municipais (ISS) | C87: 0.05 | D87: =ROUND(C87*D93,2) -> 733.25
A88: C.4 | B88: Contribuição Previdenciária sobre a Receita Bruta (CPRB) Lei nº 12.546/2011 e IN RFB 1436/2013 | C88: 0.027 | D88: =ROUND(C88*D93,2) -> 395.96
B90: VALOR TOTAL (MÓDULO 5) | C90: =SUM(C81:C83) -> 0.2595 | D90: =ROUND(SUM(D81:D83),2) -> 3512.09
A92: (categoria profissional) | C92: Quantidade | D92: VALORES
B93: 1 POSTO | C93: 1 | D93: =ROUND(($D$78+$D$81+$D$82)/(1-$C$83),2) -> 14665.09

Sheet subitem 15
A1: 1.15 | B1: PLANILHA DE ESTIMATIVA DE CUSTOS - LUCRO REAL CONFORME IN nº 02/2008, atualizada até a IN nº 05/2017
A2: CATEGORIA | B2: =VLOOKUP($A$1,Bdados!$A:$N,2,0) -> Impressor Offset em máquinas Policrômicas sem reversão
A3: Jornada de Trabalho | B3: =VLOOKUP($A$1,Bdados!$A:$N,5,0) -> 40 horas semanais
A4: CCT | B4: =VLOOKUP($A$1,Bdados!$A:$N,4,0) -> CCT DF000647_2024 SINDIGRAF/DF X STIG 2024.2025 (vigente até 1º/08/2025) | C4: DATA BASE
D5: PISO
A6: MÓDULO 1 - COMPOSIÇÃO DA REMUNERAÇÃO: | C6: Percentuais | D6: VALOR PROPOSTA
B7: Salário Base | D7: =VLOOKUP($A$1,Bdados!$A:$N,6,0) -> 5500
B8: ="Adicional de Periculosidade" & IF(D8>0," 30% sobre o salário base","") -> Adicional de Periculosidade | D8: =VLOOKUP($A$1,Bdados!$A:$N,7,0) -> 0
B9: ="Adicional Insalubridade SM" & IF(D9>0," 20% sobre o salário mínimo","") -> Adicional Insalubridade SM 20% sobre o salário mínimo | D9: =VLOOKUP($A$1,Bdados!$A:$N,8,0) -> 324.2
B10: ="Adicional Noturno" & IF(D10>0," 20 % sobre as horas noturnas ","") -> Adicional Noturno | D10: =VLOOKUP($A$1,Bdados!$A:$N,9,0) -> 0
B11: Adicional de HE
B12: Hora Noturna Adicional
B13: Intervalo Intrajornada | D13: =VLOOKUP($A$1,Bdados!$A:$N,10,0) -> 0
B14: Outros Dif horas extras
B15: TOTAL DA REMUNERAÇÃO | D15: =ROUND(SUM(D7:D14),2) -> 5824.2
A16: MÓDULO 2 - BENEFÍCIOS MENSAIS E DIÁRIOS
B17: Auxilio Transporte (R$ 15,00 por dia trabalhado - 6% SB) | D17: =VLOOKUP($A$1,Bdados!$A:$N,13,0) -> 0
B18: Auxilio Alimentação (R$ 48,17 por dia trabalhado) | D18: =VLOOKUP($A$1,Bdados!$A:$N,14,0) -> 1059.74
B19: Contibuição Assistencial
B20: Auxílio Creche (10% de 20% do salário normativo) | D20: =ROUND((1667.51*20%)*10%,2) -> 33.35
B21: Auxílio Funeral (Cotação do atual contrato) | D21: 5
B22: Seguro de vida
B24: TOTAL DOS BENEFÍCIOS MENSAIS E DIÁRIOS | D24: =ROUND(SUM(D17:D23),2) -> 1098.09
A25: MÓDULO 3- INSUMOS DIVERSOS
B26: Insumos Diversos
B27: Uniformes | D27: =Bdados!P5 -> 25.23
B28: EPI'S | D28: =Bdados!O5 -> 0
B31: TOTAL DE INSUMOS DIVERSOS: | D31: =SUM(D27:D30) -> 25.23
A32: MÓDULO 4 - ENCARGOS SOCIAIS E TRABALHISTAS
A33: 4.1.PREVIDENCIARIO E FGTS | C33: Percentuais | D33: VALORES
B34: INSS (art. 22, inciso I, Lei nº 8.212/91) | C34: 0.1 | D34: =ROUND(C34*(D$15-D$13),7) -> 582.42
B35: SESI ou SESC (art. 30, Lei nº 8.036/90 e art. 1º, Lei 8.154/90) | C35: 0.015 | D35: =ROUND(C35*(D$15-D$13),7) -> 87.363
B36: SENAI ou SENAC (Decreto nº 2.318/86) | C36: 0.01 | D36: =ROUND(C36*(D$15-D$13),7) -> 58.242
B37: INCRA (art. 1º, I, Decreto Lei 1.146/70 e Lei 7.787, de 30/06/89) | C37: 0.002 | D37: =ROUND(C37*(D$15-D$13),7) -> 11.6484
B38: Salário Educação (art. 3º, inciso I, Decreto nº 87.043/82) | C38: 0.025 | D38: =ROUND(C38*(D$15-D$13),2) -> 145.61
B39: FGTS (Lei Complementar nº 110/01 e art. 30, Lei nº 8.036/90) | C39: 0.08 | D39: =ROUND(C39*(D$15-D$13),2) -> 465.94
B40: Risco de Acidente do Trabalho/RAT/INSS (inciso II,B, Lei 8.212/91 e Anexo V, Decreto 6.042/08) (1) | C40: 0.03 | D40: =ROUND(C40*(D$15-D$13),2) -> 174.73
B41: SEBRAE (§ 3º, art. 8º, Lei 8.029/90, alterada pela Lei nº 8.154/90) | C41: 0.006 | D41: =ROUND(C41*(D$15-D$13),2) -> 34.95
B42: TOTAL : | C42: =SUM(C34:C41) -> 0.268 | D42: =ROUND(SUM(D34:D41),2) -> 1560.9
A43: 4.2 13º SALÁRIO | C43: Percentuais | D43: VALORES
B44: 13º Salário | C44: =ROUND(1/12,7) -> 0.0833333 | D44: =ROUND(C44*(D$15-D$13),2) -> 485.35
B45: Incidência do 4.1. sobre o 13º salário | C45: =ROUND(($C$42-C34)*C$44,7) -> 0.014 | D45: =ROUND(C45*(D$15-D$13),2) -> 81.54 | F45: PARÂMETROS
B47: TOTAL : | C47: =SUM(C44:C46) -> 0.0973333 | D47: =SUM(D44:D45) -> 566.89
A48: 4.3. AFASTAMENTO MATERNIDADE | C48: Percentuais | D48: VALORES
B49: Afastamento maternidade | C49: =ROUND((((1+1/3)*(G49/12)/12)*G50),7) -> 0.0003704 | D49: =ROUND(C49*(D$15-D$13),2) -> 2.16 | F49: Número de Meses de Afastamento Maternidade | G49: 4
B50: Incidência do 4.1. sobre afastamento maternidade | C50: =ROUND(C42*C49,7) -> 9.93e-05 | D50: =ROUND(C50*(D$15-D$13),2) -> 0.58 | F50: Incidência anual de ocorrência de Afastamento Maternidade | G50: 0.01
B51: TOTAL : | C51: =SUM(C49:C50) -> 0.0004697 | D51: =SUM(D49:D50) -> 2.74
A52: 4.4. PROVISÃO P\ RESCISÃO | C52: Percentuais | D52: VALORES
B53: Aviso Prévio Indenizado ( art. 7º, XXI, CF e 477, 487 e 491, CLT) (2) | C53: =ROUND(((1/12)*G53),7) -> 0.0083333 | D53: =ROUND(C53*(D$15-D$13),2) -> 48.53 | F53: % dispensa com aviso prévio indenizado | G53: 0.1
B54: Incidência de FGTS sobre o aviso prévio indenizado | C54: =ROUND(C$39*C$53,7) -> 0.0006667 | D54: =ROUND(C54*(D$15-D$13),2) -> 3.88 | F54: % dispensa com aviso prévio trabalhado | G54: 0.9
B55: Aviso Prévio Trabalhado (art. 7º, inciso XXI, CF e 477, 487 e 491, CLT) | C55: =ROUND((7/30/12*(G54)),7) -> 0.0175 | D55: =ROUND(C55*(D$15-D$13),2) -> 101.92 | F55: TOTAL | G55: =SUM(G53:G54) -> 1
B56: Incidência do 4.1. sobre o Aviso Prévio Trabalhado | C56: =ROUND(C$55*C$42,7) -> 0.00469 | D56: =ROUND(C56*(D$15-D$13),2) -> 27.32
B57: Multa do FGTS sobre os Avisos Prévios Indenizado e Trabalhado | C57: =ROUND((((1+(1/12)+(1/12)+(1/3*1/12))*0.4)*0.08)*1,7) -> 0.0382222 | D57: =ROUND(C57*(D$15-D$13),2) -> 222.61
B58: TOTAL : | C58: =SUM(C53:C57) -> 0.0694122 | D58: =SUM(D53:D57) -> 404.26
A59: 4.5. CUSTO DE REPOSIÇÃO DO PROFISSIONAL AUSENTE | C59: Percentuais | D59: VALORES
B60: Férias | C60: =VLOOKUP($A$1,Bdados!$A:$N,11,0) -> 0 | D60: =ROUND(C60*(D$15-D$13),2) -> 0
B61: Terço constitucional de férias | C61: =ROUND(1/3*1/12,7) -> 0.0277778 | D61: =ROUND(C61*(D$15-D$13),2) -> 161.78
B62: Auxílio doença | C62: =ROUND($G$62/30/12,7) -> 0.0027778 | D62: =ROUND(C62*(D$15-D$13),2) -> 16.18 | F62: Quantidade média de faltas por doença no ano por posto | G62: 1
B63: Licença paternidade | C63: =ROUND((1/30/12*$G$63)*$G$64,7) -> 0.0001389 | D63: =ROUND(C63*(D$15-D$13),2) -> 0.81 | F63: Quantidade média de dias de licença paternidade | G63: 5
B64: Faltas legais | C64: =ROUND((1/30/12)*$G$65,7) -> 0.0027778 | D64: =ROUND(C64*(D$15-D$13),2) -> 16.18 | F64: Incidência de Ocorrência de licença paternidade | G64: 0.01
B65: Acidente de Trabalho | C65: =ROUND((((1/30)/12)*$G$66)*$G$67,7) -> 0.0004167 | D65: =ROUND(C65*(D$15-D$13),2) -> 2.43 | F65: Quantidade média de ausências legais no ano por posto | G65: 1
B66: Subtotal | C66: =SUM(C60:C65) -> 0.033889 | D66: =ROUND(C66*(D$15-D$13),2) -> 197.38 | F66: Quantidade média de dias pagos em acidente de trabalho | G66: 15
B67: Incidência do 4.1. sobre o Custo da Reposição | C67: =ROUND(C66*C42,7) -> 0.0090823 | D67: =ROUND(C42*D$66,2) -> 52.9 | F67: Percentual de Incidência de Acidentes de Trabalho | G67: 0.01
B68: TOTAL : | C68: =C66+C67 -> 0.0429713 | D68: =ROUND(D66+D67,2) -> 250.28
A69: QUADRO RESUMO - MÓDULO 4 (ENCARGOS TRABALHISTAS)
A70: 4 | B70: MÓDULO 4 (ENCARGOS TRABALHISTAS)
A71: 4.1. | B71: PREVIDENCIARIO E FGTS | C71: =C42 -> 0.268 | D71: =D42 -> 1560.9
A72: 4.2. | B72: 13º SALÁRIO | C72: =C47 -> 0.0973333 | D72: =D47 -> 566.89
A73: 4.3. | B73: AFASTAMENTO MATERNIDADE | C73: =C51 -> 0.0004697 | D73: =D51 -> 2.74
A74: 4.4. | B74: PROVISÃO RESCISÃO | C74: =C58 -> 0.0694122 | D74: =D58 -> 404.26
A75: 4.5. | B75: CUSTO DE REPOSIÇÃO DO PROFISSIONAL AUSENTE | C75: =C68 -> 0.0429713 | D75: =D68 -> 250.28
B76: TOTAL : | C76: =SUM(C71:C75) -> 0.4781865 | D76: =SUM(D71:D75) -> 2785.07
B78: TOTAL1 (MÓDULOS: 1+2+3+4) | D78: =ROUND(D15+D24+D31+D76,2) -> 9732.59
A79: MÓDULO 5 - CUSTOS INDIRETOS, TRIBUTOS E LUCRO
A80: 5 | C80: Percentuais | D80: VALORES
A81: A | B81: Taxa de Administração (Custos indiretos) | C81: 0.045 | D81: =ROUND(C81*$D$78,2) -> 437.97
A82: B | B82: LUCRO | C82: 0.045 | D82: =ROUND((D$78+D$81)*C$82,2) -> 457.68
A83: C | B83: TRIBUTOS | C83: =SUM(C84:C89) -> 0.1695 | D83: =SUM(D84:D89) -> 2169.16
A84: C.1 | B84: Tributos Federais (PIS) | C84: 0.0165 | D84: =ROUND(C84*D93,2) -> 211.16
B85: Tributos Federais (COFINS) | C85: 0.076 | D85: =ROUND(C85*D93,2) -> 972.6
A86: C.2 | B86: Tributos Estaduais
A87: C.3 | B87: Tributos Municipais (ISS) | C87: 0.05 | D87: =ROUND(C87*D93,2) -> 639.87
A88: C.4 | B88: Contribuição Previdenciária sobre a Receita Bruta (CPRB) Lei nº 12.546/2011 e IN RFB 1436/2013 | C88: 0.027 | D88: =ROUND(C88*D93,2) -> 345.53
B90: VALOR TOTAL (MÓDULO 5) | C90: =SUM(C81:C83) -> 0.2595 | D90: =ROUND(SUM(D81:D83),2) -> 3064.81
A92: (categoria profissional) | C92: Quantidade | D92: VALORES
B93: 1 POSTO | C93: 1 | D93: =ROUND(($D$78+$D$81+$D$82)/(1-$C$83),2) -> 12797.4

Sheet subitem 16
A1: 1.16 | B1: PLANILHA DE ESTIMATIVA DE CUSTOS - LUCRO REAL CONFORME IN nº 02/2008, atualizada até a IN nº 05/2017
A2: CATEGORIA | B2: =VLOOKUP($A$1,Bdados!$A:$N,2,0) -> Mecânico de Máquinas Gráficas
A3: Jornada de Trabalho | B3: =VLOOKUP($A$1,Bdados!$A:$N,5,0) -> 40 horas semanais
A4: CCT | B4: =VLOOKUP($A$1,Bdados!$A:$N,4,0) -> CCT DF000647_2024 SINDIGRAF/DF X STIG 2024.2025 (vigente até 1º/08/2025) | C4: DATA BASE
D5: PISO
A6: MÓDULO 1 - COMPOSIÇÃO DA REMUNERAÇÃO: | C6: Percentuais | D6: VALOR PROPOSTA
B7: Salário Base | D7: =VLOOKUP($A$1,Bdados!$A:$N,6,0) -> 6900
B8: ="Adicional de Periculosidade" & IF(D8>0," 30% sobre o salário base","") -> Adicional de Periculosidade | D8: =VLOOKUP($A$1,Bdados!$A:$N,7,0) -> 0
B9: ="Adicional Insalubridade SM" & IF(D9>0," 20% sobre o salário mínimo","") -> Adicional Insalubridade SM 20% sobre o salário mínimo | D9: =VLOOKUP($A$1,Bdados!$A:$N,8,0) -> 324.2
B10: ="Adicional Noturno" & IF(D10>0," 20 % sobre as horas noturnas ","") -> Adicional Noturno | D10: =VLOOKUP($A$1,Bdados!$A:$N,9,0) -> 0
B11: Adicional de HE
B12: Hora Noturna Adicional
B13: Intervalo Intrajornada | D13: =VLOOKUP($A$1,Bdados!$A:$N,10,0) -> 0
B14: Outros Dif horas extras
B15: TOTAL DA REMUNERAÇÃO | D15: =ROUND(SUM(D7:D14),2) -> 7224.2
A16: MÓDULO 2 - BENEFÍCIOS MENSAIS E DIÁRIOS
B17: Auxilio Transporte (R$ 15,00 por dia trabalhado - 6% SB) | D17: =VLOOKUP($A$1,Bdados!$A:$N,13,0) -> 0
B18: Auxilio Alimentação (R$ 48,17 por dia trabalhado) | D18: =VLOOKUP($A$1,Bdados!$A:$N,14,0) -> 1059.74
B19: Contibuição Assistencial
B20: Auxílio Creche (10% de 20% do salário normativo) | D20: =ROUND((1667.51*20%)*10%,2) -> 33.35
B21: Auxílio Funeral (Cotação do atual contrato) | D21: 5
B22: Seguro de vida
B24: TOTAL DOS BENEFÍCIOS MENSAIS E DIÁRIOS | D24: =ROUND(SUM(D17:D23),2) -> 1098.09
A25: MÓDULO 3- INSUMOS DIVERSOS
B26: Insumos Diversos
B27: Uniformes | D27: =Bdados!P5 -> 25.23
B28: EPI'S | D28: =Bdados!O5 -> 0
B31: TOTAL DE INSUMOS DIVERSOS: | D31: =SUM(D27:D30) -> 25.23
A32: MÓDULO 4 - ENCARGOS SOCIAIS E TRABALHISTAS
A33: 4.1.PREVIDENCIARIO E FGTS | C33: Percentuais | D33: VALORES
B34: INSS (art. 22, inciso I, Lei nº 8.212/91) | C34: 0.1 | D34: =ROUND(C34*(D$15-D$13),7) -> 722.42
B35: SESI ou SESC (art. 30, Lei nº 8.036/90 e art. 1º, Lei 8.154/90) | C35: 0.015 | D35: =ROUND(C35*(D$15-D$13),7) -> 108.363
B36: SENAI ou SENAC (Decreto nº 2.318/86) | C36: 0.01 | D36: =ROUND(C36*(D$15-D$13),7) -> 72.242
B37: INCRA (art. 1º, I, Decreto Lei 1.146/70 e Lei 7.787, de 30/06/89) | C37: 0.002 | D37: =ROUND(C37*(D$15-D$13),7) -> 14.4484
B38: Salário Educação (art. 3º, inciso I, Decreto nº 87.043/82) | C38: 0.025 | D38: =ROUND(C38*(D$15-D$13),2) -> 180.61
B39: FGTS (Lei Complementar nº 110/01 e art. 30, Lei nº 8.036/90) | C39: 0.08 | D39: =ROUND(C39*(D$15-D$13),2) -> 577.94
B40: Risco de Acidente do Trabalho/RAT/INSS (inciso II,B, Lei 8.212/91 e Anexo V, Decreto 6.042/08) (1) | C40: 0.03 | D40: =ROUND(C40*(D$15-D$13),2) -> 216.73
B41: SEBRAE (§ 3º, art. 8º, Lei 8.029/90, alterada pela Lei nº 8.154/90) | C41: 0.006 | D41: =ROUND(C41*(D$15-D$13),2) -> 43.35
B42: TOTAL : | C42: =SUM(C34:C41) -> 0.268 | D42: =ROUND(SUM(D34:D41),2) -> 1936.1
A43: 4.2 13º SALÁRIO | C43: Percentuais | D43: VALORES
B44: 13º Salário | C44: =ROUND(1/12,7) -> 0.0833333 | D44: =ROUND(C44*(D$15-D$13),2) -> 602.02
B45: Incidência do 4.1. sobre o 13º salário | C45: =ROUND(($C$42-C34)*C$44,7) -> 0.014 | D45: =ROUND(C45*(D$15-D$13),2) -> 101.14 | F45: PARÂMETROS
B47: TOTAL : | C47: =SUM(C44:C46) -> 0.0973333 | D47: =SUM(D44:D45) -> 703.16
A48: 4.3. AFASTAMENTO MATERNIDADE | C48: Percentuais | D48: VALORES
B49: Afastamento maternidade | C49: =ROUND((((1+1/3)*(G49/12)/12)*G50),7) -> 0.0003704 | D49: =ROUND(C49*(D$15-D$13),2) -> 2.68 | F49: Número de Meses de Afastamento Maternidade | G49: 4
B50: Incidência do 4.1. sobre afastamento maternidade | C50: =ROUND(C42*C49,7) -> 9.93e-05 | D50: =ROUND(C50*(D$15-D$13),2) -> 0.72 | F50: Incidência anual de ocorrência de Afastamento Maternidade | G50: 0.01
B51: TOTAL : | C51: =SUM(C49:C50) -> 0.0004697 | D51: =SUM(D49:D50) -> 3.4
A52: 4.4. PROVISÃO P\ RESCISÃO | C52: Percentuais | D52: VALORES
B53: Aviso Prévio Indenizado ( art. 7º, XXI, CF e 477, 487 e 491, CLT) (2) | C53: =ROUND(((1/12)*G53),7) -> 0.0083333 | D53: =ROUND(C53*(D$15-D$13),2) -> 60.2 | F53: % dispensa com aviso prévio indenizado | G53: 0.1
B54: Incidência de FGTS sobre o aviso prévio indenizado | C54: =ROUND(C$39*C$53,7) -> 0.0006667 | D54: =ROUND(C54*(D$15-D$13),2) -> 4.82 | F54: % dispensa com aviso prévio trabalhado | G54: 0.9
B55: Aviso Prévio Trabalhado (art. 7º, inciso XXI, CF e 477, 487 e 491, CLT) | C55: =ROUND((7/30/12*(G54)),7) -> 0.0175 | D55: =ROUND(C55*(D$15-D$13),2) -> 126.42 | F55: TOTAL | G55: =SUM(G53:G54) -> 1
B56: Incidência do 4.1. sobre o Aviso Prévio Trabalhado | C56: =ROUND(C$55*C$42,7) -> 0.00469 | D56: =ROUND(C56*(D$15-D$13),2) -> 33.88
B57: Multa do FGTS sobre os Avisos Prévios Indenizado e Trabalhado | C57: =ROUND((((1+(1/12)+(1/12)+(1/3*1/12))*0.4)*0.08)*1,7) -> 0.0382222 | D57: =ROUND(C57*(D$15-D$13),2) -> 276.12
B58: TOTAL : | C58: =SUM(C53:C57) -> 0.0694122 | D58: =SUM(D53:D57) -> 501.44
A59: 4.5. CUSTO DE REPOSIÇÃO DO PROFISSIONAL AUSENTE | C59: Percentuais | D59: VALORES
B60: Férias | C60: =VLOOKUP($A$1,Bdados!$A:$N,11,0) -> 0 | D60: =ROUND(C60*(D$15-D$13),2) -> 0
B61: Terço constitucional de férias | C61: =ROUND(1/3*1/12,7) -> 0.0277778 | D61: =ROUND(C61*(D$15-D$13),2) -> 200.67
B62: Auxílio doença | C62: =ROUND($G$62/30/12,7) -> 0.0027778 | D62: =ROUND(C62*(D$15-D$13),2) -> 20.07 | F62: Quantidade média de faltas por doença no ano por posto | G62: 1
B63: Licença paternidade | C63: =ROUND((1/30/12*$G$63)*$G$64,7) -> 0.0001389 | D63: =ROUND(C63*(D$15-D$13),2) -> 1 | F63: Quantidade média de dias de licença paternidade | G63: 5
B64: Faltas legais | C64: =ROUND((1/30/12)*$G$65,7) -> 0.0027778 | D64: =ROUND(C64*(D$15-D$13),2) -> 20.07 | F64: Incidência de Ocorrência de licença paternidade | G64: 0.01
B65: Acidente de Trabalho | C65: =ROUND((((1/30)/12)*$G$66)*$G$67,7) -> 0.0004167 | D65: =ROUND(C65*(D$15-D$13),2) -> 3.01 | F65: Quantidade média de ausências legais no ano por posto | G65: 1
B66: Subtotal | C66: =SUM(C60:C65) -> 0.033889 | D66: =ROUND(C66*(D$15-D$13),2) -> 244.82 | F66: Quantidade média de dias pagos em acidente de trabalho | G66: 15
B67: Incidência do 4.1. sobre o Custo da Reposição | C67: =ROUND(C66*C42,7) -> 0.0090823 | D67: =ROUND(C42*D$66,2) -> 65.61 | F67: Percentual de Incidência de Acidentes de Trabalho | G67: 0.01
B68: TOTAL : | C68: =C66+C67 -> 0.0429713 | D68: =ROUND(D66+D67,2) -> 310.43
A69: QUADRO RESUMO - MÓDULO 4 (ENCARGOS TRABALHISTAS)
A70: 4 | B70: MÓDULO 4 (ENCARGOS TRABALHISTAS)
A71: 4.1. | B71: PREVIDENCIARIO E FGTS | C71: =C42 -> 0.268 | D71: =D42 -> 1936.1
A72: 4.2. | B72: 13º SALÁRIO | C72: =C47 -> 0.0973333 | D72: =D47 -> 703.16
A73: 4.3. | B73: AFASTAMENTO MATERNIDADE | C73: =C51 -> 0.0004697 | D73: =D51 -> 3.4
A74: 4.4. | B74: PROVISÃO RESCISÃO | C74: =C58 -> 0.0694122 | D74: =D58 -> 501.44
A75: 4.5. | B75: CUSTO DE REPOSIÇÃO DO PROFISSIONAL AUSENTE | C75: =C68 -> 0.0429713 | D75: =D68 -> 310.43
B76: TOTAL : | C76: =SUM(C71:C75) -> 0.4781865 | D76: =SUM(D71:D75) -> 3454.53
B78: TOTAL1 (MÓDULOS: 1+2+3+4) | D78: =ROUND(D15+D24+D31+D76,2) -> 11802.05
A79: MÓDULO 5 - CUSTOS INDIRETOS, TRIBUTOS E LUCRO
A80: 5 | C80: Percentuais | D80: VALORES
A81: A | B81: Taxa de Administração (Custos indiretos) | C81: 0.045 | D81: =ROUND(C81*$D$78,2) -> 531.09
A82: B | B82: LUCRO | C82: 0.045 | D82: =ROUND((D$78+D$81)*C$82,2) -> 554.99
A83: C | B83: TRIBUTOS | C83: =SUM(C84:C89) -> 0.1695 | D83: =SUM(D84:D89) -> 2630.4
A84: C.1 | B84: Tributos Federais (PIS) | C84: 0.0165 | D84: =ROUND(C84*D93,2) -> 256.06
B85: Tributos Federais (COFINS) | C85: 0.076 | D85: =ROUND(C85*D93,2) -> 1179.41
A86: C.2 | B86: Tributos Estaduais
A87: C.3 | B87: Tributos Municipais (ISS) | C87: 0.05 | D87: =ROUND(C87*D93,2) -> 775.93
A88: C.4 | B88: Contribuição Previdenciária sobre a Receita Bruta (CPRB) Lei nº 12.546/2011 e IN RFB 1436/2013 | C88: 0.027 | D88: =ROUND(C88*D93,2) -> 419
B90: VALOR TOTAL (MÓDULO 5) | C90: =SUM(C81:C83) -> 0.2595 | D90: =ROUND(SUM(D81:D83),2) -> 3716.48
A92: (categoria profissional) | C92: Quantidade | D92: VALORES
B93: 1 POSTO | C93: 1 | D93: =ROUND(($D$78+$D$81+$D$82)/(1-$C$83),2) -> 15518.52

Sheet subitem 17
A1: 1.17 | B1: PLANILHA DE ESTIMATIVA DE CUSTOS - LUCRO REAL CONFORME IN nº 02/2008, atualizada até a IN nº 05/2017
A2: CATEGORIA | B2: =VLOOKUP($A$1,Bdados!$A:$N,2,0) -> Operador de Acabamento
A3: Jornada de Trabalho | B3: =VLOOKUP($A$1,Bdados!$A:$N,5,0) -> 40 horas semanais
A4: CCT | B4: =VLOOKUP($A$1,Bdados!$A:$N,4,0) -> CCT DF000647_2024 SINDIGRAF/DF X STIG 2024.2025 (vigente até 1º/08/2025) | C4: DATA BASE
D5: PISO
A6: MÓDULO 1 - COMPOSIÇÃO DA REMUNERAÇÃO: | C6: Percentuais | D6: VALOR PROPOSTA
B7: Salário Base | D7: =VLOOKUP($A$1,Bdados!$A:$N,6,0) -> 4500
B8: ="Adicional de Periculosidade" & IF(D8>0," 30% sobre o salário base","") -> Adicional de Periculosidade | D8: =VLOOKUP($A$1,Bdados!$A:$N,7,0) -> 0
B9: ="Adicional Insalubridade SM" & IF(D9>0," 20% sobre o salário mínimo","") -> Adicional Insalubridade SM 20% sobre o salário mínimo | D9: =VLOOKUP($A$1,Bdados!$A:$N,8,0) -> 324.2
B10: ="Adicional Noturno" & IF(D10>0," 20 % sobre as horas noturnas ","") -> Adicional Noturno | D10: =VLOOKUP($A$1,Bdados!$A:$N,9,0) -> 0
B11: Adicional de HE
B12: Hora Noturna Adicional
B13: Intervalo Intrajornada | D13: =VLOOKUP($A$1,Bdados!$A:$N,10,0) -> 0
B14: Outros Dif horas extras
B15: TOTAL DA REMUNERAÇÃO | D15: =ROUND(SUM(D7:D14),2) -> 4824.2
A16: MÓDULO 2 - BENEFÍCIOS MENSAIS E DIÁRIOS
B17: Auxilio Transporte (R$ 15,00 por dia trabalhado - 6% SB) | D17: =VLOOKUP($A$1,Bdados!$A:$N,13,0) -> 60
B18: Auxilio Alimentação (R$ 48,17 por dia trabalhado) | D18: =VLOOKUP($A$1,Bdados!$A:$N,14,0) -> 1059.74
B19: Contibuição Assistencial
B20: Auxílio Creche (10% de 20% do salário normativo) | D20: =ROUND((1667.51*20%)*10%,2) -> 33.35
B21: Auxílio Funeral (Cotação do atual contrato) | D21: 5
B22: Seguro de vida
B24: TOTAL DOS BENEFÍCIOS MENSAIS E DIÁRIOS | D24: =ROUND(SUM(D17:D23),2) -> 1158.09
A25: MÓDULO 3- INSUMOS DIVERSOS
B26: Insumos Diversos
B27: Uniformes | D27: =Bdados!P5 -> 25.23
B28: EPI'S | D28: =Bdados!O5 -> 0
B31: TOTAL DE INSUMOS DIVERSOS: | D31: =SUM(D27:D30) -> 25.23
A32: MÓDULO 4 - ENCARGOS SOCIAIS E TRABALHISTAS
A33: 4.1.PREVIDENCIARIO E FGTS | C33: Percentuais | D33: VALORES
B34: INSS (art. 22, inciso I, Lei nº 8.212/91) | C34: 0.1 | D34: =ROUND(C34*(D$15-D$13),7) -> 482.42
B35: SESI ou SESC (art. 30, Lei nº 8.036/90 e art. 1º, Lei 8.154/90) | C35: 0.015 | D35: =ROUND(C35*(D$15-D$13),7) -> 72.363
B36: SENAI ou SENAC (Decreto nº 2.318/86) | C36: 0.01 | D36: =ROUND(C36*(D$15-D$13),7) -> 48.242
B37: INCRA (art. 1º, I, Decreto Lei 1.146/70 e Lei 7.787, de 30/06/89) | C37: 0.002 | D37: =ROUND(C37*(D$15-D$13),7) -> 9.6484
B38: Salário Educação (art. 3º, inciso I, Decreto nº 87.043/82) | C38: 0.025 | D38: =ROUND(C38*(D$15-D$13),2) -> 120.61
B39: FGTS (Lei Complementar nº 110/01 e art. 30, Lei nº 8.036/90) | C39: 0.08 | D39: =ROUND(C39*(D$15-D$13),2) -> 385.94
B40: Risco de Acidente do Trabalho/RAT/INSS (inciso II,B, Lei 8.212/91 e Anexo V, Decreto 6.042/08) (1) | C40: 0.03 | D40: =ROUND(C40*(D$15-D$13),2) -> 144.73
B41: SEBRAE (§ 3º, art. 8º, Lei 8.029/90, alterada pela Lei nº 8.154/90) | C41: 0.006 | D41: =ROUND(C41*(D$15-D$13),2) -> 28.95
B42: TOTAL : | C42: =SUM(C34:C41) -> 0.268 | D42: =ROUND(SUM(D34:D41),2) -> 1292.9
A43: 4.2 13º SALÁRIO | C43: Percentuais | D43: VALORES
B44: 13º Salário | C44: =ROUND(1/12,7) -> 0.0833333 | D44: =ROUND(C44*(D$15-D$13),2) -> 402.02
B45: Incidência do 4.1. sobre o 13º salário | C45: =ROUND(($C$42-C34)*C$44,7) -> 0.014 | D45: =ROUND(C45*(D$15-D$13),2) -> 67.54 | F45: PARÂMETROS
B47: TOTAL : | C47: =SUM(C44:C46) -> 0.0973333 | D47: =SUM(D44:D45) -> 469.56
A48: 4.3. AFASTAMENTO MATERNIDADE | C48: Percentuais | D48: VALORES
B49: Afastamento maternidade | C49: =ROUND((((1+1/3)*(G49/12)/12)*G50),7) -> 0.0003704 | D49: =ROUND(C49*(D$15-D$13),2) -> 1.79 | F49: Número de Meses de Afastamento Maternidade | G49: 4
B50: Incidência do 4.1. sobre afastamento maternidade | C50: =ROUND(C42*C49,7) -> 9.93e-05 | D50: =ROUND(C50*(D$15-D$13),2) -> 0.48 | F50: Incidência anual de ocorrência de Afastamento Maternidade | G50: 0.01
B51: TOTAL : | C51: =SUM(C49:C50) -> 0.0004697 | D51: =SUM(D49:D50) -> 2.27
A52: 4.4. PROVISÃO P\ RESCISÃO | C52: Percentuais | D52: VALORES
B53: Aviso Prévio Indenizado ( art. 7º, XXI, CF e 477, 487 e 491, CLT) (2) | C53: =ROUND(((1/12)*G53),7) -> 0.0083333 | D53: =ROUND(C53*(D$15-D$13),2) -> 40.2 | F53: % dispensa com aviso prévio indenizado | G53: 0.1
B54: Incidência de FGTS sobre o aviso prévio indenizado | C54: =ROUND(C$39*C$53,7) -> 0.0006667 | D54: =ROUND(C54*(D$15-D$13),2) -> 3.22 | F54: % dispensa com aviso prévio trabalhado | G54: 0.9
B55: Aviso Prévio Trabalhado (art. 7º, inciso XXI, CF e 477, 487 e 491, CLT) | C55: =ROUND((7/30/12*(G54)),7) -> 0.0175 | D55: =ROUND(C55*(D$15-D$13),2) -> 84.42 | F55: TOTAL | G55: =SUM(G53:G54) -> 1
B56: Incidência do 4.1. sobre o Aviso Prévio Trabalhado | C56: =ROUND(C$55*C$42,7) -> 0.00469 | D56: =ROUND(C56*(D$15-D$13),2) -> 22.63
B57: Multa do FGTS sobre os Avisos Prévios Indenizado e Trabalhado | C57: =ROUND((((1+(1/12)+(1/12)+(1/3*1/12))*0.4)*0.08)*1,7) -> 0.0382222 | D57: =ROUND(C57*(D$15-D$13),2) -> 184.39
B58: TOTAL : | C58: =SUM(C53:C57) -> 0.0694122 | D58: =SUM(D53:D57) -> 334.86
A59: 4.5. CUSTO DE REPOSIÇÃO DO PROFISSIONAL AUSENTE | C59: Percentuais | D59: VALORES
B60: Férias | C60: =VLOOKUP($A$1,Bdados!$A:$N,11,0) -> 0 | D60: =ROUND(C60*(D$15-D$13),2) -> 0
B61: Terço constitucional de férias | C61: =ROUND(1/3*1/12,7) -> 0.0277778 | D61: =ROUND(C61*(D$15-D$13),2) -> 134.01
B62: Auxílio doença | C62: =ROUND($G$62/30/12,7) -> 0.0027778 | D62: =ROUND(C62*(D$15-D$13),2) -> 13.4 | F62: Quantidade média de faltas por doença no ano por posto | G62: 1
B63: Licença paternidade | C63: =ROUND((1/30/12*$G$63)*$G$64,7) -> 0.0001389 | D63: =ROUND(C63*(D$15-D$13),2) -> 0.67 | F63: Quantidade média de dias de licença paternidade | G63: 5
B64: Faltas legais | C64: =ROUND((1/30/12)*$G$65,7) -> 0.0027778 | D64: =ROUND(C64*(D$15-D$13),2) -> 13.4 | F64: Incidência de Ocorrência de licença paternidade | G64: 0.01
B65: Acidente de Trabalho | C65: =ROUND((((1/30)/12)*$G$66)*$G$67,7) -> 0.0004167 | D65: =ROUND(C65*(D$15-D$13),2) -> 2.01 | F65: Quantidade média de ausências legais no ano por posto | G65: 1
B66: Subtotal | C66: =SUM(C60:C65) -> 0.033889 | D66: =ROUND(C66*(D$15-D$13),2) -> 163.49 | F66: Quantidade média de dias pagos em acidente de trabalho | G66: 15
B67: Incidência do 4.1. sobre o Custo da Reposição | C67: =ROUND(C66*C42,7) -> 0.0090823 | D67: =ROUND(C42*D$66,2) -> 43.82 | F67: Percentual de Incidência de Acidentes de Trabalho | G67: 0.01
B68: TOTAL : | C68: =C66+C67 -> 0.0429713 | D68: =ROUND(D66+D67,2) -> 207.31
A69: QUADRO RESUMO - MÓDULO 4 (ENCARGOS TRABALHISTAS)
A70: 4 | B70: MÓDULO 4 (ENCARGOS TRABALHISTAS)
A71: 4.1. | B71: PREVIDENCIARIO E FGTS | C71: =C42 -> 0.268 | D71: =D42 -> 1292.9
A72: 4.2. | B72: 13º SALÁRIO | C72: =C47 -> 0.0973333 | D72: =D47 -> 469.56
A73: 4.3. | B73: AFASTAMENTO MATERNIDADE | C73: =C51 -> 0.0004697 | D73: =D51 -> 2.27
A74: 4.4. | B74: PROVISÃO RESCISÃO | C74: =C58 -> 0.0694122 | D74: =D58 -> 334.86
A75: 4.5. | B75: CUSTO DE REPOSIÇÃO DO PROFISSIONAL AUSENTE | C75: =C68 -> 0.0429713 | D75: =D68 -> 207.31
B76: TOTAL : | C76: =SUM(C71:C75) -> 0.4781865 | D76: =SUM(D71:D75) -> 2306.9
B78: TOTAL1 (MÓDULOS: 1+2+3+4) | D78: =ROUND(D15+D24+D31+D76,2) -> 8314.42
A79: MÓDULO 5 - CUSTOS INDIRETOS, TRIBUTOS E LUCRO
A80: 5 | C80: Percentuais | D80: VALORES
A81: A | B81: Taxa de Administração (Custos indiretos) | C81: 0.045 | D81: =ROUND(C81*$D$78,2) -> 374.15
A82: B | B82: LUCRO | C82: 0.045 | D82: =ROUND((D$78+D$81)*C$82,2) -> 390.99
A83: C | B83: TRIBUTOS | C83: =SUM(C84:C89) -> 0.1695 | D83: =SUM(D84:D89) -> 1853.08
A84: C.1 | B84: Tributos Federais (PIS) | C84: 0.0165 | D84: =ROUND(C84*D93,2) -> 180.39
B85: Tributos Federais (COFINS) | C85: 0.076 | D85: =ROUND(C85*D93,2) -> 830.88
A86: C.2 | B86: Tributos Estaduais
A87: C.3 | B87: Tributos Municipais (ISS) | C87: 0.05 | D87: =ROUND(C87*D93,2) -> 546.63
A88: C.4 | B88: Contribuição Previdenciária sobre a Receita Bruta (CPRB) Lei nº 12.546/2011 e IN RFB 1436/2013 | C88: 0.027 | D88: =ROUND(C88*D93,2) -> 295.18
B90: VALOR TOTAL (MÓDULO 5) | C90: =SUM(C81:C83) -> 0.2595 | D90: =ROUND(SUM(D81:D83),2) -> 2618.22
A92: (categoria profissional) | C92: Quantidade | D92: VALORES
B93: 1 POSTO | C93: 1 | D93: =ROUND(($D$78+$D$81+$D$82)/(1-$C$83),2) -> 10932.64

Sheet subitem 18
A1: 1.18 | B1: PLANILHA DE ESTIMATIVA DE CUSTOS - LUCRO REAL CONFORME IN nº 02/2008, atualizada até a IN nº 05/2017
A2: CATEGORIA | B2: =VLOOKUP($A$1,Bdados!$A:$N,2,0) -> Operador de Pré-Impressão
A3: Jornada de Trabalho | B3: =VLOOKUP($A$1,Bdados!$A:$N,5,0) -> 40 horas semanais
A4: CCT | B4: =VLOOKUP($A$1,Bdados!$A:$N,4,0) -> CCT DF000647_2024 SINDIGRAF/DF X STIG 2024.2025 (vigente até 1º/08/2025) | C4: DATA BASE
D5: PISO
A6: MÓDULO 1 - COMPOSIÇÃO DA REMUNERAÇÃO: | C6: Percentuais | D6: VALOR PROPOSTA
B7: Salário Base | D7: =VLOOKUP($A$1,Bdados!$A:$N,6,0) -> 4600
B8: ="Adicional de Periculosidade" & IF(D8>0," 30% sobre o salário base","") -> Adicional de Periculosidade | D8: =VLOOKUP($A$1,Bdados!$A:$N,7,0) -> 0
B9: ="Adicional Insalubridade SM" & IF(D9>0," 20% sobre o salário mínimo","") -> Adicional Insalubridade SM | D9: =VLOOKUP($A$1,Bdados!$A:$N,8,0) -> 0
B10: ="Adicional Noturno" & IF(D10>0," 20 % sobre as horas noturnas ","") -> Adicional Noturno | D10: =VLOOKUP($A$1,Bdados!$A:$N,9,0) -> 0
B11: Adicional de HE
B12: Hora Noturna Adicional
B13: Intervalo Intrajornada | D13: =VLOOKUP($A$1,Bdados!$A:$N,10,0) -> 0
B14: Outros Dif horas extras
B15: TOTAL DA REMUNERAÇÃO | D15: =ROUND(SUM(D7:D14),2) -> 4600
A16: MÓDULO 2 - BENEFÍCIOS MENSAIS E DIÁRIOS
B17: Auxilio Transporte (R$ 15,00 por dia trabalhado - 6% SB) | D17: =VLOOKUP($A$1,Bdados!$A:$N,13,0) -> 54
B18: Auxilio Alimentação (R$ 48,17 por dia trabalhado) | D18: =VLOOKUP($A$1,Bdados!$A:$N,14,0) -> 1059.74
B19: Contibuição Assistencial
B20: Auxílio Creche (10% de 20% do salário normativo) | D20: =ROUND((1667.51*20%)*10%,2) -> 33.35
B21: Auxílio Funeral (Cotação do atual contrato) | D21: 5
B22: Seguro de vida
B24: TOTAL DOS BENEFÍCIOS MENSAIS E DIÁRIOS | D24: =ROUND(SUM(D17:D23),2) -> 1152.09
A25: MÓDULO 3- INSUMOS DIVERSOS
B26: Insumos Diversos
B27: Uniformes | D27: =Bdados!P5 -> 25.23
B28: EPI'S | D28: =Bdados!O5 -> 0
B31: TOTAL DE INSUMOS DIVERSOS: | D31: =SUM(D27:D30) -> 25.23
A32: MÓDULO 4 - ENCARGOS SOCIAIS E TRABALHISTAS
A33: 4.1.PREVIDENCIARIO E FGTS | C33: Percentuais | D33: VALORES
B34: INSS (art. 22, inciso I, Lei nº 8.212/91) | C34: 0.1 | D34: =ROUND(C34*(D$15-D$13),7) -> 460
B35: SESI ou SESC (art. 30, Lei nº 8.036/90 e art. 1º, Lei 8.154/90) | C35: 0.015 | D35: =ROUND(C35*(D$15-D$13),7) -> 69
B36: SENAI ou SENAC (Decreto nº 2.318/86) | C36: 0.01 | D36: =ROUND(C36*(D$15-D$13),7) -> 46
B37: INCRA (art. 1º, I, Decreto Lei 1.146/70 e Lei 7.787, de 30/06/89) | C37: 0.002 | D37: =ROUND(C37*(D$15-D$13),7) -> 9.2
B38: Salário Educação (art. 3º, inciso I, Decreto nº 87.043/82) | C38: 0.025 | D38: =ROUND(C38*(D$15-D$13),2) -> 115
B39: FGTS (Lei Complementar nº 110/01 e art. 30, Lei nº 8.036/90) | C39: 0.08 | D39: =ROUND(C39*(D$15-D$13),2) -> 368
B40: Risco de Acidente do Trabalho/RAT/INSS (inciso II,B, Lei 8.212/91 e Anexo V, Decreto 6.042/08) (1) | C40: 0.03 | D40: =ROUND(C40*(D$15-D$13),2) -> 138
B41: SEBRAE (§ 3º, art. 8º, Lei 8.029/90, alterada pela Lei nº 8.154/90) | C41: 0.006 | D41: =ROUND(C41*(D$15-D$13),2) -> 27.6
B42: TOTAL : | C42: =SUM(C34:C41) -> 0.268 | D42: =ROUND(SUM(D34:D41),2) -> 1232.8
A43: 4.2 13º SALÁRIO | C43: Percentuais | D43: VALORES
B44: 13º Salário | C44: =ROUND(1/12,7) -> 0.0833333 | D44: =ROUND(C44*(D$15-D$13),2) -> 383.33
B45: Incidência do 4.1. sobre o 13º salário | C45: =ROUND(($C$42-C34)*C$44,7) -> 0.014 | D45: =ROUND(C45*(D$15-D$13),2) -> 64.4 | F45: PARÂMETROS
B47: TOTAL : | C47: =SUM(C44:C46) -> 0.0973333 | D47: =SUM(D44:D45) -> 447.73
A48: 4.3. AFASTAMENTO MATERNIDADE | C48: Percentuais | D48: VALORES
B49: Afastamento maternidade | C49: =ROUND((((1+1/3)*(G49/12)/12)*G50),7) -> 0.0003704 | D49: =ROUND(C49*(D$15-D$13),2) -> 1.7 | F49: Número de Meses de Afastamento Maternidade | G49: 4
B50: Incidência do 4.1. sobre afastamento maternidade | C50: =ROUND(C42*C49,7) -> 9.93e-05 | D50: =ROUND(C50*(D$15-D$13),2) -> 0.46 | F50: Incidência anual de ocorrência de Afastamento Maternidade | G50: 0.01
B51: TOTAL : | C51: =SUM(C49:C50) -> 0.0004697 | D51: =SUM(D49:D50) -> 2.16
A52: 4.4. PROVISÃO P\ RESCISÃO | C52: Percentuais | D52: VALORES
B53: Aviso Prévio Indenizado ( art. 7º, XXI, CF e 477, 487 e 491, CLT) (2) | C53: =ROUND(((1/12)*G53),7) -> 0.0083333 | D53: =ROUND(C53*(D$15-D$13),2) -> 38.33 | F53: % dispensa com aviso prévio indenizado | G53: 0.1
B54: Incidência de FGTS sobre o aviso prévio indenizado | C54: =ROUND(C$39*C$53,7) -> 0.0006667 | D54: =ROUND(C54*(D$15-D$13),2) -> 3.07 | F54: % dispensa com aviso prévio trabalhado | G54: 0.9
B55: Aviso Prévio Trabalhado (art. 7º, inciso XXI, CF e 477, 487 e 491, CLT) | C55: =ROUND((7/30/12*(G54)),7) -> 0.0175 | D55: =ROUND(C55*(D$15-D$13),2) -> 80.5 | F55: TOTAL | G55: =SUM(G53:G54) -> 1
B56: Incidência do 4.1. sobre o Aviso Prévio Trabalhado | C56: =ROUND(C$55*C$42,7) -> 0.00469 | D56: =ROUND(C56*(D$15-D$13),2) -> 21.57
B57: Multa do FGTS sobre os Avisos Prévios Indenizado e Trabalhado | C57: =ROUND((((1+(1/12)+(1/12)+(1/3*1/12))*0.4)*0.08)*1,7) -> 0.0382222 | D57: =ROUND(C57*(D$15-D$13),2) -> 175.82
B58: TOTAL : | C58: =SUM(C53:C57) -> 0.0694122 | D58: =SUM(D53:D57) -> 319.29
A59: 4.5. CUSTO DE REPOSIÇÃO DO PROFISSIONAL AUSENTE | C59: Percentuais | D59: VALORES
B60: Férias | C60: =VLOOKUP($A$1,Bdados!$A:$N,11,0) -> 0 | D60: =ROUND(C60*(D$15-D$13),2) -> 0
B61: Terço constitucional de férias | C61: =ROUND(1/3*1/12,7) -> 0.0277778 | D61: =ROUND(C61*(D$15-D$13),2) -> 127.78
B62: Auxílio doença | C62: =ROUND($G$62/30/12,7) -> 0.0027778 | D62: =ROUND(C62*(D$15-D$13),2) -> 12.78 | F62: Quantidade média de faltas por doença no ano por posto | G62: 1
B63: Licença paternidade | C63: =ROUND((1/30/12*$G$63)*$G$64,7) -> 0.0001389 | D63: =ROUND(C63*(D$15-D$13),2) -> 0.64 | F63: Quantidade média de dias de licença paternidade | G63: 5
B64: Faltas legais | C64: =ROUND((1/30/12)*$G$65,7) -> 0.0027778 | D64: =ROUND(C64*(D$15-D$13),2) -> 12.78 | F64: Incidência de Ocorrência de licença paternidade | G64: 0.01
B65: Acidente de Trabalho | C65: =ROUND((((1/30)/12)*$G$66)*$G$67,7) -> 0.0004167 | D65: =ROUND(C65*(D$15-D$13),2) -> 1.92 | F65: Quantidade média de ausências legais no ano por posto | G65: 1
B66: Subtotal | C66: =SUM(C60:C65) -> 0.033889 | D66: =ROUND(C66*(D$15-D$13),2) -> 155.89 | F66: Quantidade média de dias pagos em acidente de trabalho | G66: 15
B67: Incidência do 4.1. sobre o Custo da Reposição | C67: =ROUND(C66*C42,7) -> 0.0090823 | D67: =ROUND(C42*D$66,2) -> 41.78 | F67: Percentual de Incidência de Acidentes de Trabalho | G67: 0.01
B68: TOTAL : | C68: =C66+C67 -> 0.0429713 | D68: =ROUND(D66+D67,2) -> 197.67
A69: QUADRO RESUMO - MÓDULO 4 (ENCARGOS TRABALHISTAS)
A70: 4 | B70: MÓDULO 4 (ENCARGOS TRABALHISTAS)
A71: 4.1. | B71: PREVIDENCIARIO E FGTS | C71: =C42 -> 0.268 | D71: =D42 -> 1232.8
A72: 4.2. | B72: 13º SALÁRIO | C72: =C47 -> 0.0973333 | D72: =D47 -> 447.73
A73: 4.3. | B73: AFASTAMENTO MATERNIDADE | C73: =C51 -> 0.0004697 | D73: =D51 -> 2.16
A74: 4.4. | B74: PROVISÃO RESCISÃO | C74: =C58 -> 0.0694122 | D74: =D58 -> 319.29
A75: 4.5. | B75: CUSTO DE REPOSIÇÃO DO PROFISSIONAL AUSENTE | C75: =C68 -> 0.0429713 | D75: =D68 -> 197.67
B76: TOTAL : | C76: =SUM(C71:C75) -> 0.4781865 | D76: =SUM(D71:D75) -> 2199.65
B78: TOTAL1 (MÓDULOS: 1+2+3+4) | D78: =ROUND(D15+D24+D31+D76,2) -> 7976.97
A79: MÓDULO 5 - CUSTOS INDIRETOS, TRIBUTOS E LUCRO
A80: 5 | C80: Percentuais | D80: VALORES
A81: A | B81: Taxa de Administração (Custos indiretos) | C81: 0.045 | D81: =ROUND(C81*$D$78,2) -> 358.96
A82: B | B82: LUCRO | C82: 0.045 | D82: =ROUND((D$78+D$81)*C$82,2) -> 375.12
A83: C | B83: TRIBUTOS | C83: =SUM(C84:C89) -> 0.1695 | D83: =SUM(D84:D89) -> 1777.88
A84: C.1 | B84: Tributos Federais (PIS) | C84: 0.0165 | D84: =ROUND(C84*D93,2) -> 173.07
B85: Tributos Federais (COFINS) | C85: 0.076 | D85: =ROUND(C85*D93,2) -> 797.16
A86: C.2 | B86: Tributos Estaduais
A87: C.3 | B87: Tributos Municipais (ISS) | C87: 0.05 | D87: =ROUND(C87*D93,2) -> 524.45
A88: C.4 | B88: Contribuição Previdenciária sobre a Receita Bruta (CPRB) Lei nº 12.546/2011 e IN RFB 1436/2013 | C88: 0.027 | D88: =ROUND(C88*D93,2) -> 283.2
B90: VALOR TOTAL (MÓDULO 5) | C90: =SUM(C81:C83) -> 0.2595 | D90: =ROUND(SUM(D81:D83),2) -> 2511.96
A92: (categoria profissional) | C92: Quantidade | D92: VALORES
B93: 1 POSTO | C93: 1 | D93: =ROUND(($D$78+$D$81+$D$82)/(1-$C$83),2) -> 10488.92

Sheet subitem 19
A1: 1.19 | B1: PLANILHA DE ESTIMATIVA DE CUSTOS - LUCRO REAL CONFORME IN nº 02/2008, atualizada até a IN nº 05/2017
A2: CATEGORIA | B2: =VLOOKUP($A$1,Bdados!$A:$N,2,0) -> Oçamentista Gráfico
A3: Jornada de Trabalho | B3: =VLOOKUP($A$1,Bdados!$A:$N,5,0) -> 40 horas semanais
A4: CCT | B4: =VLOOKUP($A$1,Bdados!$A:$N,4,0) -> CCT DF000647_2024 SINDIGRAF/DF X STIG 2024.2025 (vigente até 1º/08/2025) | C4: DATA BASE
D5: PISO
A6: MÓDULO 1 - COMPOSIÇÃO DA REMUNERAÇÃO: | C6: Percentuais | D6: VALOR PROPOSTA
B7: Salário Base | D7: =VLOOKUP($A$1,Bdados!$A:$N,6,0) -> 4600
B8: ="Adicional de Periculosidade" & IF(D8>0," 30% sobre o salário base","") -> Adicional de Periculosidade | D8: =VLOOKUP($A$1,Bdados!$A:$N,7,0) -> 0
B9: ="Adicional Insalubridade SM" & IF(D9>0," 20% sobre o salário mínimo","") -> Adicional Insalubridade SM | D9: =VLOOKUP($A$1,Bdados!$A:$N,8,0) -> 0
B10: ="Adicional Noturno" & IF(D10>0," 20 % sobre as horas noturnas ","") -> Adicional Noturno | D10: =VLOOKUP($A$1,Bdados!$A:$N,9,0) -> 0
B11: Adicional de HE
B12: Hora Noturna Adicional
B13: Intervalo Intrajornada | D13: =VLOOKUP($A$1,Bdados!$A:$N,10,0) -> 0
B14: Outros Dif horas extras
B15: TOTAL DA REMUNERAÇÃO | D15: =ROUND(SUM(D7:D14),2) -> 4600
A16: MÓDULO 2 - BENEFÍCIOS MENSAIS E DIÁRIOS
B17: Auxilio Transporte (R$ 15,00 por dia trabalhado - 6% SB) | D17: =VLOOKUP($A$1,Bdados!$A:$N,13,0) -> 54
B18: Auxilio Alimentação (R$ 48,17 por dia trabalhado) | D18: =VLOOKUP($A$1,Bdados!$A:$N,14,0) -> 1059.74
B19: Contibuição Assistencial
B20: Auxílio Creche (10% de 20% do salário normativo) | D20: =ROUND((1667.51*20%)*10%,2) -> 33.35
B21: Auxílio Funeral (Cotação do atual contrato) | D21: 5
B22: Seguro de vida
B24: TOTAL DOS BENEFÍCIOS MENSAIS E DIÁRIOS | D24: =ROUND(SUM(D17:D23),2) -> 1152.09
A25: MÓDULO 3- INSUMOS DIVERSOS
B26: Insumos Diversos
B27: Uniformes | D27: =Bdados!P5 -> 25.23
B28: EPI'S | D28: =Bdados!O5 -> 0
B31: TOTAL DE INSUMOS DIVERSOS: | D31: =SUM(D27:D30) -> 25.23
A32: MÓDULO 4 - ENCARGOS SOCIAIS E TRABALHISTAS
A33: 4.1.PREVIDENCIARIO E FGTS | C33: Percentuais | D33: VALORES
B34: INSS (art. 22, inciso I, Lei nº 8.212/91) | C34: 0.1 | D34: =ROUND(C34*(D$15-D$13),7) -> 460
B35: SESI ou SESC (art. 30, Lei nº 8.036/90 e art. 1º, Lei 8.154/90) | C35: 0.015 | D35: =ROUND(C35*(D$15-D$13),7) -> 69
B36: SENAI ou SENAC (Decreto nº 2.318/86) | C36: 0.01 | D36: =ROUND(C36*(D$15-D$13),7) -> 46
B37: INCRA (art. 1º, I, Decreto Lei 1.146/70 e Lei 7.787, de 30/06/89) | C37: 0.002 | D37: =ROUND(C37*(D$15-D$13),7) -> 9.2
B38: Salário Educação (art. 3º, inciso I, Decreto nº 87.043/82) | C38: 0.025 | D38: =ROUND(C38*(D$15-D$13),2) -> 115
B39: FGTS (Lei Complementar nº 110/01 e art. 30, Lei nº 8.036/90) | C39: 0.08 | D39: =ROUND(C39*(D$15-D$13),2) -> 368
B40: Risco de Acidente do Trabalho/RAT/INSS (inciso II,B, Lei 8.212/91 e Anexo V, Decreto 6.042/08) (1) | C40: 0.03 | D40: =ROUND(C40*(D$15-D$13),2) -> 138
B41: SEBRAE (§ 3º, art. 8º, Lei 8.029/90, alterada pela Lei nº 8.154/90) | C41: 0.006 | D41: =ROUND(C41*(D$15-D$13),2) -> 27.6
B42: TOTAL : | C42: =SUM(C34:C41) -> 0.268 | D42: =ROUND(SUM(D34:D41),2) -> 1232.8
A43: 4.2 13º SALÁRIO | C43: Percentuais | D43: VALORES
B44: 13º Salário | C44: =ROUND(1/12,7) -> 0.0833333 | D44: =ROUND(C44*(D$15-D$13),2) -> 383.33
B45: Incidência do 4.1. sobre o 13º salário | C45: =ROUND(($C$42-C34)*C$44,7) -> 0.014 | D45: =ROUND(C45*(D$15-D$13),2) -> 64.4 | F45: PARÂMETROS
B47: TOTAL : | C47: =SUM(C44:C46) -> 0.0973333 | D47: =SUM(D44:D45) -> 447.73
A48: 4.3. AFASTAMENTO MATERNIDADE | C48: Percentuais | D48: VALORES
B49: Afastamento maternidade | C49: =ROUND((((1+1/3)*(G49/12)/12)*G50),7) -> 0.0003704 | D49: =ROUND(C49*(D$15-D$13),2) -> 1.7 | F49: Número de Meses de Afastamento Maternidade | G49: 4
B50: Incidência do 4.1. sobre afastamento maternidade | C50: =ROUND(C42*C49,7) -> 9.93e-05 | D50: =ROUND(C50*(D$15-D$13),2) -> 0.46 | F50: Incidência anual de ocorrência de Afastamento Maternidade | G50: 0.01
B51: TOTAL : | C51: =SUM(C49:C50) -> 0.0004697 | D51: =SUM(D49:D50) -> 2.16
A52: 4.4. PROVISÃO P\ RESCISÃO | C52: Percentuais | D52: VALORES
B53: Aviso Prévio Indenizado ( art. 7º, XXI, CF e 477, 487 e 491, CLT) (2) | C53: =ROUND(((1/12)*G53),7) -> 0.0083333 | D53: =ROUND(C53*(D$15-D$13),2) -> 38.33 | F53: % dispensa com aviso prévio indenizado | G53: 0.1
B54: Incidência de FGTS sobre o aviso prévio indenizado | C54: =ROUND(C$39*C$53,7) -> 0.0006667 | D54: =ROUND(C54*(D$15-D$13),2) -> 3.07 | F54: % dispensa com aviso prévio trabalhado | G54: 0.9
B55: Aviso Prévio Trabalhado (art. 7º, inciso XXI, CF e 477, 487 e 491, CLT) | C55: =ROUND((7/30/12*(G54)),7) -> 0.0175 | D55: =ROUND(C55*(D$15-D$13),2) -> 80.5 | F55: TOTAL | G55: =SUM(G53:G54) -> 1
B56: Incidência do 4.1. sobre o Aviso Prévio Trabalhado | C56: =ROUND(C$55*C$42,7) -> 0.00469 | D56: =ROUND(C56*(D$15-D$13),2) -> 21.57
B57: Multa do FGTS sobre os Avisos Prévios Indenizado e Trabalhado | C57: =ROUND((((1+(1/12)+(1/12)+(1/3*1/12))*0.4)*0.08)*1,7) -> 0.0382222 | D57: =ROUND(C57*(D$15-D$13),2) -> 175.82
B58: TOTAL : | C58: =SUM(C53:C57) -> 0.0694122 | D58: =SUM(D53:D57) -> 319.29
A59: 4.5. CUSTO DE REPOSIÇÃO DO PROFISSIONAL AUSENTE | C59: Percentuais | D59: VALORES
B60: Férias | C60: =VLOOKUP($A$1,Bdados!$A:$N,11,0) -> 0 | D60: =ROUND(C60*(D$15-D$13),2) -> 0
B61: Terço constitucional de férias | C61: =ROUND(1/3*1/12,7) -> 0.0277778 | D61: =ROUND(C61*(D$15-D$13),2) -> 127.78
B62: Auxílio doença | C62: =ROUND($G$62/30/12,7) -> 0.0027778 | D62: =ROUND(C62*(D$15-D$13),2) -> 12.78 | F62: Quantidade média de faltas por doença no ano por posto | G62: 1
B63: Licença paternidade | C63: =ROUND((1/30/12*$G$63)*$G$64,7) -> 0.0001389 | D63: =ROUND(C63*(D$15-D$13),2) -> 0.64 | F63: Quantidade média de dias de licença paternidade | G63: 5
B64: Faltas legais | C64: =ROUND((1/30/12)*$G$65,7) -> 0.0027778 | D64: =ROUND(C64*(D$15-D$13),2) -> 12.78 | F64: Incidência de Ocorrência de licença paternidade | G64: 0.01
B65: Acidente de Trabalho | C65: =ROUND((((1/30)/12)*$G$66)*$G$67,7) -> 0.0004167 | D65: =ROUND(C65*(D$15-D$13),2) -> 1.92 | F65: Quantidade média de ausências legais no ano por posto | G65: 1
B66: Subtotal | C66: =SUM(C60:C65) -> 0.033889 | D66: =ROUND(C66*(D$15-D$13),2) -> 155.89 | F66: Quantidade média de dias pagos em acidente de trabalho | G66: 15
B67: Incidência do 4.1. sobre o Custo da Reposição | C67: =ROUND(C66*C42,7) -> 0.0090823 | D67: =ROUND(C42*D$66,2) -> 41.78 | F67: Percentual de Incidência de Acidentes de Trabalho | G67: 0.01
B68: TOTAL : | C68: =C66+C67 -> 0.0429713 | D68: =ROUND(D66+D67,2) -> 197.67
A69: QUADRO RESUMO - MÓDULO 4 (ENCARGOS TRABALHISTAS)
A70: 4 | B70: MÓDULO 4 (ENCARGOS TRABALHISTAS)
A71: 4.1. | B71: PREVIDENCIARIO E FGTS | C71: =C42 -> 0.268 | D71: =D42 -> 1232.8
A72: 4.2. | B72: 13º SALÁRIO | C72: =C47 -> 0.0973333 | D72: =D47 -> 447.73
A73: 4.3. | B73: AFASTAMENTO MATERNIDADE | C73: =C51 -> 0.0004697 | D73: =D51 -> 2.16
A74: 4.4. | B74: PROVISÃO RESCISÃO | C74: =C58 -> 0.0694122 | D74: =D58 -> 319.29
A75: 4.5. | B75: CUSTO DE REPOSIÇÃO DO PROFISSIONAL AUSENTE | C75: =C68 -> 0.0429713 | D75: =D68 -> 197.67
B76: TOTAL : | C76: =SUM(C71:C75) -> 0.4781865 | D76: =SUM(D71:D75) -> 2199.65
B78: TOTAL1 (MÓDULOS: 1+2+3+4) | D78: =ROUND(D15+D24+D31+D76,2) -> 7976.97
A79: MÓDULO 5 - CUSTOS INDIRETOS, TRIBUTOS E LUCRO
A80: 5 | C80: Percentuais | D80: VALORES
A81: A | B81: Taxa de Administração (Custos indiretos) | C81: 0.045 | D81: =ROUND(C81*$D$78,2) -> 358.96
A82: B | B82: LUCRO | C82: 0.045 | D82: =ROUND((D$78+D$81)*C$82,2) -> 375.12
A83: C | B83: TRIBUTOS | C83: =SUM(C84:C89) -> 0.1695 | D83: =SUM(D84:D89) -> 1777.88
A84: C.1 | B84: Tributos Federais (PIS) | C84: 0.0165 | D84: =ROUND(C84*D93,2) -> 173.07
B85: Tributos Federais (COFINS) | C85: 0.076 | D85: =ROUND(C85*D93,2) -> 797.16
A86: C.2 | B86: Tributos Estaduais
A87: C.3 | B87: Tributos Municipais (ISS) | C87: 0.05 | D87: =ROUND(C87*D93,2) -> 524.45
A88: C.4 | B88: Contribuição Previdenciária sobre a Receita Bruta (CPRB) Lei nº 12.546/2011 e IN RFB 1436/2013 | C88: 0.027 | D88: =ROUND(C88*D93,2) -> 283.2
B90: VALOR TOTAL (MÓDULO 5) | C90: =SUM(C81:C83) -> 0.2595 | D90: =ROUND(SUM(D81:D83),2) -> 2511.96
A92: (categoria profissional) | C92: Quantidade | D92: VALORES
B93: 1 POSTO | C93: 1 | D93: =ROUND(($D$78+$D$81+$D$82)/(1-$C$83),2) -> 10488.92

Sheet subitem 20
A1: 1.20 | B1: PLANILHA DE ESTIMATIVA DE CUSTOS - LUCRO REAL CONFORME IN nº 02/2008, atualizada até a IN nº 05/2017
A2: CATEGORIA | B2: =VLOOKUP($A$1,Bdados!$A:$N,2,0) -> Preparador de Texto
A3: Jornada de Trabalho | B3: =VLOOKUP($A$1,Bdados!$A:$N,5,0) -> 40 horas semanais
A4: CCT | B4: =VLOOKUP($A$1,Bdados!$A:$N,4,0) -> CCT DF000647_2024 SINDIGRAF/DF X STIG 2024.2025 (vigente até 1º/08/2025) | C4: DATA BASE
D5: PISO
A6: MÓDULO 1 - COMPOSIÇÃO DA REMUNERAÇÃO: | C6: Percentuais | D6: VALOR PROPOSTA
B7: Salário Base | D7: =VLOOKUP($A$1,Bdados!$A:$N,6,0) -> 5500
B8: ="Adicional de Periculosidade" & IF(D8>0," 30% sobre o salário base","") -> Adicional de Periculosidade | D8: =VLOOKUP($A$1,Bdados!$A:$N,7,0) -> 0
B9: ="Adicional Insalubridade SM" & IF(D9>0," 20% sobre o salário mínimo","") -> Adicional Insalubridade SM | D9: =VLOOKUP($A$1,Bdados!$A:$N,8,0) -> 0
B10: ="Adicional Noturno" & IF(D10>0," 20 % sobre as horas noturnas ","") -> Adicional Noturno | D10: =VLOOKUP($A$1,Bdados!$A:$N,9,0) -> 0
B11: Adicional de HE
B12: Hora Noturna Adicional
B13: Intervalo Intrajornada | D13: =VLOOKUP($A$1,Bdados!$A:$N,10,0) -> 0
B14: Outros Dif horas extras
B15: TOTAL DA REMUNERAÇÃO | D15: =ROUND(SUM(D7:D14),2) -> 5500
A16: MÓDULO 2 - BENEFÍCIOS MENSAIS E DIÁRIOS
B17: Auxilio Transporte (R$ 15,00 por dia trabalhado - 6% SB) | D17: =VLOOKUP($A$1,Bdados!$A:$N,13,0) -> 0
B18: Auxilio Alimentação (R$ 48,17 por dia trabalhado) | D18: =VLOOKUP($A$1,Bdados!$A:$N,14,0) -> 1059.74
B19: Contibuição Assistencial
B20: Auxílio Creche (10% de 20% do salário normativo) | D20: =ROUND((1667.51*20%)*10%,2) -> 33.35
B21: Auxílio Funeral (Cotação do atual contrato) | D21: 5
B22: Seguro de vida
B24: TOTAL DOS BENEFÍCIOS MENSAIS E DIÁRIOS | D24: =ROUND(SUM(D17:D23),2) -> 1098.09
A25: MÓDULO 3- INSUMOS DIVERSOS
B26: Insumos Diversos
B27: Uniformes | D27: =Bdados!P5 -> 25.23
B28: EPI'S | D28: =Bdados!O5 -> 0
B31: TOTAL DE INSUMOS DIVERSOS: | D31: =SUM(D27:D30) -> 25.23
A32: MÓDULO 4 - ENCARGOS SOCIAIS E TRABALHISTAS
A33: 4.1.PREVIDENCIARIO E FGTS | C33: Percentuais | D33: VALORES
B34: INSS (art. 22, inciso I, Lei nº 8.212/91) | C34: 0.1 | D34: =ROUND(C34*(D$15-D$13),7) -> 550
B35: SESI ou SESC (art. 30, Lei nº 8.036/90 e art. 1º, Lei 8.154/90) | C35: 0.015 | D35: =ROUND(C35*(D$15-D$13),7) -> 82.5
B36: SENAI ou SENAC (Decreto nº 2.318/86) | C36: 0.01 | D36: =ROUND(C36*(D$15-D$13),7) -> 55
B37: INCRA (art. 1º, I, Decreto Lei 1.146/70 e Lei 7.787, de 30/06/89) | C37: 0.002 | D37: =ROUND(C37*(D$15-D$13),7) -> 11
B38: Salário Educação (art. 3º, inciso I, Decreto nº 87.043/82) | C38: 0.025 | D38: =ROUND(C38*(D$15-D$13),2) -> 137.5
B39: FGTS (Lei Complementar nº 110/01 e art. 30, Lei nº 8.036/90) | C39: 0.08 | D39: =ROUND(C39*(D$15-D$13),2) -> 440
B40: Risco de Acidente do Trabalho/RAT/INSS (inciso II,B, Lei 8.212/91 e Anexo V, Decreto 6.042/08) (1) | C40: 0.03 | D40: =ROUND(C40*(D$15-D$13),2) -> 165
B41: SEBRAE (§ 3º, art. 8º, Lei 8.029/90, alterada pela Lei nº 8.154/90) | C41: 0.006 | D41: =ROUND(C41*(D$15-D$13),2) -> 33
B42: TOTAL : | C42: =SUM(C34:C41) -> 0.268 | D42: =ROUND(SUM(D34:D41),2) -> 1474
A43: 4.2 13º SALÁRIO | C43: Percentuais | D43: VALORES
B44: 13º Salário | C44: =ROUND(1/12,7) -> 0.0833333 | D44: =ROUND(C44*(D$15-D$13),2) -> 458.33
B45: Incidência do 4.1. sobre o 13º salário | C45: =ROUND(($C$42-C34)*C$44,7) -> 0.014 | D45: =ROUND(C45*(D$15-D$13),2) -> 77 | F45: PARÂMETROS
B47: TOTAL : | C47: =SUM(C44:C46) -> 0.0973333 | D47: =SUM(D44:D45) -> 535.33
A48: 4.3. AFASTAMENTO MATERNIDADE | C48: Percentuais | D48: VALORES
B49: Afastamento maternidade | C49: =ROUND((((1+1/3)*(G49/12)/12)*G50),7) -> 0.0003704 | D49: =ROUND(C49*(D$15-D$13),2) -> 2.04 | F49: Número de Meses de Afastamento Maternidade | G49: 4
B50: Incidência do 4.1. sobre afastamento maternidade | C50: =ROUND(C42*C49,7) -> 9.93e-05 | D50: =ROUND(C50*(D$15-D$13),2) -> 0.55 | F50: Incidência anual de ocorrência de Afastamento Maternidade | G50: 0.01
B51: TOTAL : | C51: =SUM(C49:C50) -> 0.0004697 | D51: =SUM(D49:D50) -> 2.59
A52: 4.4. PROVISÃO P\ RESCISÃO | C52: Percentuais | D52: VALORES
B53: Aviso Prévio Indenizado ( art. 7º, XXI, CF e 477, 487 e 491, CLT) (2) | C53: =ROUND(((1/12)*G53),7) -> 0.0083333 | D53: =ROUND(C53*(D$15-D$13),2) -> 45.83 | F53: % dispensa com aviso prévio indenizado | G53: 0.1
B54: Incidência de FGTS sobre o aviso prévio indenizado | C54: =ROUND(C$39*C$53,7) -> 0.0006667 | D54: =ROUND(C54*(D$15-D$13),2) -> 3.67 | F54: % dispensa com aviso prévio trabalhado | G54: 0.9
B55: Aviso Prévio Trabalhado (art. 7º, inciso XXI, CF e 477, 487 e 491, CLT) | C55: =ROUND((7/30/12*(G54)),7) -> 0.0175 | D55: =ROUND(C55*(D$15-D$13),2) -> 96.25 | F55: TOTAL | G55: =SUM(G53:G54) -> 1
B56: Incidência do 4.1. sobre o Aviso Prévio Trabalhado | C56: =ROUND(C$55*C$42,7) -> 0.00469 | D56: =ROUND(C56*(D$15-D$13),2) -> 25.8
B57: Multa do FGTS sobre os Avisos Prévios Indenizado e Trabalhado | C57: =ROUND((((1+(1/12)+(1/12)+(1/3*1/12))*0.4)*0.08)*1,7) -> 0.0382222 | D57: =ROUND(C57*(D$15-D$13),2) -> 210.22
B58: TOTAL : | C58: =SUM(C53:C57) -> 0.0694122 | D58: =SUM(D53:D57) -> 381.77
A59: 4.5. CUSTO DE REPOSIÇÃO DO PROFISSIONAL AUSENTE | C59: Percentuais | D59: VALORES
B60: Férias | C60: =VLOOKUP($A$1,Bdados!$A:$N,11,0) -> 0 | D60: =ROUND(C60*(D$15-D$13),2) -> 0
B61: Terço constitucional de férias | C61: =ROUND(1/3*1/12,7) -> 0.0277778 | D61: =ROUND(C61*(D$15-D$13),2) -> 152.78
B62: Auxílio doença | C62: =ROUND($G$62/30/12,7) -> 0.0027778 | D62: =ROUND(C62*(D$15-D$13),2) -> 15.28 | F62: Quantidade média de faltas por doença no ano por posto | G62: 1
B63: Licença paternidade | C63: =ROUND((1/30/12*$G$63)*$G$64,7) -> 0.0001389 | D63: =ROUND(C63*(D$15-D$13),2) -> 0.76 | F63: Quantidade média de dias de licença paternidade | G63: 5
B64: Faltas legais | C64: =ROUND((1/30/12)*$G$65,7) -> 0.0027778 | D64: =ROUND(C64*(D$15-D$13),2) -> 15.28 | F64: Incidência de Ocorrência de licença paternidade | G64: 0.01
B65: Acidente de Trabalho | C65: =ROUND((((1/30)/12)*$G$66)*$G$67,7) -> 0.0004167 | D65: =ROUND(C65*(D$15-D$13),2) -> 2.29 | F65: Quantidade média de ausências legais no ano por posto | G65: 1
B66: Subtotal | C66: =SUM(C60:C65) -> 0.033889 | D66: =ROUND(C66*(D$15-D$13),2) -> 186.39 | F66: Quantidade média de dias pagos em acidente de trabalho | G66: 15
B67: Incidência do 4.1. sobre o Custo da Reposição | C67: =ROUND(C66*C42,7) -> 0.0090823 | D67: =ROUND(C42*D$66,2) -> 49.95 | F67: Percentual de Incidência de Acidentes de Trabalho | G67: 0.01
B68: TOTAL : | C68: =C66+C67 -> 0.0429713 | D68: =ROUND(D66+D67,2) -> 236.34
A69: QUADRO RESUMO - MÓDULO 4 (ENCARGOS TRABALHISTAS)
A70: 4 | B70: MÓDULO 4 (ENCARGOS TRABALHISTAS)
A71: 4.1. | B71: PREVIDENCIARIO E FGTS | C71: =C42 -> 0.268 | D71: =D42 -> 1474
A72: 4.2. | B72: 13º SALÁRIO | C72: =C47 -> 0.0973333 | D72: =D47 -> 535.33
A73: 4.3. | B73: AFASTAMENTO MATERNIDADE | C73: =C51 -> 0.0004697 | D73: =D51 -> 2.59
A74: 4.4. | B74: PROVISÃO RESCISÃO | C74: =C58 -> 0.0694122 | D74: =D58 -> 381.77
A75: 4.5. | B75: CUSTO DE REPOSIÇÃO DO PROFISSIONAL AUSENTE | C75: =C68 -> 0.0429713 | D75: =D68 -> 236.34
B76: TOTAL : | C76: =SUM(C71:C75) -> 0.4781865 | D76: =SUM(D71:D75) -> 2630.03
B78: TOTAL1 (MÓDULOS: 1+2+3+4) | D78: =ROUND(D15+D24+D31+D76,2) -> 9253.35
A79: MÓDULO 5 - CUSTOS INDIRETOS, TRIBUTOS E LUCRO
A80: 5 | C80: Percentuais | D80: VALORES
A81: A | B81: Taxa de Administração (Custos indiretos) | C81: 0.045 | D81: =ROUND(C81*$D$78,2) -> 416.4
A82: B | B82: LUCRO | C82: 0.045 | D82: =ROUND((D$78+D$81)*C$82,2) -> 435.14
A83: C | B83: TRIBUTOS | C83: =SUM(C84:C89) -> 0.1695 | D83: =SUM(D84:D89) -> 2062.35
A84: C.1 | B84: Tributos Federais (PIS) | C84: 0.0165 | D84: =ROUND(C84*D93,2) -> 200.76
B85: Tributos Federais (COFINS) | C85: 0.076 | D85: =ROUND(C85*D93,2) -> 924.71
A86: C.2 | B86: Tributos Estaduais
A87: C.3 | B87: Tributos Municipais (ISS) | C87: 0.05 | D87: =ROUND(C87*D93,2) -> 608.36
A88: C.4 | B88: Contribuição Previdenciária sobre a Receita Bruta (CPRB) Lei nº 12.546/2011 e IN RFB 1436/2013 | C88: 0.027 | D88: =ROUND(C88*D93,2) -> 328.52
B90: VALOR TOTAL (MÓDULO 5) | C90: =SUM(C81:C83) -> 0.2595 | D90: =ROUND(SUM(D81:D83),2) -> 2913.89
A92: (categoria profissional) | C92: Quantidade | D92: VALORES
B93: 1 POSTO | C93: 1 | D93: =ROUND(($D$78+$D$81+$D$82)/(1-$C$83),2) -> 12167.24

Sheet subitem 21
A1: 1.21 | B1: PLANILHA DE ESTIMATIVA DE CUSTOS - LUCRO REAL CONFORME IN nº 02/2008, atualizada até a IN nº 05/2017
A2: CATEGORIA | B2: =VLOOKUP($A$1,Bdados!$A:$N,2,0) -> Programador Industrial
A3: Jornada de Trabalho | B3: =VLOOKUP($A$1,Bdados!$A:$N,5,0) -> 40 horas semanais
A4: CCT | B4: =VLOOKUP($A$1,Bdados!$A:$N,4,0) -> CCT DF000647_2024 SINDIGRAF/DF X STIG 2024.2025 (vigente até 1º/08/2025) | C4: DATA BASE
D5: PISO
A6: MÓDULO 1 - COMPOSIÇÃO DA REMUNERAÇÃO: | C6: Percentuais | D6: VALOR PROPOSTA
B7: Salário Base | D7: =VLOOKUP($A$1,Bdados!$A:$N,6,0) -> 4500
B8: ="Adicional de Periculosidade" & IF(D8>0," 30% sobre o salário base","") -> Adicional de Periculosidade | D8: =VLOOKUP($A$1,Bdados!$A:$N,7,0) -> 0
B9: ="Adicional Insalubridade SM" & IF(D9>0," 20% sobre o salário mínimo","") -> Adicional Insalubridade SM | D9: =VLOOKUP($A$1,Bdados!$A:$N,8,0) -> 0
B10: ="Adicional Noturno" & IF(D10>0," 20 % sobre as horas noturnas ","") -> Adicional Noturno | D10: =VLOOKUP($A$1,Bdados!$A:$N,9,0) -> 0
B11: Adicional de HE
B12: Hora Noturna Adicional
B13: Intervalo Intrajornada | D13: =VLOOKUP($A$1,Bdados!$A:$N,10,0) -> 0
B14: Outros Dif horas extras
B15: TOTAL DA REMUNERAÇÃO | D15: =ROUND(SUM(D7:D14),2) -> 4500
A16: MÓDULO 2 - BENEFÍCIOS MENSAIS E DIÁRIOS
B17: Auxilio Transporte (R$ 15,00 por dia trabalhado - 6% SB) | D17: =VLOOKUP($A$1,Bdados!$A:$N,13,0) -> 60
B18: Auxilio Alimentação (R$ 48,17 por dia trabalhado) | D18: =VLOOKUP($A$1,Bdados!$A:$N,14,0) -> 1059.74
B19: Contibuição Assistencial
B20: Auxílio Creche (10% de 20% do salário normativo) | D20: =ROUND((1667.51*20%)*10%,2) -> 33.35
B21: Auxílio Funeral (Cotação do atual contrato) | D21: 5
B22: Seguro de vida
B24: TOTAL DOS BENEFÍCIOS MENSAIS E DIÁRIOS | D24: =ROUND(SUM(D17:D23),2) -> 1158.09
A25: MÓDULO 3- INSUMOS DIVERSOS
B26: Insumos Diversos
B27: Uniformes | D27: =Bdados!P5 -> 25.23
B28: EPI'S | D28: =Bdados!O5 -> 0
B31: TOTAL DE INSUMOS DIVERSOS: | D31: =SUM(D27:D30) -> 25.23
A32: MÓDULO 4 - ENCARGOS SOCIAIS E TRABALHISTAS
A33: 4.1.PREVIDENCIARIO E FGTS | C33: Percentuais | D33: VALORES
B34: INSS (art. 22, inciso I, Lei nº 8.212/91) | C34: 0.1 | D34: =ROUND(C34*(D$15-D$13),7) -> 450
B35: SESI ou SESC (art. 30, Lei nº 8.036/90 e art. 1º, Lei 8.154/90) | C35: 0.015 | D35: =ROUND(C35*(D$15-D$13),7) -> 67.5
B36: SENAI ou SENAC (Decreto nº 2.318/86) | C36: 0.01 | D36: =ROUND(C36*(D$15-D$13),7) -> 45
B37: INCRA (art. 1º, I, Decreto Lei 1.146/70 e Lei 7.787, de 30/06/89) | C37: 0.002 | D37: =ROUND(C37*(D$15-D$13),7) -> 9
B38: Salário Educação (art. 3º, inciso I, Decreto nº 87.043/82) | C38: 0.025 | D38: =ROUND(C38*(D$15-D$13),2) -> 112.5
B39: FGTS (Lei Complementar nº 110/01 e art. 30, Lei nº 8.036/90) | C39: 0.08 | D39: =ROUND(C39*(D$15-D$13),2) -> 360
B40: Risco de Acidente do Trabalho/RAT/INSS (inciso II,B, Lei 8.212/91 e Anexo V, Decreto 6.042/08) (1) | C40: 0.03 | D40: =ROUND(C40*(D$15-D$13),2) -> 135
B41: SEBRAE (§ 3º, art. 8º, Lei 8.029/90, alterada pela Lei nº 8.154/90) | C41: 0.006 | D41: =ROUND(C41*(D$15-D$13),2) -> 27
B42: TOTAL : | C42: =SUM(C34:C41) -> 0.268 | D42: =ROUND(SUM(D34:D41),2) -> 1206
A43: 4.2 13º SALÁRIO | C43: Percentuais | D43: VALORES
B44: 13º Salário | C44: =ROUND(1/12,7) -> 0.0833333 | D44: =ROUND(C44*(D$15-D$13),2) -> 375
B45: Incidência do 4.1. sobre o 13º salário | C45: =ROUND(($C$42-C34)*C$44,7) -> 0.014 | D45: =ROUND(C45*(D$15-D$13),2) -> 63 | F45: PARÂMETROS
B47: TOTAL : | C47: =SUM(C44:C46) -> 0.0973333 | D47: =SUM(D44:D45) -> 438
A48: 4.3. AFASTAMENTO MATERNIDADE | C48: Percentuais | D48: VALORES
B49: Afastamento maternidade | C49: =ROUND((((1+1/3)*(G49/12)/12)*G50),7) -> 0.0003704 | D49: =ROUND(C49*(D$15-D$13),2) -> 1.67 | F49: Número de Meses de Afastamento Maternidade | G49: 4
B50: Incidência do 4.1. sobre afastamento maternidade | C50: =ROUND(C42*C49,7) -> 9.93e-05 | D50: =ROUND(C50*(D$15-D$13),2) -> 0.45 | F50: Incidência anual de ocorrência de Afastamento Maternidade | G50: 0.01
B51: TOTAL : | C51: =SUM(C49:C50) -> 0.0004697 | D51: =SUM(D49:D50) -> 2.12
A52: 4.4. PROVISÃO P\ RESCISÃO | C52: Percentuais | D52: VALORES
B53: Aviso Prévio Indenizado ( art. 7º, XXI, CF e 477, 487 e 491, CLT) (2) | C53: =ROUND(((1/12)*G53),7) -> 0.0083333 | D53: =ROUND(C53*(D$15-D$13),2) -> 37.5 | F53: % dispensa com aviso prévio indenizado | G53: 0.1
B54: Incidência de FGTS sobre o aviso prévio indenizado | C54: =ROUND(C$39*C$53,7) -> 0.0006667 | D54: =ROUND(C54*(D$15-D$13),2) -> 3 | F54: % dispensa com aviso prévio trabalhado | G54: 0.9
B55: Aviso Prévio Trabalhado (art. 7º, inciso XXI, CF e 477, 487 e 491, CLT) | C55: =ROUND((7/30/12*(G54)),7) -> 0.0175 | D55: =ROUND(C55*(D$15-D$13),2) -> 78.75 | F55: TOTAL | G55: =SUM(G53:G54) -> 1
B56: Incidência do 4.1. sobre o Aviso Prévio Trabalhado | C56: =ROUND(C$55*C$42,7) -> 0.00469 | D56: =ROUND(C56*(D$15-D$13),2) -> 21.11
B57: Multa do FGTS sobre os Avisos Prévios Indenizado e Trabalhado | C57: =ROUND((((1+(1/12)+(1/12)+(1/3*1/12))*0.4)*0.08)*1,7) -> 0.0382222 | D57: =ROUND(C57*(D$15-D$13),2) -> 172
B58: TOTAL : | C58: =SUM(C53:C57) -> 0.0694122 | D58: =SUM(D53:D57) -> 312.36
A59: 4.5. CUSTO DE REPOSIÇÃO DO PROFISSIONAL AUSENTE | C59: Percentuais | D59: VALORES
B60: Férias | C60: =VLOOKUP($A$1,Bdados!$A:$N,11,0) -> 0 | D60: =ROUND(C60*(D$15-D$13),2) -> 0
B61: Terço constitucional de férias | C61: =ROUND(1/3*1/12,7) -> 0.0277778 | D61: =ROUND(C61*(D$15-D$13),2) -> 125
B62: Auxílio doença | C62: =ROUND($G$62/30/12,7) -> 0.0027778 | D62: =ROUND(C62*(D$15-D$13),2) -> 12.5 | F62: Quantidade média de faltas por doença no ano por posto | G62: 1
B63: Licença paternidade | C63: =ROUND((1/30/12*$G$63)*$G$64,7) -> 0.0001389 | D63: =ROUND(C63*(D$15-D$13),2) -> 0.63 | F63: Quantidade média de dias de licença paternidade | G63: 5
B64: Faltas legais | C64: =ROUND((1/30/12)*$G$65,7) -> 0.0027778 | D64: =ROUND(C64*(D$15-D$13),2) -> 12.5 | F64: Incidência de Ocorrência de licença paternidade | G64: 0.01
B65: Acidente de Trabalho | C65: =ROUND((((1/30)/12)*$G$66)*$G$67,7) -> 0.0004167 | D65: =ROUND(C65*(D$15-D$13),2) -> 1.88 | F65: Quantidade média de ausências legais no ano por posto | G65: 1
B66: Subtotal | C66: =SUM(C60:C65) -> 0.033889 | D66: =ROUND(C66*(D$15-D$13),2) -> 152.5 | F66: Quantidade média de dias pagos em acidente de trabalho | G66: 15
B67: Incidência do 4.1. sobre o Custo da Reposição | C67: =ROUND(C66*C42,7) -> 0.0090823 | D67: =ROUND(C42*D$66,2) -> 40.87 | F67: Percentual de Incidência de Acidentes de Trabalho | G67: 0.01
B68: TOTAL : | C68: =C66+C67 -> 0.0429713 | D68: =ROUND(D66+D67,2) -> 193.37
A69: QUADRO RESUMO - MÓDULO 4 (ENCARGOS TRABALHISTAS)
A70: 4 | B70: MÓDULO 4 (ENCARGOS TRABALHISTAS)
A71: 4.1. | B71: PREVIDENCIARIO E FGTS | C71: =C42 -> 0.268 | D71: =D42 -> 1206
A72: 4.2. | B72: 13º SALÁRIO | C72: =C47 -> 0.0973333 | D72: =D47 -> 438
A73: 4.3. | B73: AFASTAMENTO MATERNIDADE | C73: =C51 -> 0.0004697 | D73: =D51 -> 2.12
A74: 4.4. | B74: PROVISÃO RESCISÃO | C74: =C58 -> 0.0694122 | D74: =D58 -> 312.36
A75: 4.5. | B75: CUSTO DE REPOSIÇÃO DO PROFISSIONAL AUSENTE | C75: =C68 -> 0.0429713 | D75: =D68 -> 193.37
B76: TOTAL : | C76: =SUM(C71:C75) -> 0.4781865 | D76: =SUM(D71:D75) -> 2151.85
B78: TOTAL1 (MÓDULOS: 1+2+3+4) | D78: =ROUND(D15+D24+D31+D76,2) -> 7835.17
A79: MÓDULO 5 - CUSTOS INDIRETOS, TRIBUTOS E LUCRO
A80: 5 | C80: Percentuais | D80: VALORES
A81: A | B81: Taxa de Administração (Custos indiretos) | C81: 0.045 | D81: =ROUND(C81*$D$78,2) -> 352.58
A82: B | B82: LUCRO | C82: 0.045 | D82: =ROUND((D$78+D$81)*C$82,2) -> 368.45
A83: C | B83: TRIBUTOS | C83: =SUM(C84:C89) -> 0.1695 | D83: =SUM(D84:D89) -> 1746.27
A84: C.1 | B84: Tributos Federais (PIS) | C84: 0.0165 | D84: =ROUND(C84*D93,2) -> 169.99
B85: Tributos Federais (COFINS) | C85: 0.076 | D85: =ROUND(C85*D93,2) -> 782.99
A86: C.2 | B86: Tributos Estaduais
A87: C.3 | B87: Tributos Municipais (ISS) | C87: 0.05 | D87: =ROUND(C87*D93,2) -> 515.12
A88: C.4 | B88: Contribuição Previdenciária sobre a Receita Bruta (CPRB) Lei nº 12.546/2011 e IN RFB 1436/2013 | C88: 0.027 | D88: =ROUND(C88*D93,2) -> 278.17
B90: VALOR TOTAL (MÓDULO 5) | C90: =SUM(C81:C83) -> 0.2595 | D90: =ROUND(SUM(D81:D83),2) -> 2467.3
A92: (categoria profissional) | C92: Quantidade | D92: VALORES
B93: 1 POSTO | C93: 1 | D93: =ROUND(($D$78+$D$81+$D$82)/(1-$C$83),2) -> 10302.47

Sheet subitem 22
A1: 1.22 | B1: PLANILHA DE ESTIMATIVA DE CUSTOS - LUCRO REAL CONFORME IN nº 02/2008, atualizada até a IN nº 05/2017
A2: CATEGORIA | B2: =VLOOKUP($A$1,Bdados!$A:$N,2,0) -> Técnico em Programação Visual Gráfica
A3: Jornada de Trabalho | B3: =VLOOKUP($A$1,Bdados!$A:$N,5,0) -> 40 horas semanais
A4: CCT | B4: =VLOOKUP($A$1,Bdados!$A:$N,4,0) -> CCT DF000647_2024 SINDIGRAF/DF X STIG 2024.2025 (vigente até 1º/08/2025) | C4: DATA BASE
D5: PISO
A6: MÓDULO 1 - COMPOSIÇÃO DA REMUNERAÇÃO: | C6: Percentuais | D6: VALOR PROPOSTA
B7: Salário Base | D7: =VLOOKUP($A$1,Bdados!$A:$N,6,0) -> 5500
B8: ="Adicional de Periculosidade" & IF(D8>0," 30% sobre o salário base","") -> Adicional de Periculosidade | D8: =VLOOKUP($A$1,Bdados!$A:$N,7,0) -> 0
B9: ="Adicional Insalubridade SM" & IF(D9>0," 20% sobre o salário mínimo","") -> Adicional Insalubridade SM | D9: =VLOOKUP($A$1,Bdados!$A:$N,8,0) -> 0
B10: ="Adicional Noturno" & IF(D10>0," 20 % sobre as horas noturnas ","") -> Adicional Noturno | D10: =VLOOKUP($A$1,Bdados!$A:$N,9,0) -> 0
B11: Adicional de HE
B12: Hora Noturna Adicional
B13: Intervalo Intrajornada | D13: =VLOOKUP($A$1,Bdados!$A:$N,10,0) -> 0
B14: Outros Dif horas extras
B15: TOTAL DA REMUNERAÇÃO | D15: =ROUND(SUM(D7:D14),2) -> 5500
A16: MÓDULO 2 - BENEFÍCIOS MENSAIS E DIÁRIOS
B17: Auxilio Transporte (R$ 15,00 por dia trabalhado - 6% SB) | D17: =VLOOKUP($A$1,Bdados!$A:$N,13,0) -> 0
B18: Auxilio Alimentação (R$ 48,17 por dia trabalhado) | D18: =VLOOKUP($A$1,Bdados!$A:$N,14,0) -> 1059.74
B19: Contibuição Assistencial
B20: Auxílio Creche (10% de 20% do salário normativo) | D20: =ROUND((1667.51*20%)*10%,2) -> 33.35
B21: Auxílio Funeral (Cotação do atual contrato) | D21: 5
B22: Seguro de vida
B24: TOTAL DOS BENEFÍCIOS MENSAIS E DIÁRIOS | D24: =ROUND(SUM(D17:D23),2) -> 1098.09
A25: MÓDULO 3- INSUMOS DIVERSOS
B26: Insumos Diversos
B27: Uniformes | D27: =Bdados!P5 -> 25.23
B28: EPI'S | D28: =Bdados!O5 -> 0
B31: TOTAL DE INSUMOS DIVERSOS: | D31: =SUM(D27:D30) -> 25.23
A32: MÓDULO 4 - ENCARGOS SOCIAIS E TRABALHISTAS
A33: 4.1.PREVIDENCIARIO E FGTS | C33: Percentuais | D33: VALORES
B34: INSS (art. 22, inciso I, Lei nº 8.212/91) | C34: 0.1 | D34: =ROUND(C34*(D$15-D$13),7) -> 550
B35: SESI ou SESC (art. 30, Lei nº 8.036/90 e art. 1º, Lei 8.154/90) | C35: 0.015 | D35: =ROUND(C35*(D$15-D$13),7) -> 82.5
B36: SENAI ou SENAC (Decreto nº 2.318/86) | C36: 0.01 | D36: =ROUND(C36*(D$15-D$13),7) -> 55
B37: INCRA (art. 1º, I, Decreto Lei 1.146/70 e Lei 7.787, de 30/06/89) | C37: 0.002 | D37: =ROUND(C37*(D$15-D$13),7) -> 11
B38: Salário Educação (art. 3º, inciso I, Decreto nº 87.043/82) | C38: 0.025 | D38: =ROUND(C38*(D$15-D$13),2) -> 137.5
B39: FGTS (Lei Complementar nº 110/01 e art. 30, Lei nº 8.036/90) | C39: 0.08 | D39: =ROUND(C39*(D$15-D$13),2) -> 440
B40: Risco de Acidente do Trabalho/RAT/INSS (inciso II,B, Lei 8.212/91 e Anexo V, Decreto 6.042/08) (1) | C40: 0.03 | D40: =ROUND(C40*(D$15-D$13),2) -> 165
B41: SEBRAE (§ 3º, art. 8º, Lei 8.029/90, alterada pela Lei nº 8.154/90) | C41: 0.006 | D41: =ROUND(C41*(D$15-D$13),2) -> 33
B42: TOTAL : | C42: =SUM(C34:C41) -> 0.268 | D42: =ROUND(SUM(D34:D41),2) -> 1474
A43: 4.2 13º SALÁRIO | C43: Percentuais | D43: VALORES
B44: 13º Salário | C44: =ROUND(1/12,7) -> 0.0833333 | D44: =ROUND(C44*(D$15-D$13),2) -> 458.33
B45: Incidência do 4.1. sobre o 13º salário | C45: =ROUND(($C$42-C34)*C$44,7) -> 0.014 | D45: =ROUND(C45*(D$15-D$13),2) -> 77 | F45: PARÂMETROS
B47: TOTAL : | C47: =SUM(C44:C46) -> 0.0973333 | D47: =SUM(D44:D45) -> 535.33
A48: 4.3. AFASTAMENTO MATERNIDADE | C48: Percentuais | D48: VALORES
B49: Afastamento maternidade | C49: =ROUND((((1+1/3)*(G49/12)/12)*G50),7) -> 0.0003704 | D49: =ROUND(C49*(D$15-D$13),2) -> 2.04 | F49: Número de Meses de Afastamento Maternidade | G49: 4
B50: Incidência do 4.1. sobre afastamento maternidade | C50: =ROUND(C42*C49,7) -> 9.93e-05 | D50: =ROUND(C50*(D$15-D$13),2) -> 0.55 | F50: Incidência anual de ocorrência de Afastamento Maternidade | G50: 0.01
B51: TOTAL : | C51: =SUM(C49:C50) -> 0.0004697 | D51: =SUM(D49:D50) -> 2.59
A52: 4.4. PROVISÃO P\ RESCISÃO | C52: Percentuais | D52: VALORES
B53: Aviso Prévio Indenizado ( art. 7º, XXI, CF e 477, 487 e 491, CLT) (2) | C53: =ROUND(((1/12)*G53),7) -> 0.0083333 | D53: =ROUND(C53*(D$15-D$13),2) -> 45.83 | F53: % dispensa com aviso prévio indenizado | G53: 0.1
B54: Incidência de FGTS sobre o aviso prévio indenizado | C54: =ROUND(C$39*C$53,7) -> 0.0006667 | D54: =ROUND(C54*(D$15-D$13),2) -> 3.67 | F54: % dispensa com aviso prévio trabalhado | G54: 0.9
B55: Aviso Prévio Trabalhado (art. 7º, inciso XXI, CF e 477, 487 e 491, CLT) | C55: =ROUND((7/30/12*(G54)),7) -> 0.0175 | D55: =ROUND(C55*(D$15-D$13),2) -> 96.25 | F55: TOTAL | G55: =SUM(G53:G54) -> 1
B56: Incidência do 4.1. sobre o Aviso Prévio Trabalhado | C56: =ROUND(C$55*C$42,7) -> 0.00469 | D56: =ROUND(C56*(D$15-D$13),2) -> 25.8
B57: Multa do FGTS sobre os Avisos Prévios Indenizado e Trabalhado | C57: =ROUND((((1+(1/12)+(1/12)+(1/3*1/12))*0.4)*0.08)*1,7) -> 0.0382222 | D57: =ROUND(C57*(D$15-D$13),2) -> 210.22
B58: TOTAL : | C58: =SUM(C53:C57) -> 0.0694122 | D58: =SUM(D53:D57) -> 381.77
A59: 4.5. CUSTO DE REPOSIÇÃO DO PROFISSIONAL AUSENTE | C59: Percentuais | D59: VALORES
B60: Férias | C60: =VLOOKUP($A$1,Bdados!$A:$N,11,0) -> 0 | D60: =ROUND(C60*(D$15-D$13),2) -> 0
B61: Terço constitucional de férias | C61: =ROUND(1/3*1/12,7) -> 0.0277778 | D61: =ROUND(C61*(D$15-D$13),2) -> 152.78
B62: Auxílio doença | C62: =ROUND($G$62/30/12,7) -> 0.0027778 | D62: =ROUND(C62*(D$15-D$13),2) -> 15.28 | F62: Quantidade média de faltas por doença no ano por posto | G62: 1
B63: Licença paternidade | C63: =ROUND((1/30/12*$G$63)*$G$64,7) -> 0.0001389 | D63: =ROUND(C63*(D$15-D$13),2) -> 0.76 | F63: Quantidade média de dias de licença paternidade | G63: 5
B64: Faltas legais | C64: =ROUND((1/30/12)*$G$65,7) -> 0.0027778 | D64: =ROUND(C64*(D$15-D$13),2) -> 15.28 | F64: Incidência de Ocorrência de licença paternidade | G64: 0.01
B65: Acidente de Trabalho | C65: =ROUND((((1/30)/12)*$G$66)*$G$67,7) -> 0.0004167 | D65: =ROUND(C65*(D$15-D$13),2) -> 2.29 | F65: Quantidade média de ausências legais no ano por posto | G65: 1
B66: Subtotal | C66: =SUM(C60:C65) -> 0.033889 | D66: =ROUND(C66*(D$15-D$13),2) -> 186.39 | F66: Quantidade média de dias pagos em acidente de trabalho | G66: 15
B67: Incidência do 4.1. sobre o Custo da Reposição | C67: =ROUND(C66*C42,7) -> 0.0090823 | D67: =ROUND(C42*D$66,2) -> 49.95 | F67: Percentual de Incidência de Acidentes de Trabalho | G67: 0.01
B68: TOTAL : | C68: =C66+C67 -> 0.0429713 | D68: =ROUND(D66+D67,2) -> 236.34
A69: QUADRO RESUMO - MÓDULO 4 (ENCARGOS TRABALHISTAS)
A70: 4 | B70: MÓDULO 4 (ENCARGOS TRABALHISTAS)
A71: 4.1. | B71: PREVIDENCIARIO E FGTS | C71: =C42 -> 0.268 | D71: =D42 -> 1474
A72: 4.2. | B72: 13º SALÁRIO | C72: =C47 -> 0.0973333 | D72: =D47 -> 535.33
A73: 4.3. | B73: AFASTAMENTO MATERNIDADE | C73: =C51 -> 0.0004697 | D73: =D51 -> 2.59
A74: 4.4. | B74: PROVISÃO RESCISÃO | C74: =C58 -> 0.0694122 | D74: =D58 -> 381.77
A75: 4.5. | B75: CUSTO DE REPOSIÇÃO DO PROFISSIONAL AUSENTE | C75: =C68 -> 0.0429713 | D75: =D68 -> 236.34
B76: TOTAL : | C76: =SUM(C71:C75) -> 0.4781865 | D76: =SUM(D71:D75) -> 2630.03
B78: TOTAL1 (MÓDULOS: 1+2+3+4) | D78: =ROUND(D15+D24+D31+D76,2) -> 9253.35
A79: MÓDULO 5 - CUSTOS INDIRETOS, TRIBUTOS E LUCRO
A80: 5 | C80: Percentuais | D80: VALORES
A81: A | B81: Taxa de Administração (Custos indiretos) | C81: 0.045 | D81: =ROUND(C81*$D$78,2) -> 416.4
A82: B | B82: LUCRO | C82: 0.045 | D82: =ROUND((D$78+D$81)*C$82,2) -> 435.14
A83: C | B83: TRIBUTOS | C83: =SUM(C84:C89) -> 0.1695 | D83: =SUM(D84:D89) -> 2062.35
A84: C.1 | B84: Tributos Federais (PIS) | C84: 0.0165 | D84: =ROUND(C84*D93,2) -> 200.76
B85: Tributos Federais (COFINS) | C85: 0.076 | D85: =ROUND(C85*D93,2) -> 924.71
A86: C.2 | B86: Tributos Estaduais
A87: C.3 | B87: Tributos Municipais (ISS) | C87: 0.05 | D87: =ROUND(C87*D93,2) -> 608.36
A88: C.4 | B88: Contribuição Previdenciária sobre a Receita Bruta (CPRB) Lei nº 12.546/2011 e IN RFB 1436/2013 | C88: 0.027 | D88: =ROUND(C88*D93,2) -> 328.52
B90: VALOR TOTAL (MÓDULO 5) | C90: =SUM(C81:C83) -> 0.2595 | D90: =ROUND(SUM(D81:D83),2) -> 2913.89
A92: (categoria profissional) | C92: Quantidade | D92: VALORES
B93: 1 POSTO | C93: 1 | D93: =ROUND(($D$78+$D$81+$D$82)/(1-$C$83),2) -> 12167.24

Sheet subitem 23
A1: 1.23 | B1: PLANILHA DE ESTIMATIVA DE CUSTOS - LUCRO REAL CONFORME IN nº 02/2008, atualizada até a IN nº 05/2017
A2: CATEGORIA | B2: =VLOOKUP($A$1,Bdados!$A:$N,2,0) -> Vendedor Gráfico
A3: Jornada de Trabalho | B3: =VLOOKUP($A$1,Bdados!$A:$N,5,0) -> 40 horas semanais
A4: CCT | B4: =VLOOKUP($A$1,Bdados!$A:$N,4,0) -> CCT DF000647_2024 SINDIGRAF/DF X STIG 2024.2025 (vigente até 1º/08/2025) | C4: DATA BASE
D5: PISO
A6: MÓDULO 1 - COMPOSIÇÃO DA REMUNERAÇÃO: | C6: Percentuais | D6: VALOR PROPOSTA
B7: Salário Base | D7: =VLOOKUP($A$1,Bdados!$A:$N,6,0) -> 4200
B8: ="Adicional de Periculosidade" & IF(D8>0," 30% sobre o salário base","") -> Adicional de Periculosidade | D8: =VLOOKUP($A$1,Bdados!$A:$N,7,0) -> 0
B9: ="Adicional Insalubridade SM" & IF(D9>0," 20% sobre o salário mínimo","") -> Adicional Insalubridade SM | D9: =VLOOKUP($A$1,Bdados!$A:$N,8,0) -> 0
B10: ="Adicional Noturno" & IF(D10>0," 20 % sobre as horas noturnas ","") -> Adicional Noturno | D10: =VLOOKUP($A$1,Bdados!$A:$N,9,0) -> 0
B11: Adicional de HE
B12: Hora Noturna Adicional
B13: Intervalo Intrajornada | D13: =VLOOKUP($A$1,Bdados!$A:$N,10,0) -> 0
B14: Outros Dif horas extras
B15: TOTAL DA REMUNERAÇÃO | D15: =ROUND(SUM(D7:D14),2) -> 4200
A16: MÓDULO 2 - BENEFÍCIOS MENSAIS E DIÁRIOS
B17: Auxilio Transporte (R$ 15,00 por dia trabalhado - 6% SB) | D17: =VLOOKUP($A$1,Bdados!$A:$N,13,0) -> 78
B18: Auxilio Alimentação (R$ 48,17 por dia trabalhado) | D18: =VLOOKUP($A$1,Bdados!$A:$N,14,0) -> 1059.74
B19: Contibuição Assistencial
B20: Auxílio Creche (10% de 20% do salário normativo) | D20: =ROUND((1667.51*20%)*10%,2) -> 33.35
B21: Auxílio Funeral (Cotação do atual contrato) | D21: 5
B22: Seguro de vida
